Workbook

Sheet Доходы
B1: ОТЧЕТ ОБ ИСПОЛНЕНИИ КОНСОЛИДИРОВАННОГО БЮДЖЕТА СУБЪЕКТА РОССИЙСКОЙ ФЕДЕРАЦИИ И БЮДЖЕТА ТЕРРИТОРИАЛЬНОГО ГОСУДАРСТВЕННОГО ВНЕБЮДЖЕТНОГО ФОНДА
N2: КОДЫ
M3: Форма по ОКУД | N3: 0503317
C4: на 1 июля 2022 г. | M4: Дата | N4: 44743
A6: Наименование финансового органа | B6: Саратовская область | M6: по ОКПО
A7: Наименование бюджета | B7: 60 - Консолидированный бюджет - Саратовская область | M7: по ОКТМО | N7: 63000000
A8: Периодичность: месячная, квартальная, годовая
A9: Единица измерения: руб. | M9: по ОКЕИ | N9: 383
A12: 1. Доходы бюджета | AG12: Форма 0503317 с.2
A13: Наименование показателя | B13: Код строки | C13: Код дохода по бюджетной классификации | D13: Утвержденные бюджетные назначения | R13: Наименование показателя | S13: Код строки | T13: Код дохода по бюджетной классификации | U13: Исполнено
D14: консолидированный бюджет субъекта Российской Федерации и территориального государственного внебюджетного фонда | E14: суммы, подлежащие исключению в рамках консолидированного бюджета субъекта Российской Федерации и бюджета территориального государственного внебюджетного фонда | F14: консолидированный бюджет субъекта Российской Федерации | G14: суммы, подлежащие исключению в рамках консолидированного бюджета субъекта Российской Федерации | H14: бюджет субъекта Российской Федерации | I14: бюджеты внутригородских муниципальных образований городов федерального значения | J14: бюджеты муниципальных округов | K14: бюджеты городских округов | L14: бюджеты городских округов с внутригородским делением | M14: бюджеты внутригородских районов | N14: бюджеты муниципальных районов | O14: бюджеты городских поселений | P14: бюджеты сельских поселений | Q14: бюджет территориального государственного внебюджетного фонда | U14: консолидированный бюджет субъекта Российской Федерации и территориального государственного внебюджетного фонда | V14: суммы, подлежащие исключению в рамках консолидированного бюджета субъекта Российской Федерации и бюджета территориального государственного внебюджетного фонда | W14: консолидированный бюджет субъекта Российской Федерации | X14: суммы, подлежащие исключению в рамках консолидированного бюджета субъекта Российской Федерации | Y14: бюджет субъекта Российской Федерации | Z14: бюджеты внутр городских муниципальных образований городов федерального значения | AA14: бюджеты муниципальных округов | AB14: бюджеты городских округов | AC14: бюджеты городских округов с внутригородским делением | AD14: бюджеты внутригородских районов | AE14: бюджеты муниципальных районов | AF14: бюджеты городских поселений | AG14: бюджеты сельских поселений | AH14: бюджет территориалього государственного внебюджетного фонда
A15: 1 | B15: 2 | C15: 3 | D15: 4 | E15: 5 | F15: 6 | G15: 7 | H15: 8 | I15: 9 | J15: 10 | K15: 11 | L15: 12 | M15: 13 | N15: 14 | O15: 15 | P15: 16 | Q15: 17 | R15: 1 | S15: 2 | T15: 3 | U15: 18 | V15: 19 | W15: 20 | X15: 21 | Y15: 22 | Z15: 23 | AA15: 24 | AB15: 25 | AC15: 26 | AD15: 27 | AE15: 28 | AF15: 29 | AG15: 30 | AH15: 31
A16: Доходы бюджета - всего | B16: 010 | C16: х | D16: 2.0050762e+11 | E16: - | F16: 1.6623036e+11 | G16: 4.5343941e+10 | H16: 1.4213133e+11 | I16: - | J16: - | K16: 2.4517954e+10 | L16: - | M16: - | N16: 3.445984e+10 | O16: 6.4938724e+09 | P16: 3.9713028e+09 | Q16: 34277265100 | R16: Доходы бюджета - всего | S16: 010 | T16: х | U16: 1.0091041e+11 | V16: 99868100 | W16: 8.1874205e+10 | X16: 2.0576835e+10 | Y16: 7.1846633e+10 | Z16: - | AA16: - | AB16: 1.0733214e+10 | AC16: - | AD16: - | AE16: 1.6159908e+10 | AF16: 2.3476847e+09 | AG16: 1.3636004e+09 | AH16: 1.913607e+10
A17: в том числе: | R17: в том числе:
A18: НАЛОГОВЫЕ И НЕНАЛОГОВЫЕ ДОХОДЫ | B18: 010 | C18: 000 1000000000 0000 000 | D18: 1.0487973e+11 | E18: - | F18: 1.0472664e+11 | G18: 656978.02 | H18: 8.0796503e+10 | I18: - | J18: - | K18: 1.0374969e+10 | L18: - | M18: - | N18: 8.7513259e+09 | O18: 3.1861108e+09 | P18: 1.6183916e+09 | Q18: 153086700 | R18: НАЛОГОВЫЕ И НЕНАЛОГОВЫЕ ДОХОДЫ | S18: 010 | T18: 000 1000000000 0000 000 | U18: 5.8740974e+10 | V18: - | W18: 5.8640319e+10 | X18: 149198.36 | Y18: 4.8767181e+10 | Z18: - | AA18: - | AB18: 4.1110016e+09 | AC18: - | AD18: - | AE18: 3.7498135e+09 | AF18: 1.2580516e+09 | AG18: 7.5442057e+08 | AH18: 1.0065408e+08
A19: НАЛОГИ НА ПРИБЫЛЬ, ДОХОДЫ | B19: 010 | C19: 000 1010000000 0000 000 | D19: 6.473079e+10 | E19: - | F19: 6.473079e+10 | G19: - | H19: 5.2346967e+10 | I19: - | J19: - | K19: 6.4788762e+09 | L19: - | M19: - | N19: 4.4174663e+09 | O19: 1.236661e+09 | P19: 2.5081884e+08 | Q19: - | R19: НАЛОГИ НА ПРИБЫЛЬ, ДОХОДЫ | S19: 010 | T19: 000 1010000000 0000 000 | U19: 3.8305985e+10 | V19: - | W19: 3.8305985e+10 | X19: - | Y19: 3.2668373e+10 | Z19: - | AA19: - | AB19: 2.8798216e+09 | AC19: - | AD19: - | AE19: 2.06328e+09 | AF19: 5.740973e+08 | AG19: 1.2041351e+08 | AH19: -
A20: Налог на прибыль организаций | B20: 010 | C20: 000 1010100000 0000 110 | D20: 23477597100 | E20: - | F20: 23477597100 | G20: - | H20: 23477597100 | I20: - | J20: - | K20: - | L20: - | M20: - | N20: - | O20: - | P20: - | Q20: - | R20: Налог на прибыль организаций | S20: 010 | T20: 000 1010100000 0000 110 | U20: 1.9492014e+10 | V20: - | W20: 1.9492014e+10 | X20: - | Y20: 1.9492014e+10 | Z20: - | AA20: - | AB20: - | AC20: - | AD20: - | AE20: - | AF20: - | AG20: - | AH20: -
A21: Налог на прибыль организаций, зачисляемый в бюджеты бюджетной системы Российской Федерации по соответствующим ставкам | B21: 010 | C21: 000 1010101000 0000 110 | D21: 23477597100 | E21: - | F21: 23477597100 | G21: - | H21: 23477597100 | I21: - | J21: - | K21: - | L21: - | M21: - | N21: - | O21: - | P21: - | Q21: - | R21: Налог на прибыль организаций, зачисляемый в бюджеты бюджетной системы Российской Федерации по соответствующим ставкам | S21: 010 | T21: 000 1010101000 0000 110 | U21: 1.9492014e+10 | V21: - | W21: 1.9492014e+10 | X21: - | Y21: 1.9492014e+10 | Z21: - | AA21: - | AB21: - | AC21: - | AD21: - | AE21: - | AF21: - | AG21: - | AH21: -
A22: Налог на прибыль организаций (за исключением консолидированных групп налогоплательщиков), зачисляемый в бюджеты субъектов Российской Федерации | B22: 010 | C22: 000 1010101202 0000 110 | D22: 19139110800 | E22: - | F22: 19139110800 | G22: - | H22: 19139110800 | I22: - | J22: - | K22: - | L22: - | M22: - | N22: - | O22: - | P22: - | Q22: - | R22: Налог на прибыль организаций (за исключением консолидированных групп налогоплательщиков), зачисляемый в бюджеты субъектов Российской Федерации | S22: 010 | T22: 000 1010101202 0000 110 | U22: 1.1078855e+10 | V22: - | W22: 1.1078855e+10 | X22: - | Y22: 1.1078855e+10 | Z22: - | AA22: - | AB22: - | AC22: - | AD22: - | AE22: - | AF22: - | AG22: - | AH22: -
A23: Налог на прибыль организаций консолидированных групп налогоплательщиков, зачисляемый в бюджеты субъектов Российской Федерации | B23: 010 | C23: 000 1010101402 0000 110 | D23: 4338486300 | E23: - | F23: 4338486300 | G23: - | H23: 4338486300 | I23: - | J23: - | K23: - | L23: - | M23: - | N23: - | O23: - | P23: - | Q23: - | R23: Налог на прибыль организаций консолидированных групп налогоплательщиков, зачисляемый в бюджеты субъектов Российской Федерации | S23: 010 | T23: 000 1010101402 0000 110 | U23: 8.4131589e+09 | V23: - | W23: 8.4131589e+09 | X23: - | Y23: 8.4131589e+09 | Z23: - | AA23: - | AB23: - | AC23: - | AD23: - | AE23: - | AF23: - | AG23: - | AH23: -
A24: Налог на доходы физических лиц | B24: 010 | C24: 000 1010200001 0000 110 | D24: 4.1253193e+10 | E24: - | F24: 4.1253193e+10 | G24: - | H24: 2.886937e+10 | I24: - | J24: - | K24: 6.4788762e+09 | L24: - | M24: - | N24: 4.4174663e+09 | O24: 1.236661e+09 | P24: 2.5081884e+08 | Q24: - | R24: Налог на доходы физических лиц | S24: 010 | T24: 000 1010200001 0000 110 | U24: 1.8813971e+10 | V24: - | W24: 1.8813971e+10 | X24: - | Y24: 1.3176359e+10 | Z24: - | AA24: - | AB24: 2.8798216e+09 | AC24: - | AD24: - | AE24: 2.06328e+09 | AF24: 5.740973e+08 | AG24: 1.2041351e+08 | AH24: -
A25: Налог на доходы физических лиц с доходов, источником которых является налоговый агент, за исключением доходов, в отношении которых исчисление и уплата налога осуществляются в соответствии со статьями 227, 227.1 и 228 Налогового кодекса Российской Федерации | B25: 010 | C25: 000 1010201001 0000 110 | D25: 4.0351264e+10 | E25: - | F25: 4.0351264e+10 | G25: - | H25: 2.8443803e+10 | I25: - | J25: - | K25: 6.2483704e+09 | L25: - | M25: - | N25: 4.2335063e+09 | O25: 1.1796486e+09 | P25: 2.4593546e+08 | Q25: - | R25: Налог на доходы физических лиц с доходов, источником которых является налоговый агент, за исключением доходов, в отношении которых исчисление и уплата налога осуществляются в соответствии со статьями 227, 227.1 и 228 Налогового кодекса Российской Федерации | S25: 010 | T25: 000 1010201001 0000 110 | U25: 1.7408502e+10 | V25: - | W25: 1.7408502e+10 | X25: - | Y25: 1.2180621e+10 | Z25: - | AA25: - | AB25: 2.6286698e+09 | AC25: - | AD25: - | AE25: 1.9422068e+09 | AF25: 5.4409367e+08 | AG25: 1.1291081e+08 | AH25: -
A26: Налог на доходы физических лиц с доходов, полученных от осуществления деятельности физическими лицами, зарегистрированными в качестве индивидуальных предпринимателей, нотариусов, занимающихся частной практикой, адвокатов, учредивших адвокатские кабинеты, и других лиц, занимающихся частной практикой в соответствии со статьей 227 Налогового кодекса Российской Федерации | B26: 010 | C26: 000 1010202001 0000 110 | D26: 5.3763338e+08 | E26: - | F26: 5.3763338e+08 | G26: - | H26: 420188800 | I26: - | J26: - | K26: 58535536 | L26: - | M26: - | N26: 39060888 | O26: 19210639 | P26: 637512.32 | Q26: - | R26: Налог на доходы физических лиц с доходов, полученных от осуществления деятельности физическими лицами, зарегистрированными в качестве индивидуальных предпринимателей, нотариусов, занимающихся частной практикой, адвокатов, учредивших адвокатские кабинеты, и других лиц, занимающихся частной практикой в соответствии со статьей 227 Налогового кодекса Российской Федерации | S26: 010 | T26: 000 1010202001 0000 110 | U26: 1.1257066e+08 | V26: - | W26: 1.1257066e+08 | X26: - | Y26: 77893776 | Z26: - | AA26: - | AB26: 13842866 | AC26: - | AD26: - | AE26: 15361589 | AF26: 5061130.5 | AG26: 411294.67 | AH26: -
A27: Налог на доходы физических лиц с доходов, полученных физическими лицами в соответствии со статьей 228 Налогового кодекса Российской Федерации | B27: 010 | C27: 000 1010203001 0000 110 | D27: 73779231 | E27: - | F27: 73779231 | G27: - | H27: 5378600 | I27: - | J27: - | K27: 463571.45 | L27: - | M27: - | N27: 47396403 | O27: 19758576 | P27: 782079.78 | Q27: - | R27: Налог на доходы физических лиц с доходов, полученных физическими лицами в соответствии со статьей 228 Налогового кодекса Российской Федерации | S27: 010 | T27: 000 1010203001 0000 110 | U27: 2.9099548e+08 | V27: - | W27: 2.9099548e+08 | X27: - | Y27: 2.0408072e+08 | Z27: - | AA27: - | AB27: 45653048 | AC27: - | AD27: - | AE27: 30114310 | AF27: 9994598.1 | AG27: 1152806.8 | AH27: -
A28: Налог на доходы физических лиц в виде фиксированных авансовых платежей с доходов, полученных физическими лицами, являющимися иностранными гражданами, осуществляющими трудовую деятельность по найму на основании патента в соответствии со статьей 227.1 Налогового кодекса Российской Федерации | B28: 010 | C28: 000 1010204001 0000 110 | D28: 19121659 | E28: - | F28: 19121659 | G28: - | H28: - | I28: - | J28: - | K28: - | L28: - | M28: - | N28: 19121659 | O28: - | P28: - | Q28: - | R28: Налог на доходы физических лиц в виде фиксированных авансовых платежей с доходов, полученных физическими лицами, являющимися иностранными гражданами, осуществляющими трудовую деятельность по найму на основании патента в соответствии со статьей 227.1 Налогового кодекса Российской Федерации | S28: 010 | T28: 000 1010204001 0000 110 | U28: 1.2936644e+08 | V28: - | W28: 1.2936644e+08 | X28: - | Y28: 1.0920153e+08 | Z28: - | AA28: - | AB28: 7452244.9 | AC28: - | AD28: - | AE28: 12712670 | AF28: - | AG28: - | AH28: -
A29: Налог на доходы физических лиц в части суммы налога, превышающей 650 000 рублей, относящейся к части налоговой базы, превышающей 5 000 000 рублей (за исключением налога на доходы физических лиц с сумм прибыли контролируемой иностранной компании, в том числе фиксированной прибыли контролируемой иностранной компании) | B29: 010 | C29: 000 1010208001 0000 110 | D29: 2.7139479e+08 | E29: - | F29: 2.7139479e+08 | G29: - | H29: - | I29: - | J29: - | K29: 1.7150676e+08 | L29: - | M29: - | N29: 78381009 | O29: 18043229 | P29: 3463788.1 | Q29: - | R29: Налог на доходы физических лиц в части суммы налога, превышающей 650 000 рублей, относящейся к части налоговой базы, превышающей 5 000 000 рублей (за исключением налога на доходы физических лиц с сумм прибыли контролируемой иностранной компании, в том числе фиксированной прибыли контролируемой иностранной компании) | S29: 010 | T29: 000 1010208001 0000 110 | U29: 8.7253055e+08 | V29: - | W29: 8.7253055e+08 | X29: - | Y29: 6.0455746e+08 | Z29: - | AA29: - | AB29: 1.84202e+08 | AC29: - | AD29: - | AE29: 62884584 | AF29: 14947901 | AG29: 5938601.3 | AH29: -
A30: Налог на доходы физических лиц с сумм прибыли контролируемой иностранной компании, полученной физическими лицами, признаваемыми контролирующими лицами этой компании, за исключением уплачиваемого в связи с переходом на особый порядок уплаты на основании подачи в налоговый орган соответствующего уведомления (в части суммы налога, превышающей 650 000 рублей) | B30: 010 | C30: 000 1010210001 0000 110 | D30: - | E30: - | F30: - | G30: - | H30: - | I30: - | J30: - | K30: - | L30: - | M30: - | N30: - | O30: - | P30: - | Q30: - | R30: Налог на доходы физических лиц с сумм прибыли контролируемой иностранной компании, полученной физическими лицами, признаваемыми контролирующими лицами этой компании, за исключением уплачиваемого в связи с переходом на особый порядок уплаты на основании подачи в налоговый орган соответствующего уведомления (в части суммы налога, превышающей 650 000 рублей) | S30: 010 | T30: 000 1010210001 0000 110 | U30: 5779.41 | V30: - | W30: 5779.41 | X30: - | Y30: 4131.95 | Z30: - | AA30: - | AB30: 1647.46 | AC30: - | AD30: - | AE30: - | AF30: - | AG30: - | AH30: -
A31: НАЛОГИ НА ТОВАРЫ (РАБОТЫ, УСЛУГИ), РЕАЛИЗУЕМЫЕ НА ТЕРРИТОРИИ РОССИЙСКОЙ ФЕДЕРАЦИИ | B31: 010 | C31: 000 1030000000 0000 000 | D31: 1.2663734e+10 | E31: - | F31: 1.2663734e+10 | G31: - | H31: 11621013000 | I31: - | J31: - | K31: 90805444 | L31: - | M31: - | N31: 2.7272032e+08 | O31: 2.0820839e+08 | P31: 4.7098649e+08 | Q31: - | R31: НАЛОГИ НА ТОВАРЫ (РАБОТЫ, УСЛУГИ), РЕАЛИЗУЕМЫЕ НА ТЕРРИТОРИИ РОССИЙСКОЙ ФЕДЕРАЦИИ | S31: 010 | T31: 000 1030000000 0000 000 | U31: 6.7917416e+09 | V31: - | W31: 6.7917416e+09 | X31: - | Y31: 6.208928e+09 | Z31: - | AA31: - | AB31: 49391510 | AC31: - | AD31: - | AE31: 1.5519938e+08 | AF31: 1.1559914e+08 | AG31: 2.6262358e+08 | AH31: -
A32: Акцизы по подакцизным товарам (продукции), производимым на территории Российской Федерации | B32: 010 | C32: 000 1030200001 0000 110 | D32: 1.2663734e+10 | E32: - | F32: 1.2663734e+10 | G32: - | H32: 11621013000 | I32: - | J32: - | K32: 90805444 | L32: - | M32: - | N32: 2.7272032e+08 | O32: 2.0820839e+08 | P32: 4.7098649e+08 | Q32: - | R32: Акцизы по подакцизным товарам (продукции), производимым на территории Российской Федерации | S32: 010 | T32: 000 1030200001 0000 110 | U32: 6.7917416e+09 | V32: - | W32: 6.7917416e+09 | X32: - | Y32: 6.208928e+09 | Z32: - | AA32: - | AB32: 49391510 | AC32: - | AD32: - | AE32: 1.5519938e+08 | AF32: 1.1559914e+08 | AG32: 2.6262358e+08 | AH32: -
A33: Акцизы на пиво, напитки, изготавливаемые на основе пива, производимые на территории Российской Федерации | B33: 010 | C33: 000 1030210001 0000 110 | D33: 623520000 | E33: - | F33: 623520000 | G33: - | H33: 623520000 | I33: - | J33: - | K33: - | L33: - | M33: - | N33: - | O33: - | P33: - | Q33: - | R33: Акцизы на пиво, напитки, изготавливаемые на основе пива, производимые на территории Российской Федерации | S33: 010 | T33: 000 1030210001 0000 110 | U33: 2.0816212e+08 | V33: - | W33: 2.0816212e+08 | X33: - | Y33: 2.0816212e+08 | Z33: - | AA33: - | AB33: - | AC33: - | AD33: - | AE33: - | AF33: - | AG33: - | AH33: -
A34: Акцизы на сидр, пуаре, медовуху, производимые на территории Российской Федерации | B34: 010 | C34: 000 1030212001 0000 110 | D34: - | E34: - | F34: - | G34: - | H34: - | I34: - | J34: - | K34: - | L34: - | M34: - | N34: - | O34: - | P34: - | Q34: - | R34: Акцизы на сидр, пуаре, медовуху, производимые на территории Российской Федерации | S34: 010 | T34: 000 1030212001 0000 110 | U34: 268918.93 | V34: - | W34: 268918.93 | X34: - | Y34: 268918.93 | Z34: - | AA34: - | AB34: - | AC34: - | AD34: - | AE34: - | AF34: - | AG34: - | AH34: -
A35: Доходы от уплаты акцизов на алкогольную продукцию с объемной долей этилового спирта свыше 9 процентов (за исключением пива, вин (кроме крепленого (ликерного) вина), вин наливом, плодовой алкогольной продукции, игристых вин, включая российское шампанское, а также за исключением виноградосодержащих напитков, плодовых алкогольных напитков, изготавливаемых без добавления ректификованного этилового спирта, произведенного из пищевого сырья, и (или) без добавления спиртованных виноградного или иного плодового сусла, и (или) без добавления дистиллятов, и (или) без добавления крепленого (ликерного) вина), подлежащие распределению в бюджеты субъектов Российской Федерации | B35: 010 | C35: 000 1030214001 0000 110 | D35: 1687568300 | E35: - | F35: 1687568300 | G35: - | H35: 1687568300 | I35: - | J35: - | K35: - | L35: - | M35: - | N35: - | O35: - | P35: - | Q35: - | R35: Доходы от уплаты акцизов на алкогольную продукцию с объемной долей этилового спирта свыше 9 процентов (за исключением пива, вин (кроме крепленого (ликерного) вина), вин наливом, плодовой алкогольной продукции, игристых вин, включая российское шампанское, а также за исключением виноградосодержащих напитков, плодовых алкогольных напитков, изготавливаемых без добавления ректификованного этилового спирта, произведенного из пищевого сырья, и (или) без добавления спиртованных виноградного или иного плодового сусла, и (или) без добавления дистиллятов, и (или) без добавления крепленого (ликерного) вина), подлежащие распределению в бюджеты субъектов Российской Федерации | S35: 010 | T35: 000 1030214001 0000 110 | U35: 8.4145706e+08 | V35: - | W35: 8.4145706e+08 | X35: - | Y35: 8.4145706e+08 | Z35: - | AA35: - | AB35: - | AC35: - | AD35: - | AE35: - | AF35: - | AG35: - | AH35: -
A36: Доходы от уплаты акцизов на алкогольную продукцию с объемной долей этилового спирта свыше 9 процентов (за исключением пива, вин (кроме крепленого (ликерного) вина), вин наливом, плодовой алкогольной продукции, игристых вин, включая российское шампанское, а также за исключением виноградосодержащих напитков, плодовых алкогольных напитков, изготавливаемых без добавления ректификованного этилового спирта, произведенного из пищевого сырья, и (или) без добавления спиртованных виноградного или иного плодового сусла, и (или) без добавления дистиллятов, и (или) без добавления крепленого (ликерного) вина), подлежащие распределению в бюджеты субъектов Российской Федерации (в порядке, установленном Министерством финансов Российской Федерации) | B36: 010 | C36: 000 1030214201 0000 110 | D36: 957540800 | E36: - | F36: 957540800 | G36: - | H36: 957540800 | I36: - | J36: - | K36: - | L36: - | M36: - | N36: - | O36: - | P36: - | Q36: - | R36: Доходы от уплаты акцизов на алкогольную продукцию с объемной долей этилового спирта свыше 9 процентов (за исключением пива, вин (кроме крепленого (ликерного) вина), вин наливом, плодовой алкогольной продукции, игристых вин, включая российское шампанское, а также за исключением виноградосодержащих напитков, плодовых алкогольных напитков, изготавливаемых без добавления ректификованного этилового спирта, произведенного из пищевого сырья, и (или) без добавления спиртованных виноградного или иного плодового сусла, и (или) без добавления дистиллятов, и (или) без добавления крепленого (ликерного) вина), подлежащие распределению в бюджеты субъектов Российской Федерации (в порядке, установленном Министерством финансов Российской Федерации) | S36: 010 | T36: 000 1030214201 0000 110 | U36: 4.8905552e+08 | V36: - | W36: 4.8905552e+08 | X36: - | Y36: 4.8905552e+08 | Z36: - | AA36: - | AB36: - | AC36: - | AD36: - | AE36: - | AF36: - | AG36: - | AH36: -
A37: Доходы от уплаты акцизов на алкогольную продукцию с объемной долей этилового спирта свыше 9 процентов (за исключением пива, вин (кроме крепленого (ликерного) вина), вин наливом, плодовой алкогольной продукции, игристых вин, включая российское шампанское, а также за исключением виноградосодержащих напитков, плодовых алкогольных напитков, изготавливаемых без добавления ректификованного этилового спирта, произведенного из пищевого сырья, и (или) без добавления спиртованных виноградного или иного плодового сусла, и (или) без добавления дистиллятов, и (или) без добавления крепленого (ликерного) вина), подлежащие распределению в бюджеты субъектов Российской Федерации (по нормативам, установленным федеральным законом о федеральном бюджете в целях компенсации снижения доходов бюджетов субъектов Российской Федерации в связи с исключением движимого имущества из объектов налогообложения по налогу на имущество организаций) | B37: 010 | C37: 000 1030214301 0000 110 | D37: 730027500 | E37: - | F37: 730027500 | G37: - | H37: 730027500 | I37: - | J37: - | K37: - | L37: - | M37: - | N37: - | O37: - | P37: - | Q37: - | R37: Доходы от уплаты акцизов на алкогольную продукцию с объемной долей этилового спирта свыше 9 процентов (за исключением пива, вин (кроме крепленого (ликерного) вина), вин наливом, плодовой алкогольной продукции, игристых вин, включая российское шампанское, а также за исключением виноградосодержащих напитков, плодовых алкогольных напитков, изготавливаемых без добавления ректификованного этилового спирта, произведенного из пищевого сырья, и (или) без добавления спиртованных виноградного или иного плодового сусла, и (или) без добавления дистиллятов, и (или) без добавления крепленого (ликерного) вина), подлежащие распределению в бюджеты субъектов Российской Федерации (по нормативам, установленным федеральным законом о федеральном бюджете в целях компенсации снижения доходов бюджетов субъектов Российской Федерации в связи с исключением движимого имущества из объектов налогообложения по налогу на имущество организаций) | S37: 010 | T37: 000 1030214301 0000 110 | U37: 3.5240153e+08 | V37: - | W37: 3.5240153e+08 | X37: - | Y37: 3.5240153e+08 | Z37: - | AA37: - | AB37: - | AC37: - | AD37: - | AE37: - | AF37: - | AG37: - | AH37: -
A38: Доходы от уплаты акцизов на этиловый спирт из пищевого сырья, винный спирт, виноградный спирт (за исключением дистиллятов винного, виноградного, плодового, коньячного, кальвадосного, вискового), производимый на территории Российской Федерации, направляемые в уполномоченный территориальный орган Федерального казначейства для распределения между бюджетами субъектов Российской Федерации (по нормативам, установленным федеральным законом о федеральном бюджете) | B38: 010 | C38: 000 1030219001 0000 110 | D38: 3337900 | E38: - | F38: 3337900 | G38: - | H38: 3337900 | I38: - | J38: - | K38: - | L38: - | M38: - | N38: - | O38: - | P38: - | Q38: - | R38: Доходы от уплаты акцизов на этиловый спирт из пищевого сырья, винный спирт, виноградный спирт (за исключением дистиллятов винного, виноградного, плодового, коньячного, кальвадосного, вискового), производимый на территории Российской Федерации, направляемые в уполномоченный территориальный орган Федерального казначейства для распределения между бюджетами субъектов Российской Федерации (по нормативам, установленным федеральным законом о федеральном бюджете) | S38: 010 | T38: 000 1030219001 0000 110 | U38: 1194846.4 | V38: - | W38: 1194846.4 | X38: - | Y38: 1194846.4 | Z38: - | AA38: - | AB38: - | AC38: - | AD38: - | AE38: - | AF38: - | AG38: - | AH38: -
A39: Доходы от уплаты акцизов на этиловый спирт из пищевого сырья (дистилляты винный, виноградный, плодовый, коньячный, кальвадосный, висковый), производимый на территории Российской Федерации, направляемые в уполномоченный территориальный орган Федерального казначейства для распределения между бюджетами субъектов Российской Федерации (по нормативам, установленным федеральным законом о федеральном бюджете) | B39: 010 | C39: 000 1030220001 0000 110 | D39: - | E39: - | F39: - | G39: - | H39: - | I39: - | J39: - | K39: - | L39: - | M39: - | N39: - | O39: - | P39: - | Q39: - | R39: Доходы от уплаты акцизов на этиловый спирт из пищевого сырья (дистилляты винный, виноградный, плодовый, коньячный, кальвадосный, висковый), производимый на территории Российской Федерации, направляемые в уполномоченный территориальный орган Федерального казначейства для распределения между бюджетами субъектов Российской Федерации (по нормативам, установленным федеральным законом о федеральном бюджете) | S39: 010 | T39: 000 1030220001 0000 110 | U39: -4406.84 | V39: - | W39: -4406.84 | X39: - | Y39: -4406.84 | Z39: - | AA39: - | AB39: - | AC39: - | AD39: - | AE39: - | AF39: - | AG39: - | AH39: -
A40: Доходы от уплаты акцизов на спиртосодержащую продукцию, производимую на территории Российской Федерации, направляемые в уполномоченный территориальный орган Федерального казначейства для распределения между бюджетами субъектов Российской Федерации (по нормативам, установленным федеральным законом о федеральном бюджете) | B40: 010 | C40: 000 1030221001 0000 110 | D40: 161400 | E40: - | F40: 161400 | G40: - | H40: 161400 | I40: - | J40: - | K40: - | L40: - | M40: - | N40: - | O40: - | P40: - | Q40: - | R40: Доходы от уплаты акцизов на спиртосодержащую продукцию, производимую на территории Российской Федерации, направляемые в уполномоченный территориальный орган Федерального казначейства для распределения между бюджетами субъектов Российской Федерации (по нормативам, установленным федеральным законом о федеральном бюджете) | S40: 010 | T40: 000 1030221001 0000 110 | U40: 110386.77 | V40: - | W40: 110386.77 | X40: - | Y40: 110386.77 | Z40: - | AA40: - | AB40: - | AC40: - | AD40: - | AE40: - | AF40: - | AG40: - | AH40: -
A41: Доходы от уплаты акцизов на этиловый спирт из непищевого сырья, производимый на территории Российской Федерации, направляемые в уполномоченный территориальный орган Федерального казначейства для распределения между бюджетами субъектов Российской Федерации (по нормативам, установленным федеральным законом о федеральном бюджете) | B41: 010 | C41: 000 1030222001 0000 110 | D41: 1486700 | E41: - | F41: 1486700 | G41: - | H41: 1486700 | I41: - | J41: - | K41: - | L41: - | M41: - | N41: - | O41: - | P41: - | Q41: - | R41: Доходы от уплаты акцизов на этиловый спирт из непищевого сырья, производимый на территории Российской Федерации, направляемые в уполномоченный территориальный орган Федерального казначейства для распределения между бюджетами субъектов Российской Федерации (по нормативам, установленным федеральным законом о федеральном бюджете) | S41: 010 | T41: 000 1030222001 0000 110 | U41: 614399.73 | V41: - | W41: 614399.73 | X41: - | Y41: 614399.73 | Z41: - | AA41: - | AB41: - | AC41: - | AD41: - | AE41: - | AF41: - | AG41: - | AH41: -
A42: Доходы от уплаты акцизов на дизельное топливо, подлежащие распределению между бюджетами субъектов Российской Федерации и местными бюджетами с учетом установленных дифференцированных нормативов отчислений в местные бюджеты | B42: 010 | C42: 000 1030223001 0000 110 | D42: 4.7515297e+09 | E42: - | F42: 4.7515297e+09 | G42: - | H42: 4277653700 | I42: - | J42: - | K42: 41132950 | L42: - | M42: - | N42: 1.2573684e+08 | O42: 94774393 | P42: 2.1223183e+08 | Q42: - | R42: Доходы от уплаты акцизов на дизельное топливо, подлежащие распределению между бюджетами субъектов Российской Федерации и местными бюджетами с учетом установленных дифференцированных нормативов отчислений в местные бюджеты | S42: 010 | T42: 000 1030223001 0000 110 | U42: 2.7901368e+09 | V42: - | W42: 2.7901368e+09 | X42: - | Y42: 2.5032633e+09 | Z42: - | AA42: - | AB42: 24311571 | AC42: - | AD42: - | AE42: 76392493 | AF42: 56900397 | AG42: 1.2926901e+08 | AH42: -
A43: Доходы от уплаты акцизов на дизельное топливо, подлежащие распределению между бюджетами субъектов Российской Федерации и местными бюджетами с учетом установленных дифференцированных нормативов отчислений в местные бюджеты (по нормативам, установленным федеральным законом о федеральном бюджете в целях формирования дорожных фондов субъектов Российской Федерации) | B43: 010 | C43: 000 1030223101 0000 110 | D43: 3.2535934e+09 | E43: - | F43: 3.2535934e+09 | G43: - | H43: 2779717400 | I43: - | J43: - | K43: 41132950 | L43: - | M43: - | N43: 1.2573684e+08 | O43: 94774393 | P43: 2.1223183e+08 | Q43: - | R43: Доходы от уплаты акцизов на дизельное топливо, подлежащие распределению между бюджетами субъектов Российской Федерации и местными бюджетами с учетом установленных дифференцированных нормативов отчислений в местные бюджеты (по нормативам, установленным федеральным законом о федеральном бюджете в целях формирования дорожных фондов субъектов Российской Федерации) | S43: 010 | T43: 000 1030223101 0000 110 | U43: 1.9124898e+09 | V43: - | W43: 1.9124898e+09 | X43: - | Y43: 1.6256163e+09 | Z43: - | AA43: - | AB43: 24311571 | AC43: - | AD43: - | AE43: 76392493 | AF43: 56900397 | AG43: 1.2926901e+08 | AH43: -
A44: Доходы от уплаты акцизов на дизельное топливо, подлежащие распределению между бюджетами субъектов Российской Федерации и местными бюджетами с учетом установленных дифференцированных нормативов отчислений в местные бюджеты (по нормативам, установленным федеральным законом о федеральном бюджете в целях реализации национального проекта "Безопасные качественные дороги") | B44: 010 | C44: 000 1030223201 0000 110 | D44: 1497936300 | E44: - | F44: 1497936300 | G44: - | H44: 1497936300 | I44: - | J44: - | K44: - | L44: - | M44: - | N44: - | O44: - | P44: - | Q44: - | R44: Доходы от уплаты акцизов на дизельное топливо, подлежащие распределению между бюджетами субъектов Российской Федерации и местными бюджетами с учетом установленных дифференцированных нормативов отчислений в местные бюджеты (по нормативам, установленным федеральным законом о федеральном бюджете в целях реализации национального проекта "Безопасные качественные дороги") | S44: 010 | T44: 000 1030223201 0000 110 | U44: 8.7764694e+08 | V44: - | W44: 8.7764694e+08 | X44: - | Y44: 8.7764694e+08 | Z44: - | AA44: - | AB44: - | AC44: - | AD44: - | AE44: - | AF44: - | AG44: - | AH44: -
A45: Доходы от уплаты акцизов на моторные масла для дизельных и (или) карбюраторных (инжекторных) двигателей, подлежащие распределению между бюджетами субъектов Российской Федерации и местными бюджетами с учетом установленных дифференцированных нормативов отчислений в местные бюджеты | B45: 010 | C45: 000 1030224001 0000 110 | D45: 31820928 | E45: - | F45: 31820928 | G45: - | H45: 24136700 | I45: - | J45: - | K45: 229420 | L45: - | M45: - | N45: 891374.77 | O45: 1717472.2 | P45: 4845961 | Q45: - | R45: Доходы от уплаты акцизов на моторные масла для дизельных и (или) карбюраторных (инжекторных) двигателей, подлежащие распределению между бюджетами субъектов Российской Федерации и местными бюджетами с учетом установленных дифференцированных нормативов отчислений в местные бюджеты | S45: 010 | T45: 000 1030224001 0000 110 | U45: 16425309 | V45: - | W45: 16425309 | X45: - | Y45: 14736508 | Z45: - | AA45: - | AB45: 143120.26 | AC45: - | AD45: - | AE45: 449716.49 | AF45: 334967.94 | AG45: 760996.24 | AH45: -
A46: Доходы от уплаты акцизов на моторные масла для дизельных и (или) карбюраторных (инжекторных) двигателей, подлежащие распределению между бюджетами субъектов Российской Федерации и местными бюджетами с учетом установленных дифференцированных нормативов отчислений в местные бюджеты (по нормативам, установленным федеральным законом о федеральном бюджете в целях формирования дорожных фондов субъектов Российской Федерации) | B46: 010 | C46: 000 1030224101 0000 110 | D46: 23368828 | E46: - | F46: 23368828 | G46: - | H46: 15684600 | I46: - | J46: - | K46: 229420 | L46: - | M46: - | N46: 891374.77 | O46: 1717472.2 | P46: 4845961 | Q46: - | R46: Доходы от уплаты акцизов на моторные масла для дизельных и (или) карбюраторных (инжекторных) двигателей, подлежащие распределению между бюджетами субъектов Российской Федерации и местными бюджетами с учетом установленных дифференцированных нормативов отчислений в местные бюджеты (по нормативам, установленным федеральным законом о федеральном бюджете в целях формирования дорожных фондов субъектов Российской Федерации) | S46: 010 | T46: 000 1030224101 0000 110 | U46: 11258673 | V46: - | W46: 11258673 | X46: - | Y46: 9569871.9 | Z46: - | AA46: - | AB46: 143120.26 | AC46: - | AD46: - | AE46: 449716.49 | AF46: 334967.94 | AG46: 760996.24 | AH46: -
A47: Доходы от уплаты акцизов на моторные масла для дизельных и (или) карбюраторных (инжекторных) двигателей, подлежащие распределению между бюджетами субъектов Российской Федерации и местными бюджетами с учетом установленных дифференцированных нормативов отчислений в местные бюджеты (по нормативам, установленным федеральным законом о федеральном бюджете в целях реализации национального проекта "Безопасные качественные дороги") | B47: 010 | C47: 000 1030224201 0000 110 | D47: 8452100 | E47: - | F47: 8452100 | G47: - | H47: 8452100 | I47: - | J47: - | K47: - | L47: - | M47: - | N47: - | O47: - | P47: - | Q47: - | R47: Доходы от уплаты акцизов на моторные масла для дизельных и (или) карбюраторных (инжекторных) двигателей, подлежащие распределению между бюджетами субъектов Российской Федерации и местными бюджетами с учетом установленных дифференцированных нормативов отчислений в местные бюджеты (по нормативам, установленным федеральным законом о федеральном бюджете в целях реализации национального проекта "Безопасные качественные дороги") | S47: 010 | T47: 000 1030224201 0000 110 | U47: 5166636.6 | V47: - | W47: 5166636.6 | X47: - | Y47: 5166636.6 | Z47: - | AA47: - | AB47: - | AC47: - | AD47: - | AE47: - | AF47: - | AG47: - | AH47: -
A48: Доходы от уплаты акцизов на автомобильный бензин, подлежащие распределению между бюджетами субъектов Российской Федерации и местными бюджетами с учетом установленных дифференцированных нормативов отчислений в местные бюджеты | B48: 010 | C48: 000 1030225001 0000 110 | D48: 6.2126019e+09 | E48: - | F48: 6.2126019e+09 | G48: - | H48: 5612505200 | I48: - | J48: - | K48: 54566004 | L48: - | M48: - | N48: 1.5771496e+08 | O48: 1.1883696e+08 | P48: 2.6897882e+08 | Q48: - | R48: Доходы от уплаты акцизов на автомобильный бензин, подлежащие распределению между бюджетами субъектов Российской Федерации и местными бюджетами с учетом установленных дифференцированных нормативов отчислений в местные бюджеты | S48: 010 | T48: 000 1030225001 0000 110 | U48: 3.214055e+09 | V48: - | W48: 3.214055e+09 | X48: - | Y48: 2.8835955e+09 | Z48: - | AA48: - | AB48: 28005339 | AC48: - | AD48: - | AE48: 87999155 | AF48: 65545535 | AG48: 1.4890945e+08 | AH48: -
A49: Доходы от уплаты акцизов на автомобильный бензин, подлежащие распределению между бюджетами субъектов Российской Федерации и местными бюджетами с учетом установленных дифференцированных нормативов отчислений в местные бюджеты (по нормативам, установленным федеральным законом о федеральном бюджете в целях формирования дорожных фондов субъектов Российской Федерации) | B49: 010 | C49: 000 1030225101 0000 110 | D49: 4.2472312e+09 | E49: - | F49: 4.2472312e+09 | G49: - | H49: 3647134500 | I49: - | J49: - | K49: 54566004 | L49: - | M49: - | N49: 1.5771496e+08 | O49: 1.1883696e+08 | P49: 2.6897882e+08 | Q49: - | R49: Доходы от уплаты акцизов на автомобильный бензин, подлежащие распределению между бюджетами субъектов Российской Федерации и местными бюджетами с учетом установленных дифференцированных нормативов отчислений в местные бюджеты (по нормативам, установленным федеральным законом о федеральном бюджете в целях формирования дорожных фондов субъектов Российской Федерации) | S49: 010 | T49: 000 1030225101 0000 110 | U49: 2.2030632e+09 | V49: - | W49: 2.2030632e+09 | X49: - | Y49: 1.8726037e+09 | Z49: - | AA49: - | AB49: 28005339 | AC49: - | AD49: - | AE49: 87999155 | AF49: 65545535 | AG49: 1.4890945e+08 | AH49: -
A50: Доходы от уплаты акцизов на автомобильный бензин, подлежащие распределению между бюджетами субъектов Российской Федерации и местными бюджетами с учетом установленных дифференцированных нормативов отчислений в местные бюджеты (по нормативам, установленным федеральным законом о федеральном бюджете в целях реализации национального проекта "Безопасные качественные дороги") | B50: 010 | C50: 000 1030225201 0000 110 | D50: 1965370700 | E50: - | F50: 1965370700 | G50: - | H50: 1965370700 | I50: - | J50: - | K50: - | L50: - | M50: - | N50: - | O50: - | P50: - | Q50: - | R50: Доходы от уплаты акцизов на автомобильный бензин, подлежащие распределению между бюджетами субъектов Российской Федерации и местными бюджетами с учетом установленных дифференцированных нормативов отчислений в местные бюджеты (по нормативам, установленным федеральным законом о федеральном бюджете в целях реализации национального проекта "Безопасные качественные дороги") | S50: 010 | T50: 000 1030225201 0000 110 | U50: 1.0109919e+09 | V50: - | W50: 1.0109919e+09 | X50: - | Y50: 1.0109919e+09 | Z50: - | AA50: - | AB50: - | AC50: - | AD50: - | AE50: - | AF50: - | AG50: - | AH50: -
A51: Доходы от уплаты акцизов на прямогонный бензин, подлежащие распределению между бюджетами субъектов Российской Федерации и местными бюджетами с учетом установленных дифференцированных нормативов отчислений в местные бюджеты | B51: 010 | C51: 000 1030226001 0000 110 | D51: -6.4829325e+08 | E51: - | F51: -6.4829325e+08 | G51: - | H51: -609356900 | I51: - | J51: - | K51: -5122930 | L51: - | M51: - | N51: -11622854 | O51: -7120442.6 | P51: -15070127 | Q51: - | R51: Доходы от уплаты акцизов на прямогонный бензин, подлежащие распределению между бюджетами субъектов Российской Федерации и местными бюджетами с учетом установленных дифференцированных нормативов отчислений в местные бюджеты | S51: 010 | T51: 000 1030226001 0000 110 | U51: -3.5216107e+08 | V51: - | W51: -3.5216107e+08 | X51: - | Y51: -3.1595293e+08 | Z51: - | AA51: - | AB51: -3068519.4 | AC51: - | AD51: - | AE51: -9641986.9 | AF51: -7181764.4 | AG51: -16315872 | AH51: -
A52: Доходы от уплаты акцизов на прямогонный бензин, подлежащие распределению между бюджетами субъектов Российской Федерации и местными бюджетами с учетом установленных дифференцированных нормативов отчислений в местные бюджеты (по нормативам, установленным федеральным законом о федеральном бюджете в целях формирования дорожных фондов субъектов Российской Федерации) | B52: 010 | C52: 000 1030226101 0000 110 | D52: -4.3491045e+08 | E52: - | F52: -4.3491045e+08 | G52: - | H52: -395974100 | I52: - | J52: - | K52: -5122930 | L52: - | M52: - | N52: -11622854 | O52: -7120442.6 | P52: -15070127 | Q52: - | R52: Доходы от уплаты акцизов на прямогонный бензин, подлежащие распределению между бюджетами субъектов Российской Федерации и местными бюджетами с учетом установленных дифференцированных нормативов отчислений в местные бюджеты (по нормативам, установленным федеральным законом о федеральном бюджете в целях формирования дорожных фондов субъектов Российской Федерации) | S52: 010 | T52: 000 1030226101 0000 110 | U52: -2.4138762e+08 | V52: - | W52: -2.4138762e+08 | X52: - | Y52: -2.0517948e+08 | Z52: - | AA52: - | AB52: -3068519.4 | AC52: - | AD52: - | AE52: -9641986.9 | AF52: -7181764.4 | AG52: -16315872 | AH52: -
A53: Доходы от уплаты акцизов на прямогонный бензин, подлежащие распределению между бюджетами субъектов Российской Федерации и местными бюджетами с учетом установленных дифференцированных нормативов отчислений в местные бюджеты (по нормативам, установленным федеральным законом о федеральном бюджете в целях реализации национального проекта "Безопасные качественные дороги") | B53: 010 | C53: 000 1030226201 0000 110 | D53: -213382800 | E53: - | F53: -213382800 | G53: - | H53: -213382800 | I53: - | J53: - | K53: - | L53: - | M53: - | N53: - | O53: - | P53: - | Q53: - | R53: Доходы от уплаты акцизов на прямогонный бензин, подлежащие распределению между бюджетами субъектов Российской Федерации и местными бюджетами с учетом установленных дифференцированных нормативов отчислений в местные бюджеты (по нормативам, установленным федеральным законом о федеральном бюджете в целях реализации национального проекта "Безопасные качественные дороги") | S53: 010 | T53: 000 1030226201 0000 110 | U53: -1.1077345e+08 | V53: - | W53: -1.1077345e+08 | X53: - | Y53: -1.1077345e+08 | Z53: - | AA53: - | AB53: - | AC53: - | AD53: - | AE53: - | AF53: - | AG53: - | AH53: -
A54: Акциз на сталь жидкую, выплавляемую в мартеновских, индукционных и (или) электрических сталеплавильных печах, при условии, если доля массы лома черных металлов в общей массе сырья, использованного для производства стали, за налоговый период составляет не менее 80 процентов | B54: 010 | C54: 000 1030245001 0000 110 | D54: - | E54: - | F54: - | G54: - | H54: - | I54: - | J54: - | K54: - | L54: - | M54: - | N54: - | O54: - | P54: - | Q54: - | R54: Акциз на сталь жидкую, выплавляемую в мартеновских, индукционных и (или) электрических сталеплавильных печах, при условии, если доля массы лома черных металлов в общей массе сырья, использованного для производства стали, за налоговый период составляет не менее 80 процентов | S54: 010 | T54: 000 1030245001 0000 110 | U54: 71482292 | V54: - | W54: 71482292 | X54: - | Y54: 71482292 | Z54: - | AA54: - | AB54: - | AC54: - | AD54: - | AE54: - | AF54: - | AG54: - | AH54: -
A55: НАЛОГИ НА СОВОКУПНЫЙ ДОХОД | B55: 010 | C55: 000 1050000000 0000 000 | D55: 8.2348954e+09 | E55: - | F55: 8.2348954e+09 | G55: - | H55: 6928623800 | I55: - | J55: - | K55: 3.045281e+08 | L55: - | M55: - | N55: 6.4707459e+08 | O55: 1.1833441e+08 | P55: 2.3633448e+08 | Q55: - | R55: НАЛОГИ НА СОВОКУПНЫЙ ДОХОД | S55: 010 | T55: 000 1050000000 0000 000 | U55: 5.1192076e+09 | V55: - | W55: 5.1192076e+09 | X55: - | Y55: 4.2760899e+09 | Z55: - | AA55: - | AB55: 1.4391432e+08 | AC55: - | AD55: - | AE55: 4.2843378e+08 | AF55: 96749034 | AG55: 1.7402051e+08 | AH55: -
A56: Налог, взимаемый в связи с применением упрощенной системы налогообложения | B56: 010 | C56: 000 1050100000 0000 110 | D56: 6872433800 | E56: - | F56: 6872433800 | G56: - | H56: 6872433800 | I56: - | J56: - | K56: - | L56: - | M56: - | N56: - | O56: - | P56: - | Q56: - | R56: Налог, взимаемый в связи с применением упрощенной системы налогообложения | S56: 010 | T56: 000 1050100000 0000 110 | U56: 4.2093785e+09 | V56: - | W56: 4.2093785e+09 | X56: - | Y56: 4.2093785e+09 | Z56: - | AA56: - | AB56: - | AC56: - | AD56: - | AE56: - | AF56: - | AG56: - | AH56: -
A57: Налог, взимаемый с налогоплательщиков, выбравших в качестве объекта налогообложения доходы | B57: 010 | C57: 000 1050101001 0000 110 | D57: 4839479200 | E57: - | F57: 4839479200 | G57: - | H57: 4839479200 | I57: - | J57: - | K57: - | L57: - | M57: - | N57: - | O57: - | P57: - | Q57: - | R57: Налог, взимаемый с налогоплательщиков, выбравших в качестве объекта налогообложения доходы | S57: 010 | T57: 000 1050101001 0000 110 | U57: 2.8996736e+09 | V57: - | W57: 2.8996736e+09 | X57: - | Y57: 2.8996736e+09 | Z57: - | AA57: - | AB57: - | AC57: - | AD57: - | AE57: - | AF57: - | AG57: - | AH57: -
A58: Налог, взимаемый с налогоплательщиков, выбравших в качестве объекта налогообложения доходы | B58: 010 | C58: 000 1050101101 0000 110 | D58: 4839479200 | E58: - | F58: 4839479200 | G58: - | H58: 4839479200 | I58: - | J58: - | K58: - | L58: - | M58: - | N58: - | O58: - | P58: - | Q58: - | R58: Налог, взимаемый с налогоплательщиков, выбравших в качестве объекта налогообложения доходы | S58: 010 | T58: 000 1050101101 0000 110 | U58: 2.8998489e+09 | V58: - | W58: 2.8998489e+09 | X58: - | Y58: 2.8998489e+09 | Z58: - | AA58: - | AB58: - | AC58: - | AD58: - | AE58: - | AF58: - | AG58: - | AH58: -
A59: Налог, взимаемый с налогоплательщиков, выбравших в качестве объекта налогообложения доходы (за налоговые периоды, истекшие до 1 января 2011 года) | B59: 010 | C59: 000 1050101201 0000 110 | D59: - | E59: - | F59: - | G59: - | H59: - | I59: - | J59: - | K59: - | L59: - | M59: - | N59: - | O59: - | P59: - | Q59: - | R59: Налог, взимаемый с налогоплательщиков, выбравших в качестве объекта налогообложения доходы (за налоговые периоды, истекшие до 1 января 2011 года) | S59: 010 | T59: 000 1050101201 0000 110 | U59: -175371.11 | V59: - | W59: -175371.11 | X59: - | Y59: -175371.11 | Z59: - | AA59: - | AB59: - | AC59: - | AD59: - | AE59: - | AF59: - | AG59: - | AH59: -
A60: Налог, взимаемый с налогоплательщиков, выбравших в качестве объекта налогообложения доходы, уменьшенные на величину расходов | B60: 010 | C60: 000 1050102001 0000 110 | D60: 2032954600 | E60: - | F60: 2032954600 | G60: - | H60: 2032954600 | I60: - | J60: - | K60: - | L60: - | M60: - | N60: - | O60: - | P60: - | Q60: - | R60: Налог, взимаемый с налогоплательщиков, выбравших в качестве объекта налогообложения доходы, уменьшенные на величину расходов | S60: 010 | T60: 000 1050102001 0000 110 | U60: 1.3096501e+09 | V60: - | W60: 1.3096501e+09 | X60: - | Y60: 1.3096501e+09 | Z60: - | AA60: - | AB60: - | AC60: - | AD60: - | AE60: - | AF60: - | AG60: - | AH60: -
A61: Налог, взимаемый с налогоплательщиков, выбравших в качестве объекта налогообложения доходы, уменьшенные на величину расходов (в том числе минимальный налог, зачисляемый в бюджеты субъектов Российской Федерации) | B61: 010 | C61: 000 1050102101 0000 110 | D61: 2032954600 | E61: - | F61: 2032954600 | G61: - | H61: 2032954600 | I61: - | J61: - | K61: - | L61: - | M61: - | N61: - | O61: - | P61: - | Q61: - | R61: Налог, взимаемый с налогоплательщиков, выбравших в качестве объекта налогообложения доходы, уменьшенные на величину расходов (в том числе минимальный налог, зачисляемый в бюджеты субъектов Российской Федерации) | S61: 010 | T61: 000 1050102101 0000 110 | U61: 1.3097461e+09 | V61: - | W61: 1.3097461e+09 | X61: - | Y61: 1.3097461e+09 | Z61: - | AA61: - | AB61: - | AC61: - | AD61: - | AE61: - | AF61: - | AG61: - | AH61: -
A62: Налог, взимаемый с налогоплательщиков, выбравших в качестве объекта налогообложения доходы, уменьшенные на величину расходов (за налоговые периоды, истекшие до 1 января 2011 года) | B62: 010 | C62: 000 1050102201 0000 110 | D62: - | E62: - | F62: - | G62: - | H62: - | I62: - | J62: - | K62: - | L62: - | M62: - | N62: - | O62: - | P62: - | Q62: - | R62: Налог, взимаемый с налогоплательщиков, выбравших в качестве объекта налогообложения доходы, уменьшенные на величину расходов (за налоговые периоды, истекшие до 1 января 2011 года) | S62: 010 | T62: 000 1050102201 0000 110 | U62: -95993.37 | V62: - | W62: -95993.37 | X62: - | Y62: -95993.37 | Z62: - | AA62: - | AB62: - | AC62: - | AD62: - | AE62: - | AF62: - | AG62: - | AH62: -
A63: Минимальный налог, зачисляемый в бюджеты субъектов Российской Федерации (за налоговые периоды, истекшие до 1 января 2016 года) | B63: 010 | C63: 000 1050105001 0000 110 | D63: - | E63: - | F63: - | G63: - | H63: - | I63: - | J63: - | K63: - | L63: - | M63: - | N63: - | O63: - | P63: - | Q63: - | R63: Минимальный налог, зачисляемый в бюджеты субъектов Российской Федерации (за налоговые периоды, истекшие до 1 января 2016 года) | S63: 010 | T63: 000 1050105001 0000 110 | U63: 54868.65 | V63: - | W63: 54868.65 | X63: - | Y63: 54868.65 | Z63: - | AA63: - | AB63: - | AC63: - | AD63: - | AE63: - | AF63: - | AG63: - | AH63: -
A64: Единый налог на вмененный доход для отдельных видов деятельности | B64: 010 | C64: 000 1050200002 0000 110 | D64: 21432894 | E64: - | F64: 21432894 | G64: - | H64: - | I64: - | J64: - | K64: 15211629 | L64: - | M64: - | N64: 6221264.5 | O64: - | P64: - | Q64: - | R64: Единый налог на вмененный доход для отдельных видов деятельности | S64: 010 | T64: 000 1050200002 0000 110 | U64: 4700683.2 | V64: - | W64: 4700683.2 | X64: - | Y64: - | Z64: - | AA64: - | AB64: 3143546.6 | AC64: - | AD64: - | AE64: 1557136.5 | AF64: - | AG64: - | AH64: -
A65: Единый налог на вмененный доход для отдельных видов деятельности | B65: 010 | C65: 000 1050201002 0000 110 | D65: 21426688 | E65: - | F65: 21426688 | G65: - | H65: - | I65: - | J65: - | K65: 15211579 | L65: - | M65: - | N65: 6215109.3 | O65: - | P65: - | Q65: - | R65: Единый налог на вмененный доход для отдельных видов деятельности | S65: 010 | T65: 000 1050201002 0000 110 | U65: 4694357.5 | V65: - | W65: 4694357.5 | X65: - | Y65: - | Z65: - | AA65: - | AB65: 3147075.9 | AC65: - | AD65: - | AE65: 1547281.6 | AF65: - | AG65: - | AH65: -
A66: Единый налог на вмененный доход для отдельных видов деятельности (за налоговые периоды, истекшие до 1 января 2011 года) | B66: 010 | C66: 000 1050202002 0000 110 | D66: 6205.16 | E66: - | F66: 6205.16 | G66: - | H66: - | I66: - | J66: - | K66: 50 | L66: - | M66: - | N66: 6155.16 | O66: - | P66: - | Q66: - | R66: Единый налог на вмененный доход для отдельных видов деятельности (за налоговые периоды, истекшие до 1 января 2011 года) | S66: 010 | T66: 000 1050202002 0000 110 | U66: 6325.65 | V66: - | W66: 6325.65 | X66: - | Y66: - | Z66: - | AA66: - | AB66: -3529.24 | AC66: - | AD66: - | AE66: 9854.89 | AF66: - | AG66: - | AH66: -
A67: Единый сельскохозяйственный налог | B67: 010 | C67: 000 1050300001 0000 110 | D67: 8.7693088e+08 | E67: - | F67: 8.7693088e+08 | G67: - | H67: - | I67: - | J67: - | K67: 33643856 | L67: - | M67: - | N67: 4.8861813e+08 | O67: 1.1833441e+08 | P67: 2.3633448e+08 | Q67: - | R67: Единый сельскохозяйственный налог | S67: 010 | T67: 000 1050300001 0000 110 | U67: 6.2804765e+08 | V67: - | W67: 6.2804765e+08 | X67: - | Y67: 1323.02 | Z67: - | AA67: - | AB67: 25507944 | AC67: - | AD67: - | AE67: 3.3176884e+08 | AF67: 96749034 | AG67: 1.7402051e+08 | AH67: -
A68: Единый сельскохозяйственный налог | B68: 010 | C68: 000 1050301001 0000 110 | D68: 8.7693088e+08 | E68: - | F68: 8.7693088e+08 | G68: - | H68: - | I68: - | J68: - | K68: 33643856 | L68: - | M68: - | N68: 4.8861813e+08 | O68: 1.1833441e+08 | P68: 2.3633448e+08 | Q68: - | R68: Единый сельскохозяйственный налог | S68: 010 | T68: 000 1050301001 0000 110 | U68: 6.2804368e+08 | V68: - | W68: 6.2804368e+08 | X68: - | Y68: - | Z68: - | AA68: - | AB68: 25507944 | AC68: - | AD68: - | AE68: 3.3176751e+08 | AF68: 96749018 | AG68: 1.740192e+08 | AH68: -
A69: Единый сельскохозяйственный налог (за налоговые периоды, истекшие до 1 января 2011 года) | B69: 010 | C69: 000 1050302001 0000 110 | D69: - | E69: - | F69: - | G69: - | H69: - | I69: - | J69: - | K69: - | L69: - | M69: - | N69: - | O69: - | P69: - | Q69: - | R69: Единый сельскохозяйственный налог (за налоговые периоды, истекшие до 1 января 2011 года) | S69: 010 | T69: 000 1050302001 0000 110 | U69: 3969.1 | V69: - | W69: 3969.1 | X69: - | Y69: 1323.02 | Z69: - | AA69: - | AB69: - | AC69: - | AD69: - | AE69: 1323.04 | AF69: 15.66 | AG69: 1307.38 | AH69: -
A70: Налог, взимаемый в связи с применением патентной системы налогообложения | B70: 010 | C70: 000 1050400002 0000 110 | D70: 4.0790781e+08 | E70: - | F70: 4.0790781e+08 | G70: - | H70: - | I70: - | J70: - | K70: 2.5567261e+08 | L70: - | M70: - | N70: 152235200 | O70: - | P70: - | Q70: - | R70: Налог, взимаемый в связи с применением патентной системы налогообложения | S70: 010 | T70: 000 1050400002 0000 110 | U70: 2.1037063e+08 | V70: - | W70: 2.1037063e+08 | X70: - | Y70: - | Z70: - | AA70: - | AB70: 1.1526283e+08 | AC70: - | AD70: - | AE70: 95107806 | AF70: - | AG70: - | AH70: -
A71: Налог, взимаемый в связи с применением патентной системы налогообложения, зачисляемый в бюджеты городских округов | B71: 010 | C71: 000 1050401002 0000 110 | D71: 2.5567261e+08 | E71: - | F71: 2.5567261e+08 | G71: - | H71: - | I71: - | J71: - | K71: 2.5567261e+08 | L71: - | M71: - | N71: - | O71: - | P71: - | Q71: - | R71: Налог, взимаемый в связи с применением патентной системы налогообложения, зачисляемый в бюджеты городских округов | S71: 010 | T71: 000 1050401002 0000 110 | U71: 1.1526283e+08 | V71: - | W71: 1.1526283e+08 | X71: - | Y71: - | Z71: - | AA71: - | AB71: 1.1526283e+08 | AC71: - | AD71: - | AE71: - | AF71: - | AG71: - | AH71: -
A72: Налог, взимаемый в связи с применением патентной системы налогообложения, зачисляемый в бюджеты муниципальных районов | B72: 010 | C72: 000 1050402002 0000 110 | D72: 152235200 | E72: - | F72: 152235200 | G72: - | H72: - | I72: - | J72: - | K72: - | L72: - | M72: - | N72: 152235200 | O72: - | P72: - | Q72: - | R72: Налог, взимаемый в связи с применением патентной системы налогообложения, зачисляемый в бюджеты муниципальных районов | S72: 010 | T72: 000 1050402002 0000 110 | U72: 95107806 | V72: - | W72: 95107806 | X72: - | Y72: - | Z72: - | AA72: - | AB72: - | AC72: - | AD72: - | AE72: 95107806 | AF72: - | AG72: - | AH72: -
A73: Налог на профессиональный доход | B73: 010 | C73: 000 1050600001 0000 110 | D73: 56190000 | E73: - | F73: 56190000 | G73: - | H73: 56190000 | I73: - | J73: - | K73: - | L73: - | M73: - | N73: - | O73: - | P73: - | Q73: - | R73: Налог на профессиональный доход | S73: 010 | T73: 000 1050600001 0000 110 | U73: 66710085 | V73: - | W73: 66710085 | X73: - | Y73: 66710085 | Z73: - | AA73: - | AB73: - | AC73: - | AD73: - | AE73: - | AF73: - | AG73: - | AH73: -
A74: НАЛОГИ НА ИМУЩЕСТВО | B74: 010 | C74: 000 1060000000 0000 000 | D74: 1.3447945e+10 | E74: - | F74: 1.3447945e+10 | G74: - | H74: 8259068900 | I74: - | J74: - | K74: 2.377245e+09 | L74: - | M74: - | N74: 1383792400 | O74: 8.8127889e+08 | P74: 5.4656024e+08 | Q74: - | R74: НАЛОГИ НА ИМУЩЕСТВО | S74: 010 | T74: 000 1060000000 0000 000 | U74: 5.6085112e+09 | V74: - | W74: 5.6085112e+09 | X74: - | Y74: 4.5349494e+09 | Z74: - | AA74: - | AB74: 5.1707068e+08 | AC74: - | AD74: - | AE74: 2.5149478e+08 | AF74: 1.8879536e+08 | AG74: 1.1620095e+08 | AH74: -
A75: Налог на имущество физических лиц | B75: 010 | C75: 000 1060100000 0000 110 | D75: 1.0760434e+09 | E75: - | F75: 1.0760434e+09 | G75: - | H75: - | I75: - | J75: - | K75: 651649000 | L75: - | M75: - | N75: - | O75: 3.4277538e+08 | P75: 81619012 | Q75: - | R75: Налог на имущество физических лиц | S75: 010 | T75: 000 1060100000 0000 110 | U75: 1.0424648e+08 | V75: - | W75: 1.0424648e+08 | X75: - | Y75: - | Z75: - | AA75: - | AB75: 67542437 | AC75: - | AD75: - | AE75: - | AF75: 29157091 | AG75: 7546949.4 | AH75: -
A76: Налог на имущество физических лиц, взимаемый по ставкам, применяемым к объектам налогообложения, расположенным в границах городских округов | B76: 010 | C76: 000 1060102004 0000 110 | D76: 651649000 | E76: - | F76: 651649000 | G76: - | H76: - | I76: - | J76: - | K76: 651649000 | L76: - | M76: - | N76: - | O76: - | P76: - | Q76: - | R76: Налог на имущество физических лиц, взимаемый по ставкам, применяемым к объектам налогообложения, расположенным в границах городских округов | S76: 010 | T76: 000 1060102004 0000 110 | U76: 67542437 | V76: - | W76: 67542437 | X76: - | Y76: - | Z76: - | AA76: - | AB76: 67542437 | AC76: - | AD76: - | AE76: - | AF76: - | AG76: - | AH76: -
A77: Налог на имущество физических лиц, взимаемый по ставкам, применяемым к объектам налогообложения, расположенным в границах сельских поселений | B77: 010 | C77: 000 1060103010 0000 110 | D77: 81619012 | E77: - | F77: 81619012 | G77: - | H77: - | I77: - | J77: - | K77: - | L77: - | M77: - | N77: - | O77: - | P77: 81619012 | Q77: - | R77: Налог на имущество физических лиц, взимаемый по ставкам, применяемым к объектам налогообложения, расположенным в границах сельских поселений | S77: 010 | T77: 000 1060103010 0000 110 | U77: 7546949.4 | V77: - | W77: 7546949.4 | X77: - | Y77: - | Z77: - | AA77: - | AB77: - | AC77: - | AD77: - | AE77: - | AF77: - | AG77: 7546949.4 | AH77: -
A78: Налог на имущество физических лиц, взимаемый по ставкам, применяемым к объектам налогообложения, расположенным в границах городских поселений | B78: 010 | C78: 000 1060103013 0000 110 | D78: 3.4277538e+08 | E78: - | F78: 3.4277538e+08 | G78: - | H78: - | I78: - | J78: - | K78: - | L78: - | M78: - | N78: - | O78: 3.4277538e+08 | P78: - | Q78: - | R78: Налог на имущество физических лиц, взимаемый по ставкам, применяемым к объектам налогообложения, расположенным в границах городских поселений | S78: 010 | T78: 000 1060103013 0000 110 | U78: 29157091 | V78: - | W78: 29157091 | X78: - | Y78: - | Z78: - | AA78: - | AB78: - | AC78: - | AD78: - | AE78: - | AF78: 29157091 | AG78: - | AH78: -
A79: Налог на имущество организаций | B79: 010 | C79: 000 1060200002 0000 110 | D79: 8253188900 | E79: - | F79: 8253188900 | G79: - | H79: 8253188900 | I79: - | J79: - | K79: - | L79: - | M79: - | N79: - | O79: - | P79: - | Q79: - | R79: Налог на имущество организаций | S79: 010 | T79: 000 1060200002 0000 110 | U79: 4.5323022e+09 | V79: - | W79: 4.5323022e+09 | X79: - | Y79: 4.5323022e+09 | Z79: - | AA79: - | AB79: - | AC79: - | AD79: - | AE79: - | AF79: - | AG79: - | AH79: -
A80: Налог на имущество организаций по имуществу, не входящему в Единую систему газоснабжения | B80: 010 | C80: 000 1060201002 0000 110 | D80: 7238557200 | E80: - | F80: 7238557200 | G80: - | H80: 7238557200 | I80: - | J80: - | K80: - | L80: - | M80: - | N80: - | O80: - | P80: - | Q80: - | R80: Налог на имущество организаций по имуществу, не входящему в Единую систему газоснабжения | S80: 010 | T80: 000 1060201002 0000 110 | U80: 3.8055598e+09 | V80: - | W80: 3.8055598e+09 | X80: - | Y80: 3.8055598e+09 | Z80: - | AA80: - | AB80: - | AC80: - | AD80: - | AE80: - | AF80: - | AG80: - | AH80: -
A81: Налог на имущество организаций по имуществу, входящему в Единую систему газоснабжения | B81: 010 | C81: 000 1060202002 0000 110 | D81: 1014631700 | E81: - | F81: 1014631700 | G81: - | H81: 1014631700 | I81: - | J81: - | K81: - | L81: - | M81: - | N81: - | O81: - | P81: - | Q81: - | R81: Налог на имущество организаций по имуществу, входящему в Единую систему газоснабжения | S81: 010 | T81: 000 1060202002 0000 110 | U81: 7.267424e+08 | V81: - | W81: 7.267424e+08 | X81: - | Y81: 7.267424e+08 | Z81: - | AA81: - | AB81: - | AC81: - | AD81: - | AE81: - | AF81: - | AG81: - | AH81: -
A82: Транспортный налог | B82: 010 | C82: 000 1060400002 0000 110 | D82: 2.7567895e+09 | E82: - | F82: 2.7567895e+09 | G82: - | H82: - | I82: - | J82: - | K82: 1.2854996e+09 | L82: - | M82: - | N82: 1383792400 | O82: 85634500 | P82: 1863000 | Q82: - | R82: Транспортный налог | S82: 010 | T82: 000 1060400002 0000 110 | U82: 5.3976381e+08 | V82: - | W82: 5.3976381e+08 | X82: - | Y82: - | Z82: - | AA82: - | AB82: 2.7413752e+08 | AC82: - | AD82: - | AE82: 2.5149478e+08 | AF82: 13483241 | AG82: 648266.03 | AH82: -
A83: Транспортный налог с организаций | B83: 010 | C83: 000 1060401102 0000 110 | D83: 527530600 | E83: - | F83: 527530600 | G83: - | H83: - | I83: - | J83: - | K83: 296142000 | L83: - | M83: - | N83: 219751900 | O83: 11185000 | P83: 451700 | Q83: - | R83: Транспортный налог с организаций | S83: 010 | T83: 000 1060401102 0000 110 | U83: 2.5772304e+08 | V83: - | W83: 2.5772304e+08 | X83: - | Y83: - | Z83: - | AA83: - | AB83: 1.4505018e+08 | AC83: - | AD83: - | AE83: 1.0633747e+08 | AF83: 5823344.6 | AG83: 512045.06 | AH83: -
A84: Транспортный налог с физических лиц | B84: 010 | C84: 000 1060401202 0000 110 | D84: 2.2292589e+09 | E84: - | F84: 2.2292589e+09 | G84: - | H84: - | I84: - | J84: - | K84: 9.893576e+08 | L84: - | M84: - | N84: 1164040500 | O84: 74449500 | P84: 1411300 | Q84: - | R84: Транспортный налог с физических лиц | S84: 010 | T84: 000 1060401202 0000 110 | U84: 2.8204077e+08 | V84: - | W84: 2.8204077e+08 | X84: - | Y84: - | Z84: - | AA84: - | AB84: 1.2908734e+08 | AC84: - | AD84: - | AE84: 1.4515732e+08 | AF84: 7659896.4 | AG84: 136220.97 | AH84: -
A85: Налог на игорный бизнес | B85: 010 | C85: 000 1060500002 0000 110 | D85: 5880000 | E85: - | F85: 5880000 | G85: - | H85: 5880000 | I85: - | J85: - | K85: - | L85: - | M85: - | N85: - | O85: - | P85: - | Q85: - | R85: Налог на игорный бизнес | S85: 010 | T85: 000 1060500002 0000 110 | U85: 2647256.2 | V85: - | W85: 2647256.2 | X85: - | Y85: 2647256.2 | Z85: - | AA85: - | AB85: - | AC85: - | AD85: - | AE85: - | AF85: - | AG85: - | AH85: -
A86: Земельный налог | B86: 010 | C86: 000 1060600000 0000 110 | D86: 1.3560436e+09 | E86: - | F86: 1.3560436e+09 | G86: - | H86: - | I86: - | J86: - | K86: 440096400 | L86: - | M86: - | N86: - | O86: 4.52869e+08 | P86: 4.6307823e+08 | Q86: - | R86: Земельный налог | S86: 010 | T86: 000 1060600000 0000 110 | U86: 4.2955148e+08 | V86: - | W86: 4.2955148e+08 | X86: - | Y86: - | Z86: - | AA86: - | AB86: 1.7539072e+08 | AC86: - | AD86: - | AE86: - | AF86: 1.4615503e+08 | AG86: 1.0800573e+08 | AH86: -
A87: Земельный налог с организаций | B87: 010 | C87: 000 1060603000 0000 110 | D87: 7.8383524e+08 | E87: - | F87: 7.8383524e+08 | G87: - | H87: - | I87: - | J87: - | K87: 340022700 | L87: - | M87: - | N87: - | O87: 282847890 | P87: 1.6096465e+08 | Q87: - | R87: Земельный налог с организаций | S87: 010 | T87: 000 1060603000 0000 110 | U87: 3.8535483e+08 | V87: - | W87: 3.8535483e+08 | X87: - | Y87: - | Z87: - | AA87: - | AB87: 1.6992197e+08 | AC87: - | AD87: - | AE87: - | AF87: 1.2926807e+08 | AG87: 86164793 | AH87: -
A88: Земельный налог с организаций, обладающих земельным участком, расположенным в границах городских округов | B88: 010 | C88: 000 1060603204 0000 110 | D88: 340022700 | E88: - | F88: 340022700 | G88: - | H88: - | I88: - | J88: - | K88: 340022700 | L88: - | M88: - | N88: - | O88: - | P88: - | Q88: - | R88: Земельный налог с организаций, обладающих земельным участком, расположенным в границах городских округов | S88: 010 | T88: 000 1060603204 0000 110 | U88: 1.6992197e+08 | V88: - | W88: 1.6992197e+08 | X88: - | Y88: - | Z88: - | AA88: - | AB88: 1.6992197e+08 | AC88: - | AD88: - | AE88: - | AF88: - | AG88: - | AH88: -
A89: Земельный налог с организаций, обладающих земельным участком, расположенным в границах сельских поселений | B89: 010 | C89: 000 1060603310 0000 110 | D89: 1.6096465e+08 | E89: - | F89: 1.6096465e+08 | G89: - | H89: - | I89: - | J89: - | K89: - | L89: - | M89: - | N89: - | O89: - | P89: 1.6096465e+08 | Q89: - | R89: Земельный налог с организаций, обладающих земельным участком, расположенным в границах сельских поселений | S89: 010 | T89: 000 1060603310 0000 110 | U89: 86164793 | V89: - | W89: 86164793 | X89: - | Y89: - | Z89: - | AA89: - | AB89: - | AC89: - | AD89: - | AE89: - | AF89: - | AG89: 86164793 | AH89: -
A90: Земельный налог с организаций, обладающих земельным участком, расположенным в границах городских поселений | B90: 010 | C90: 000 1060603313 0000 110 | D90: 282847890 | E90: - | F90: 282847890 | G90: - | H90: - | I90: - | J90: - | K90: - | L90: - | M90: - | N90: - | O90: 282847890 | P90: - | Q90: - | R90: Земельный налог с организаций, обладающих земельным участком, расположенным в границах городских поселений | S90: 010 | T90: 000 1060603313 0000 110 | U90: 1.2926807e+08 | V90: - | W90: 1.2926807e+08 | X90: - | Y90: - | Z90: - | AA90: - | AB90: - | AC90: - | AD90: - | AE90: - | AF90: 1.2926807e+08 | AG90: - | AH90: -
A91: Земельный налог с физических лиц | B91: 010 | C91: 000 1060604000 0000 110 | D91: 5.7220839e+08 | E91: - | F91: 5.7220839e+08 | G91: - | H91: - | I91: - | J91: - | K91: 100073700 | L91: - | M91: - | N91: - | O91: 1.7002111e+08 | P91: 3.0211358e+08 | Q91: - | R91: Земельный налог с физических лиц | S91: 010 | T91: 000 1060604000 0000 110 | U91: 44196646 | V91: - | W91: 44196646 | X91: - | Y91: - | Z91: - | AA91: - | AB91: 5468753.1 | AC91: - | AD91: - | AE91: - | AF91: 16886955 | AG91: 21840938 | AH91: -
A92: Земельный налог с физических лиц, обладающих земельным участком, расположенным в границах городских округов | B92: 010 | C92: 000 1060604204 0000 110 | D92: 100073700 | E92: - | F92: 100073700 | G92: - | H92: - | I92: - | J92: - | K92: 100073700 | L92: - | M92: - | N92: - | O92: - | P92: - | Q92: - | R92: Земельный налог с физических лиц, обладающих земельным участком, расположенным в границах городских округов | S92: 010 | T92: 000 1060604204 0000 110 | U92: 5468753.1 | V92: - | W92: 5468753.1 | X92: - | Y92: - | Z92: - | AA92: - | AB92: 5468753.1 | AC92: - | AD92: - | AE92: - | AF92: - | AG92: - | AH92: -
A93: Земельный налог с физических лиц, обладающих земельным участком, расположенным в границах сельских поселений | B93: 010 | C93: 000 1060604310 0000 110 | D93: 3.0211358e+08 | E93: - | F93: 3.0211358e+08 | G93: - | H93: - | I93: - | J93: - | K93: - | L93: - | M93: - | N93: - | O93: - | P93: 3.0211358e+08 | Q93: - | R93: Земельный налог с физических лиц, обладающих земельным участком, расположенным в границах сельских поселений | S93: 010 | T93: 000 1060604310 0000 110 | U93: 21840938 | V93: - | W93: 21840938 | X93: - | Y93: - | Z93: - | AA93: - | AB93: - | AC93: - | AD93: - | AE93: - | AF93: - | AG93: 21840938 | AH93: -
A94: Земельный налог с физических лиц, обладающих земельным участком, расположенным в границах городских поселений | B94: 010 | C94: 000 1060604313 0000 110 | D94: 1.7002111e+08 | E94: - | F94: 1.7002111e+08 | G94: - | H94: - | I94: - | J94: - | K94: - | L94: - | M94: - | N94: - | O94: 1.7002111e+08 | P94: - | Q94: - | R94: Земельный налог с физических лиц, обладающих земельным участком, расположенным в границах городских поселений | S94: 010 | T94: 000 1060604313 0000 110 | U94: 16886955 | V94: - | W94: 16886955 | X94: - | Y94: - | Z94: - | AA94: - | AB94: - | AC94: - | AD94: - | AE94: - | AF94: 16886955 | AG94: - | AH94: -
A95: НАЛОГИ, СБОРЫ И РЕГУЛЯРНЫЕ ПЛАТЕЖИ ЗА ПОЛЬЗОВАНИЕ ПРИРОДНЫМИ РЕСУРСАМИ | B95: 010 | C95: 000 1070000000 0000 000 | D95: 71811000 | E95: - | F95: 71811000 | G95: - | H95: 71811000 | I95: - | J95: - | K95: - | L95: - | M95: - | N95: - | O95: - | P95: - | Q95: - | R95: НАЛОГИ, СБОРЫ И РЕГУЛЯРНЫЕ ПЛАТЕЖИ ЗА ПОЛЬЗОВАНИЕ ПРИРОДНЫМИ РЕСУРСАМИ | S95: 010 | T95: 000 1070000000 0000 000 | U95: 48496265 | V95: - | W95: 48496265 | X95: - | Y95: 48496265 | Z95: - | AA95: - | AB95: - | AC95: - | AD95: - | AE95: - | AF95: - | AG95: - | AH95: -
A96: Налог на добычу полезных ископаемых | B96: 010 | C96: 000 1070100001 0000 110 | D96: 69651000 | E96: - | F96: 69651000 | G96: - | H96: 69651000 | I96: - | J96: - | K96: - | L96: - | M96: - | N96: - | O96: - | P96: - | Q96: - | R96: Налог на добычу полезных ископаемых | S96: 010 | T96: 000 1070100001 0000 110 | U96: 47367032 | V96: - | W96: 47367032 | X96: - | Y96: 47367032 | Z96: - | AA96: - | AB96: - | AC96: - | AD96: - | AE96: - | AF96: - | AG96: - | AH96: -
A97: Налог на добычу общераспространенных полезных ископаемых | B97: 010 | C97: 000 1070102001 0000 110 | D97: 69599000 | E97: - | F97: 69599000 | G97: - | H97: 69599000 | I97: - | J97: - | K97: - | L97: - | M97: - | N97: - | O97: - | P97: - | Q97: - | R97: Налог на добычу общераспространенных полезных ископаемых | S97: 010 | T97: 000 1070102001 0000 110 | U97: 47337795 | V97: - | W97: 47337795 | X97: - | Y97: 47337795 | Z97: - | AA97: - | AB97: - | AC97: - | AD97: - | AE97: - | AF97: - | AG97: - | AH97: -
A98: Налог на добычу прочих полезных ископаемых (за исключением полезных ископаемых, в отношении которых при налогообложении установлен рентный коэффициент, отличный от 1, полезных ископаемых в виде природных алмазов, угля, в том числе коксующегося, железных руд, многокомпонентной комплексной руды, в отношении которой при налогообложении установлен коэффициент, характеризующий стоимость ценных компонентов в руде) | B98: 010 | C98: 000 1070103001 0000 110 | D98: 52000 | E98: - | F98: 52000 | G98: - | H98: 52000 | I98: - | J98: - | K98: - | L98: - | M98: - | N98: - | O98: - | P98: - | Q98: - | R98: Налог на добычу прочих полезных ископаемых (за исключением полезных ископаемых, в отношении которых при налогообложении установлен рентный коэффициент, отличный от 1, полезных ископаемых в виде природных алмазов, угля, в том числе коксующегося, железных руд, многокомпонентной комплексной руды, в отношении которой при налогообложении установлен коэффициент, характеризующий стоимость ценных компонентов в руде) | S98: 010 | T98: 000 1070103001 0000 110 | U98: 29237.4 | V98: - | W98: 29237.4 | X98: - | Y98: 29237.4 | Z98: - | AA98: - | AB98: - | AC98: - | AD98: - | AE98: - | AF98: - | AG98: - | AH98: -
A99: Сборы за пользование объектами животного мира и за пользование объектами водных биологических ресурсов | B99: 010 | C99: 000 1070400001 0000 110 | D99: 2160000 | E99: - | F99: 2160000 | G99: - | H99: 2160000 | I99: - | J99: - | K99: - | L99: - | M99: - | N99: - | O99: - | P99: - | Q99: - | R99: Сборы за пользование объектами животного мира и за пользование объектами водных биологических ресурсов | S99: 010 | T99: 000 1070400001 0000 110 | U99: 1129232.6 | V99: - | W99: 1129232.6 | X99: - | Y99: 1129232.6 | Z99: - | AA99: - | AB99: - | AC99: - | AD99: - | AE99: - | AF99: - | AG99: - | AH99: -
A100: Сбор за пользование объектами животного мира | B100: 010 | C100: 000 1070401001 0000 110 | D100: 1350000 | E100: - | F100: 1350000 | G100: - | H100: 1350000 | I100: - | J100: - | K100: - | L100: - | M100: - | N100: - | O100: - | P100: - | Q100: - | R100: Сбор за пользование объектами животного мира | S100: 010 | T100: 000 1070401001 0000 110 | U100: 857763.44 | V100: - | W100: 857763.44 | X100: - | Y100: 857763.44 | Z100: - | AA100: - | AB100: - | AC100: - | AD100: - | AE100: - | AF100: - | AG100: - | AH100: -
A101: Сбор за пользование объектами водных биологических ресурсов (по внутренним водным объектам) | B101: 010 | C101: 000 1070403001 0000 110 | D101: 810000 | E101: - | F101: 810000 | G101: - | H101: 810000 | I101: - | J101: - | K101: - | L101: - | M101: - | N101: - | O101: - | P101: - | Q101: - | R101: Сбор за пользование объектами водных биологических ресурсов (по внутренним водным объектам) | S101: 010 | T101: 000 1070403001 0000 110 | U101: 271469.13 | V101: - | W101: 271469.13 | X101: - | Y101: 271469.13 | Z101: - | AA101: - | AB101: - | AC101: - | AD101: - | AE101: - | AF101: - | AG101: - | AH101: -
A102: ГОСУДАРСТВЕННАЯ ПОШЛИНА | B102: 010 | C102: 000 1080000000 0000 000 | D102: 7.6870349e+08 | E102: - | F102: 7.6870349e+08 | G102: - | H102: 326001200 | I102: - | J102: - | K102: 2.3910634e+08 | L102: - | M102: - | N102: 202459542 | O102: 31400 | P102: 1105005 | Q102: - | R102: ГОСУДАРСТВЕННАЯ ПОШЛИНА | S102: 010 | T102: 000 1080000000 0000 000 | U102: 3.1201304e+08 | V102: - | W102: 3.1201304e+08 | X102: - | Y102: 1.213401e+08 | Z102: - | AA102: - | AB102: 1.0023544e+08 | AC102: - | AD102: - | AE102: 90016175 | AF102: 10930 | AG102: 410397.51 | AH102: -
A103: Государственная пошлина по делам, рассматриваемым Конституционным Судом Российской Федерации и конституционными (уставными) судами субъектов Российской Федерации | B103: 010 | C103: 000 1080200001 0000 110 | D103: - | E103: - | F103: - | G103: - | H103: - | I103: - | J103: - | K103: - | L103: - | M103: - | N103: - | O103: - | P103: - | Q103: - | R103: Государственная пошлина по делам, рассматриваемым Конституционным Судом Российской Федерации и конституционными (уставными) судами субъектов Российской Федерации | S103: 010 | T103: 000 1080200001 0000 110 | U103: 1574691.2 | V103: - | W103: 1574691.2 | X103: - | Y103: 1574691.2 | Z103: - | AA103: - | AB103: - | AC103: - | AD103: - | AE103: - | AF103: - | AG103: - | AH103: -
...

Sheet Расходы
A2: 2. Расходы бюджета | P2: Форма 0503317 с.3 | AG2: Форма 0503317 с.4
A4: Наименование показателя | B4: Код строки | C4: Код расхода по бюджетной классификации | D4: Утвержденные бюджетные назначения | R4: Наименование показателя | S4: Код строки | T4: Код расхода по бюджетной классификации | U4: Исполнено
D5: консолидированный бюджет субъекта Российской Федерации и территориального государственного внебюджетного фонда | E5: суммы, подлежащие исключению в рамках консолидированного бюджета субъекта Российской Федерации и бюджета территориального государственного внебюджетного фонда | F5: консолидированный бюджет субъекта Российской Федерации | G5: суммы, подлежащие исключению в рамках консолидированного бюджета субъекта Российской Федерации | H5: бюджет субъекта Российской Федерации | I5: бюджеты внутригородских муниципальных образований городов федерального значения | J5: бюджеты муниципальных округов | K5: бюджеты городских округов | L5: бюджеты городских округов с внутригородским делением | M5: бюджеты внутригородских районов | N5: бюджеты муниципальных районов | O5: бюджеты городских поселений | P5: бюджеты сельских поселений | Q5: бюджет территориального государственного внебюджетного фонда | U5: консолидированный бюджет субъекта Российской Федерации и территориального государственного внебюджетного фонда | V5: суммы, подлежащие исключению в рамках консолидированного бюджета субъекта Российской Федерации и бюджета территориального государственного внебюджетного фонда | W5: консолидированный бюджет субъекта Российской Федерации | X5: суммы, подлежащие исключению в рамках консолидированного бюджета субъекта Российской Федерации | Y5: бюджет субъекта Российской Федерации | Z5: бюджеты внутригородских муниципальных образований городов федерального значения | AA5: бюджеты муниципальных округов | AB5: бюджеты городских округов | AC5: бюджеты городских округов с внутри- городским делением | AD5: бюджеты внутригородских районов | AE5: бюджеты муниципальных районов | AF5: бюджеты городских поселений | AG5: бюджеты сельских поселений | AH5: бюджет территориального государственного внебюджетного фонда
A6: 1 | B6: 2 | C6: 3 | D6: 4 | E6: 5 | F6: 6 | G6: 7 | H6: 8 | I6: 9 | J6: 10 | K6: 11 | L6: 12 | M6: 13 | N6: 14 | O6: 15 | P6: 16 | Q6: 17 | R6: 1 | S6: 2 | T6: 3 | U6: 18 | V6: 19 | W6: 20 | X6: 21 | Y6: 22 | Z6: 23 | AA6: 24 | AB6: 25 | AC6: 26 | AD6: 27 | AE6: 28 | AF6: 29 | AG6: 30 | AH6: 31
A7: Расходы бюджета - всего | B7: 200 | C7: х | D7: 2.1664878e+11 | E7: - | F7: 1.8076594e+11 | G7: 4.5343941e+10 | H7: 1.5425187e+11 | I7: - | J7: - | K7: 2.5647477e+10 | L7: - | M7: - | N7: 3.5192433e+10 | O7: 6.7784623e+09 | P7: 4.2396378e+09 | Q7: 3.5882843e+10 | R7: Расходы бюджета - всего | S7: 200 | T7: х | U7: 9.6135e+10 | V7: 99868100 | W7: 7.853885e+10 | X7: 2.0576835e+10 | Y7: 6.6979027e+10 | Z7: - | AA7: - | AB7: 1.2041405e+10 | AC7: - | AD7: - | AE7: 1.6504019e+10 | AF7: 2.3355196e+09 | AG7: 1.2557149e+09 | AH7: 1.7696018e+10
A8: в том числе: | R8: в том числе:
A9: ОБЩЕГОСУДАРСТВЕННЫЕ ВОПРОСЫ | B9: 200 | C9: 000 0100 0000000000 000 | D9: 1.1044517e+10 | E9: - | F9: 1.0880067e+10 | G9: 2.7426892e+08 | H9: 5.1080418e+09 | I9: - | J9: - | K9: 2.3019549e+09 | L9: - | M9: - | N9: 2.6310342e+09 | O9: 1.6901612e+08 | P9: 9.4428847e+08 | Q9: 164450000 | R9: ОБЩЕГОСУДАРСТВЕННЫЕ ВОПРОСЫ | S9: 200 | T9: 000 0100 0000000000 000 | U9: 4.5210792e+09 | V9: - | W9: 4.4542843e+09 | X9: 60364630 | Y9: 1.7126024e+09 | Z9: - | AA9: - | AB9: 1.0184056e+09 | AC9: - | AD9: - | AE9: 1.326974e+09 | AF9: 68502282 | AG9: 3.8816471e+08 | AH9: 66794875
A10: Функционирование высшего должностного лица субъекта Российской Федерации и муниципального образования | B10: 200 | C10: 000 0102 0000000000 000 | D10: 5.2737189e+08 | E10: - | F10: 5.2737189e+08 | G10: - | H10: 231295100 | I10: - | J10: - | K10: 14322721 | L10: - | M10: - | N10: 86060547 | O10: 3549800 | P10: 1.9214372e+08 | Q10: - | R10: Функционирование высшего должностного лица субъекта Российской Федерации и муниципального образования | S10: 200 | T10: 000 0102 0000000000 000 | U10: 2.4001158e+08 | V10: - | W10: 2.4001158e+08 | X10: - | Y10: 1.0936877e+08 | Z10: - | AA10: - | AB10: 6942301.1 | AC10: - | AD10: - | AE10: 44048827 | AF10: 1538068.8 | AG10: 78113608 | AH10: -
A11: Расходы на выплаты персоналу в целях обеспечения выполнения функций государственными (муниципальными) органами, казенными учреждениями, органами управления государственными внебюджетными фондами | B11: 200 | C11: 000 0102 0000000000 100 | D11: 5.2534703e+08 | E11: - | F11: 5.2534703e+08 | G11: - | H11: 229319800 | I11: - | J11: - | K11: 14322721 | L11: - | M11: - | N11: 86059547 | O11: 3549800 | P11: 1.9209516e+08 | Q11: - | R11: Расходы на выплаты персоналу в целях обеспечения выполнения функций государственными (муниципальными) органами, казенными учреждениями, органами управления государственными внебюджетными фондами | S11: 200 | T11: 000 0102 0000000000 100 | U11: 2.3995812e+08 | V11: - | W11: 2.3995812e+08 | X11: - | Y11: 1.093539e+08 | Z11: - | AA11: - | AB11: 6942301.1 | AC11: - | AD11: - | AE11: 44047827 | AF11: 1538068.8 | AG11: 78076014 | AH11: -
A12: Расходы на выплаты персоналу государственных (муниципальных) органов | B12: 200 | C12: 000 0102 0000000000 120 | D12: 5.2534703e+08 | E12: - | F12: 5.2534703e+08 | G12: - | H12: 229319800 | I12: - | J12: - | K12: 14322721 | L12: - | M12: - | N12: 86059547 | O12: 3549800 | P12: 1.9209516e+08 | Q12: - | R12: Расходы на выплаты персоналу государственных (муниципальных) органов | S12: 200 | T12: 000 0102 0000000000 120 | U12: 2.3995812e+08 | V12: - | W12: 2.3995812e+08 | X12: - | Y12: 1.093539e+08 | Z12: - | AA12: - | AB12: 6942301.1 | AC12: - | AD12: - | AE12: 44047827 | AF12: 1538068.8 | AG12: 78076014 | AH12: -
A13: Фонд оплаты труда государственных (муниципальных) органов | B13: 200 | C13: 000 0102 0000000000 121 | D13: 3.9429751e+08 | E13: - | F13: 3.9429751e+08 | G13: - | H13: 167385600 | I13: - | J13: - | K13: 11000505 | L13: - | M13: - | N13: 65742525 | O13: 2726400 | P13: 1.4744248e+08 | Q13: - | R13: Фонд оплаты труда государственных (муниципальных) органов | S13: 200 | T13: 000 0102 0000000000 121 | U13: 1.8656762e+08 | V13: - | W13: 1.8656762e+08 | X13: - | Y13: 79972710 | Z13: - | AA13: - | AB13: 5655500.9 | AC13: - | AD13: - | AE13: 35878643 | AF13: 1187717.7 | AG13: 63873051 | AH13: -
A14: Иные выплаты персоналу государственных (муниципальных) органов, за исключением фонда оплаты труда | B14: 200 | C14: 000 0102 0000000000 122 | D14: 9415141 | E14: - | F14: 9415141 | G14: - | H14: 9168200 | I14: - | J14: - | K14: - | L14: - | M14: - | N14: 217141 | O14: - | P14: 29800 | Q14: - | R14: Иные выплаты персоналу государственных (муниципальных) органов, за исключением фонда оплаты труда | S14: 200 | T14: 000 0102 0000000000 122 | U14: 6618839 | V14: - | W14: 6618839 | X14: - | Y14: 6545918 | Z14: - | AA14: - | AB14: - | AC14: - | AD14: - | AE14: 62121 | AF14: - | AG14: 10800 | AH14: -
A15: Взносы по обязательному социальному страхованию на выплаты денежного содержания и иные выплаты работникам государственных (муниципальных) органов | B15: 200 | C15: 000 0102 0000000000 129 | D15: 1.2163437e+08 | E15: - | F15: 1.2163437e+08 | G15: - | H15: 52766000 | I15: - | J15: - | K15: 3322216.4 | L15: - | M15: - | N15: 20099881 | O15: 823400 | P15: 44622878 | Q15: - | R15: Взносы по обязательному социальному страхованию на выплаты денежного содержания и иные выплаты работникам государственных (муниципальных) органов | S15: 200 | T15: 000 0102 0000000000 129 | U15: 46771654 | V15: - | W15: 46771654 | X15: - | Y15: 22835277 | Z15: - | AA15: - | AB15: 1286800.2 | AC15: - | AD15: - | AE15: 8107062.5 | AF15: 350351.11 | AG15: 14192163 | AH15: -
A16: Закупка товаров, работ и услуг для обеспечения государственных (муниципальных) нужд | B16: 200 | C16: 000 0102 0000000000 200 | D16: 2014400 | E16: - | F16: 2014400 | G16: - | H16: 1975300 | I16: - | J16: - | K16: - | L16: - | M16: - | N16: 1000 | O16: - | P16: 38100 | Q16: - | R16: Закупка товаров, работ и услуг для обеспечения государственных (муниципальных) нужд | S16: 200 | T16: 000 0102 0000000000 200 | U16: 52852.84 | V16: - | W16: 52852.84 | X16: - | Y16: 14867.84 | Z16: - | AA16: - | AB16: - | AC16: - | AD16: - | AE16: 1000 | AF16: - | AG16: 36985 | AH16: -
A17: Иные закупки товаров, работ и услуг для обеспечения государственных (муниципальных) нужд | B17: 200 | C17: 000 0102 0000000000 240 | D17: 2014400 | E17: - | F17: 2014400 | G17: - | H17: 1975300 | I17: - | J17: - | K17: - | L17: - | M17: - | N17: 1000 | O17: - | P17: 38100 | Q17: - | R17: Иные закупки товаров, работ и услуг для обеспечения государственных (муниципальных) нужд | S17: 200 | T17: 000 0102 0000000000 240 | U17: 52852.84 | V17: - | W17: 52852.84 | X17: - | Y17: 14867.84 | Z17: - | AA17: - | AB17: - | AC17: - | AD17: - | AE17: 1000 | AF17: - | AG17: 36985 | AH17: -
A18: Прочая закупка товаров, работ и услуг | B18: 200 | C18: 000 0102 0000000000 244 | D18: 2014400 | E18: - | F18: 2014400 | G18: - | H18: 1975300 | I18: - | J18: - | K18: - | L18: - | M18: - | N18: 1000 | O18: - | P18: 38100 | Q18: - | R18: Прочая закупка товаров, работ и услуг | S18: 200 | T18: 000 0102 0000000000 244 | U18: 52852.84 | V18: - | W18: 52852.84 | X18: - | Y18: 14867.84 | Z18: - | AA18: - | AB18: - | AC18: - | AD18: - | AE18: 1000 | AF18: - | AG18: 36985 | AH18: -
A19: Иные бюджетные ассигнования | B19: 200 | C19: 000 0102 0000000000 800 | D19: 10460.78 | E19: - | F19: 10460.78 | G19: - | H19: - | I19: - | J19: - | K19: - | L19: - | M19: - | N19: - | O19: - | P19: 10460.78 | Q19: - | R19: Иные бюджетные ассигнования | S19: 200 | T19: 000 0102 0000000000 800 | U19: 609.16 | V19: - | W19: 609.16 | X19: - | Y19: - | Z19: - | AA19: - | AB19: - | AC19: - | AD19: - | AE19: - | AF19: - | AG19: 609.16 | AH19: -
A20: Уплата налогов, сборов и иных платежей | B20: 200 | C20: 000 0102 0000000000 850 | D20: 10460.78 | E20: - | F20: 10460.78 | G20: - | H20: - | I20: - | J20: - | K20: - | L20: - | M20: - | N20: - | O20: - | P20: 10460.78 | Q20: - | R20: Уплата налогов, сборов и иных платежей | S20: 200 | T20: 000 0102 0000000000 850 | U20: 609.16 | V20: - | W20: 609.16 | X20: - | Y20: - | Z20: - | AA20: - | AB20: - | AC20: - | AD20: - | AE20: - | AF20: - | AG20: 609.16 | AH20: -
A21: Уплата иных платежей | B21: 200 | C21: 000 0102 0000000000 853 | D21: 10460.78 | E21: - | F21: 10460.78 | G21: - | H21: - | I21: - | J21: - | K21: - | L21: - | M21: - | N21: - | O21: - | P21: 10460.78 | Q21: - | R21: Уплата иных платежей | S21: 200 | T21: 000 0102 0000000000 853 | U21: 609.16 | V21: - | W21: 609.16 | X21: - | Y21: - | Z21: - | AA21: - | AB21: - | AC21: - | AD21: - | AE21: - | AF21: - | AG21: 609.16 | AH21: -
A22: Функционирование законодательных (представительных) органов государственной власти и представительных органов муниципальных образований | B22: 200 | C22: 000 0103 0000000000 000 | D22: 4.9310601e+08 | E22: - | F22: 4.9310601e+08 | G22: 89000 | H22: 275588900 | I22: - | J22: - | K22: 1.4510719e+08 | L22: - | M22: - | N22: 47088872 | O22: 25405875 | P22: 4172.66 | Q22: - | R22: Функционирование законодательных (представительных) органов государственной власти и представительных органов муниципальных образований | S22: 200 | T22: 000 0103 0000000000 000 | U22: 2.2785822e+08 | V22: - | W22: 2.2785822e+08 | X22: 49914.2 | Y22: 1.1913742e+08 | Z22: - | AA22: - | AB22: 71735008 | AC22: - | AD22: - | AE22: 25643781 | AF22: 11388124 | AG22: 3800 | AH22: -
A23: Расходы на выплаты персоналу в целях обеспечения выполнения функций государственными (муниципальными) органами, казенными учреждениями, органами управления государственными внебюджетными фондами | B23: 200 | C23: 000 0103 0000000000 100 | D23: 4.3275231e+08 | E23: - | F23: 4.3275231e+08 | G23: - | H23: 243024600 | I23: - | J23: - | K23: 1.2819439e+08 | L23: - | M23: - | N23: 42266852 | O23: 19266460 | P23: - | Q23: - | R23: Расходы на выплаты персоналу в целях обеспечения выполнения функций государственными (муниципальными) органами, казенными учреждениями, органами управления государственными внебюджетными фондами | S23: 200 | T23: 000 0103 0000000000 100 | U23: 2.0936961e+08 | V23: - | W23: 2.0936961e+08 | X23: - | Y23: 1.0890711e+08 | Z23: - | AA23: - | AB23: 67031023 | AC23: - | AD23: - | AE23: 24064529 | AF23: 9366946.6 | AG23: - | AH23: -
A24: Расходы на выплаты персоналу государственных (муниципальных) органов | B24: 200 | C24: 000 0103 0000000000 120 | D24: 4.3275231e+08 | E24: - | F24: 4.3275231e+08 | G24: - | H24: 243024600 | I24: - | J24: - | K24: 1.2819439e+08 | L24: - | M24: - | N24: 42266852 | O24: 19266460 | P24: - | Q24: - | R24: Расходы на выплаты персоналу государственных (муниципальных) органов | S24: 200 | T24: 000 0103 0000000000 120 | U24: 2.0936961e+08 | V24: - | W24: 2.0936961e+08 | X24: - | Y24: 1.0890711e+08 | Z24: - | AA24: - | AB24: 67031023 | AC24: - | AD24: - | AE24: 24064529 | AF24: 9366946.6 | AG24: - | AH24: -
A25: Фонд оплаты труда государственных (муниципальных) органов | B25: 200 | C25: 000 0103 0000000000 121 | D25: 3.2683837e+08 | E25: - | F25: 3.2683837e+08 | G25: - | H25: 182239300 | I25: - | J25: - | K25: 98135786 | L25: - | M25: - | N25: 31945085 | O25: 14518197 | P25: - | Q25: - | R25: Фонд оплаты труда государственных (муниципальных) органов | S25: 200 | T25: 000 0103 0000000000 121 | U25: 1.6375803e+08 | V25: - | W25: 1.6375803e+08 | X25: - | Y25: 82763144 | Z25: - | AA25: - | AB25: 53342868 | AC25: - | AD25: - | AE25: 20183669 | AF25: 7468345.6 | AG25: - | AH25: -
A26: Иные выплаты персоналу государственных (муниципальных) органов, за исключением фонда оплаты труда | B26: 200 | C26: 000 0103 0000000000 122 | D26: 6418403 | E26: - | F26: 6418403 | G26: - | H26: 5607800 | I26: - | J26: - | K26: 340500 | L26: - | M26: - | N26: 100200 | O26: 369902.96 | P26: - | Q26: - | R26: Иные выплаты персоналу государственных (муниципальных) органов, за исключением фонда оплаты труда | S26: 200 | T26: 000 0103 0000000000 122 | U26: 3355247.8 | V26: - | W26: 3355247.8 | X26: - | Y26: 3258405.8 | Z26: - | AA26: - | AB26: 96842 | AC26: - | AD26: - | AE26: - | AF26: - | AG26: - | AH26: -
A27: Взносы по обязательному социальному страхованию на выплаты денежного содержания и иные выплаты работникам государственных (муниципальных) органов | B27: 200 | C27: 000 0103 0000000000 129 | D27: 99495535 | E27: - | F27: 99495535 | G27: - | H27: 55177500 | I27: - | J27: - | K27: 29718108 | L27: - | M27: - | N27: 10221567 | O27: 4378360.2 | P27: - | Q27: - | R27: Взносы по обязательному социальному страхованию на выплаты денежного содержания и иные выплаты работникам государственных (муниципальных) органов | S27: 200 | T27: 000 0103 0000000000 129 | U27: 42256337 | V27: - | W27: 42256337 | X27: - | Y27: 22885562 | Z27: - | AA27: - | AB27: 13591313 | AC27: - | AD27: - | AE27: 3880860.6 | AF27: 1898601 | AG27: - | AH27: -
A28: Закупка товаров, работ и услуг для обеспечения государственных (муниципальных) нужд | B28: 200 | C28: 000 0103 0000000000 200 | D28: 56021288 | E28: - | F28: 56021288 | G28: - | H28: 28847800 | I28: - | J28: - | K28: 16615400 | L28: - | M28: - | N28: 4622226.8 | O28: 5935861 | P28: - | Q28: - | R28: Закупка товаров, работ и услуг для обеспечения государственных (муниципальных) нужд | S28: 200 | T28: 000 0103 0000000000 200 | U28: 17701998 | V28: - | W28: 17701998 | X28: - | Y28: 9731910 | Z28: - | AA28: - | AB28: 4590923.2 | AC28: - | AD28: - | AE28: 1467192.6 | AF28: 1911972.6 | AG28: - | AH28: -
A29: Иные закупки товаров, работ и услуг для обеспечения государственных (муниципальных) нужд | B29: 200 | C29: 000 0103 0000000000 240 | D29: 56021288 | E29: - | F29: 56021288 | G29: - | H29: 28847800 | I29: - | J29: - | K29: 16615400 | L29: - | M29: - | N29: 4622226.8 | O29: 5935861 | P29: - | Q29: - | R29: Иные закупки товаров, работ и услуг для обеспечения государственных (муниципальных) нужд | S29: 200 | T29: 000 0103 0000000000 240 | U29: 17701998 | V29: - | W29: 17701998 | X29: - | Y29: 9731910 | Z29: - | AA29: - | AB29: 4590923.2 | AC29: - | AD29: - | AE29: 1467192.6 | AF29: 1911972.6 | AG29: - | AH29: -
A30: Закупка товаров, работ, услуг в сфере информационно-коммуникационных технологий | B30: 200 | C30: 000 0103 0000000000 242 | D30: 680860 | E30: - | F30: 680860 | G30: - | H30: - | I30: - | J30: - | K30: - | L30: - | M30: - | N30: 545100 | O30: 135760 | P30: - | Q30: - | R30: Закупка товаров, работ, услуг в сфере информационно-коммуникационных технологий | S30: 200 | T30: 000 0103 0000000000 242 | U30: 282604.14 | V30: - | W30: 282604.14 | X30: - | Y30: - | Z30: - | AA30: - | AB30: - | AC30: - | AD30: - | AE30: 229775.61 | AF30: 52828.53 | AG30: - | AH30: -
A31: Прочая закупка товаров, работ и услуг | B31: 200 | C31: 000 0103 0000000000 244 | D31: 48124428 | E31: - | F31: 48124428 | G31: - | H31: 23133400 | I31: - | J31: - | K31: 15769500 | L31: - | M31: - | N31: 4059126.8 | O31: 5162401 | P31: - | Q31: - | R31: Прочая закупка товаров, работ и услуг | S31: 200 | T31: 000 0103 0000000000 244 | U31: 15154307 | V31: - | W31: 15154307 | X31: - | Y31: 8151513.6 | Z31: - | AA31: - | AB31: 4162876 | AC31: - | AD31: - | AE31: 1225881.2 | AF31: 1614036 | AG31: - | AH31: -
A32: Закупка энергетических ресурсов | B32: 200 | C32: 000 0103 0000000000 247 | D32: 7216000 | E32: - | F32: 7216000 | G32: - | H32: 5714400 | I32: - | J32: - | K32: 845900 | L32: - | M32: - | N32: 18000 | O32: 637700 | P32: - | Q32: - | R32: Закупка энергетических ресурсов | S32: 200 | T32: 000 0103 0000000000 247 | U32: 2265087.6 | V32: - | W32: 2265087.6 | X32: - | Y32: 1580396.4 | Z32: - | AA32: - | AB32: 428047.25 | AC32: - | AD32: - | AE32: 11535.84 | AF32: 245108.1 | AG32: - | AH32: -
A33: Социальное обеспечение и иные выплаты населению | B33: 200 | C33: 000 0103 0000000000 300 | D33: 282400 | E33: - | F33: 282400 | G33: - | H33: - | I33: - | J33: - | K33: 222400 | L33: - | M33: - | N33: 60000 | O33: - | P33: - | Q33: - | R33: Социальное обеспечение и иные выплаты населению | S33: 200 | T33: 000 0103 0000000000 300 | U33: 111809.17 | V33: - | W33: 111809.17 | X33: - | Y33: - | Z33: - | AA33: - | AB33: 101809.17 | AC33: - | AD33: - | AE33: 10000 | AF33: - | AG33: - | AH33: -
A34: Социальные выплаты гражданам, кроме публичных нормативных социальных выплат | B34: 200 | C34: 000 0103 0000000000 320 | D34: 222400 | E34: - | F34: 222400 | G34: - | H34: - | I34: - | J34: - | K34: 222400 | L34: - | M34: - | N34: - | O34: - | P34: - | Q34: - | R34: Социальные выплаты гражданам, кроме публичных нормативных социальных выплат | S34: 200 | T34: 000 0103 0000000000 320 | U34: 101809.17 | V34: - | W34: 101809.17 | X34: - | Y34: - | Z34: - | AA34: - | AB34: 101809.17 | AC34: - | AD34: - | AE34: - | AF34: - | AG34: - | AH34: -
A35: Пособия, компенсации и иные социальные выплаты гражданам, кроме публичных нормативных обязательств | B35: 200 | C35: 000 0103 0000000000 321 | D35: 222400 | E35: - | F35: 222400 | G35: - | H35: - | I35: - | J35: - | K35: 222400 | L35: - | M35: - | N35: - | O35: - | P35: - | Q35: - | R35: Пособия, компенсации и иные социальные выплаты гражданам, кроме публичных нормативных обязательств | S35: 200 | T35: 000 0103 0000000000 321 | U35: 101809.17 | V35: - | W35: 101809.17 | X35: - | Y35: - | Z35: - | AA35: - | AB35: 101809.17 | AC35: - | AD35: - | AE35: - | AF35: - | AG35: - | AH35: -
A36: Публичные нормативные выплаты гражданам несоциального характера | B36: 200 | C36: 000 0103 0000000000 330 | D36: 60000 | E36: - | F36: 60000 | G36: - | H36: - | I36: - | J36: - | K36: - | L36: - | M36: - | N36: 60000 | O36: - | P36: - | Q36: - | R36: Публичные нормативные выплаты гражданам несоциального характера | S36: 200 | T36: 000 0103 0000000000 330 | U36: 10000 | V36: - | W36: 10000 | X36: - | Y36: - | Z36: - | AA36: - | AB36: - | AC36: - | AD36: - | AE36: 10000 | AF36: - | AG36: - | AH36: -
A37: Межбюджетные трансферты | B37: 200 | C37: 000 0103 0000000000 500 | D37: - | E37: - | F37: - | G37: 89000 | H37: - | I37: - | J37: - | K37: - | L37: - | M37: - | N37: - | O37: 85200 | P37: 3800 | Q37: - | R37: Межбюджетные трансферты | S37: 200 | T37: 000 0103 0000000000 500 | U37: - | V37: - | W37: - | X37: 49914.2 | Y37: - | Z37: - | AA37: - | AB37: - | AC37: - | AD37: - | AE37: - | AF37: 46114.2 | AG37: 3800 | AH37: -
A38: Иные межбюджетные трансферты | B38: 200 | C38: 000 0103 0000000000 540 | D38: - | E38: - | F38: - | G38: 89000 | H38: - | I38: - | J38: - | K38: - | L38: - | M38: - | N38: - | O38: 85200 | P38: 3800 | Q38: - | R38: Иные межбюджетные трансферты | S38: 200 | T38: 000 0103 0000000000 540 | U38: - | V38: - | W38: - | X38: 49914.2 | Y38: - | Z38: - | AA38: - | AB38: - | AC38: - | AD38: - | AE38: - | AF38: 46114.2 | AG38: 3800 | AH38: -
A39: Предоставление субсидий бюджетным, автономным учреждениям и иным некоммерческим организациям | B39: 200 | C39: 000 0103 0000000000 600 | D39: 3000000 | E39: - | F39: 3000000 | G39: - | H39: 3000000 | I39: - | J39: - | K39: - | L39: - | M39: - | N39: - | O39: - | P39: - | Q39: - | R39: Предоставление субсидий бюджетным, автономным учреждениям и иным некоммерческим организациям | S39: 200 | T39: 000 0103 0000000000 600 | U39: 323595.91 | V39: - | W39: 323595.91 | X39: - | Y39: 323595.91 | Z39: - | AA39: - | AB39: - | AC39: - | AD39: - | AE39: - | AF39: - | AG39: - | AH39: -
A40: Субсидии бюджетным учреждениям | B40: 200 | C40: 000 0103 0000000000 610 | D40: 3000000 | E40: - | F40: 3000000 | G40: - | H40: 3000000 | I40: - | J40: - | K40: - | L40: - | M40: - | N40: - | O40: - | P40: - | Q40: - | R40: Субсидии бюджетным учреждениям | S40: 200 | T40: 000 0103 0000000000 610 | U40: 323595.91 | V40: - | W40: 323595.91 | X40: - | Y40: 323595.91 | Z40: - | AA40: - | AB40: - | AC40: - | AD40: - | AE40: - | AF40: - | AG40: - | AH40: -
A41: Субсидии бюджетным учреждениям на иные цели | B41: 200 | C41: 000 0103 0000000000 612 | D41: 3000000 | E41: - | F41: 3000000 | G41: - | H41: 3000000 | I41: - | J41: - | K41: - | L41: - | M41: - | N41: - | O41: - | P41: - | Q41: - | R41: Субсидии бюджетным учреждениям на иные цели | S41: 200 | T41: 000 0103 0000000000 612 | U41: 323595.91 | V41: - | W41: 323595.91 | X41: - | Y41: 323595.91 | Z41: - | AA41: - | AB41: - | AC41: - | AD41: - | AE41: - | AF41: - | AG41: - | AH41: -
A42: Иные бюджетные ассигнования | B42: 200 | C42: 000 0103 0000000000 800 | D42: 1050019.9 | E42: - | F42: 1050019.9 | G42: - | H42: 716500 | I42: - | J42: - | K42: 75000 | L42: - | M42: - | N42: 139792.72 | O42: 118354.48 | P42: 372.66 | Q42: - | R42: Иные бюджетные ассигнования | S42: 200 | T42: 000 0103 0000000000 800 | U42: 351202.49 | V42: - | W42: 351202.49 | X42: - | Y42: 174800 | Z42: - | AA42: - | AB42: 11253.16 | AC42: - | AD42: - | AE42: 102058.59 | AF42: 63090.74 | AG42: - | AH42: -
A43: Уплата налогов, сборов и иных платежей | B43: 200 | C43: 000 0103 0000000000 850 | D43: 1050019.9 | E43: - | F43: 1050019.9 | G43: - | H43: 716500 | I43: - | J43: - | K43: 75000 | L43: - | M43: - | N43: 139792.72 | O43: 118354.48 | P43: 372.66 | Q43: - | R43: Уплата налогов, сборов и иных платежей | S43: 200 | T43: 000 0103 0000000000 850 | U43: 351202.49 | V43: - | W43: 351202.49 | X43: - | Y43: 174800 | Z43: - | AA43: - | AB43: 11253.16 | AC43: - | AD43: - | AE43: 102058.59 | AF43: 63090.74 | AG43: - | AH43: -
A44: Уплата налога на имущество организаций и земельного налога | B44: 200 | C44: 000 0103 0000000000 851 | D44: 741671 | E44: - | F44: 741671 | G44: - | H44: 711500 | I44: - | J44: - | K44: 10000 | L44: - | M44: - | N44: 12275 | O44: 7896 | P44: - | Q44: - | R44: Уплата налога на имущество организаций и земельного налога | S44: 200 | T44: 000 0103 0000000000 851 | U44: 177414 | V44: - | W44: 177414 | X44: - | Y44: 174800 | Z44: - | AA44: - | AB44: - | AC44: - | AD44: - | AE44: - | AF44: 2614 | AG44: - | AH44: -
A45: Уплата прочих налогов, сборов | B45: 200 | C45: 000 0103 0000000000 852 | D45: 79223 | E45: - | F45: 79223 | G45: - | H45: - | I45: - | J45: - | K45: 40000 | L45: - | M45: - | N45: 24910 | O45: 14313 | P45: - | Q45: - | R45: Уплата прочих налогов, сборов | S45: 200 | T45: 000 0103 0000000000 852 | U45: 22257 | V45: - | W45: 22257 | X45: - | Y45: - | Z45: - | AA45: - | AB45: 7178 | AC45: - | AD45: - | AE45: 12220 | AF45: 2859 | AG45: - | AH45: -
A46: Уплата иных платежей | B46: 200 | C46: 000 0103 0000000000 853 | D46: 229125.86 | E46: - | F46: 229125.86 | G46: - | H46: 5000 | I46: - | J46: - | K46: 25000 | L46: - | M46: - | N46: 102607.72 | O46: 96145.48 | P46: 372.66 | Q46: - | R46: Уплата иных платежей | S46: 200 | T46: 000 0103 0000000000 853 | U46: 151531.49 | V46: - | W46: 151531.49 | X46: - | Y46: - | Z46: - | AA46: - | AB46: 4075.16 | AC46: - | AD46: - | AE46: 89838.59 | AF46: 57617.74 | AG46: - | AH46: -
A47: Функционирование Правительства Российской Федерации, высших исполнительных органов государственной власти субъектов Российской Федерации, местных администраций | B47: 200 | C47: 000 0104 0000000000 000 | D47: 2.8480938e+09 | E47: - | F47: 2.8480938e+09 | G47: 19454186 | H47: 125562000 | I47: - | J47: - | K47: 9.2546284e+08 | L47: - | M47: - | N47: 1.0753016e+09 | O47: 61519074 | P47: 6.7970245e+08 | Q47: - | R47: Функционирование Правительства Российской Федерации, высших исполнительных органов государственной власти субъектов Российской Федерации, местных администраций | S47: 200 | T47: 000 0104 0000000000 000 | U47: 1.3808226e+09 | V47: - | W47: 1.3808226e+09 | X47: 8877393 | Y47: 57975894 | Z47: - | AA47: - | AB47: 4.4926546e+08 | AC47: - | AD47: - | AE47: 5.6617488e+08 | AF47: 28501555 | AG47: 2.8778218e+08 | AH47: -
A48: Расходы на выплаты персоналу в целях обеспечения выполнения функций государственными (муниципальными) органами, казенными учреждениями, органами управления государственными внебюджетными фондами | B48: 200 | C48: 000 0104 0000000000 100 | D48: 2.5205599e+09 | E48: - | F48: 2.5205599e+09 | G48: - | H48: 119664900 | I48: - | J48: - | K48: 8.6146425e+08 | L48: - | M48: - | N48: 9.858285e+08 | O48: 44348619 | P48: 5.0925364e+08 | Q48: - | R48: Расходы на выплаты персоналу в целях обеспечения выполнения функций государственными (муниципальными) органами, казенными учреждениями, органами управления государственными внебюджетными фондами | S48: 200 | T48: 000 0104 0000000000 100 | U48: 1.2570908e+09 | V48: - | W48: 1.2570908e+09 | X48: - | Y48: 56533356 | Z48: - | AA48: - | AB48: 4.3005545e+08 | AC48: - | AD48: - | AE48: 5.3131167e+08 | AF48: 20090895 | AG48: 2.1909943e+08 | AH48: -
A49: Расходы на выплаты персоналу государственных (муниципальных) органов | B49: 200 | C49: 000 0104 0000000000 120 | D49: 2.5205599e+09 | E49: - | F49: 2.5205599e+09 | G49: - | H49: 119664900 | I49: - | J49: - | K49: 8.6146425e+08 | L49: - | M49: - | N49: 9.858285e+08 | O49: 44348619 | P49: 5.0925364e+08 | Q49: - | R49: Расходы на выплаты персоналу государственных (муниципальных) органов | S49: 200 | T49: 000 0104 0000000000 120 | U49: 1.2570908e+09 | V49: - | W49: 1.2570908e+09 | X49: - | Y49: 56533356 | Z49: - | AA49: - | AB49: 4.3005545e+08 | AC49: - | AD49: - | AE49: 5.3131167e+08 | AF49: 20090895 | AG49: 2.1909943e+08 | AH49: -
A50: Фонд оплаты труда государственных (муниципальных) органов | B50: 200 | C50: 000 0104 0000000000 121 | D50: 1.9277282e+09 | E50: - | F50: 1.9277282e+09 | G50: - | H50: 87294600 | I50: - | J50: - | K50: 6.6018532e+08 | L50: - | M50: - | N50: 7.5513669e+08 | O50: 34145238 | P50: 3.9096632e+08 | Q50: - | R50: Фонд оплаты труда государственных (муниципальных) органов | S50: 200 | T50: 000 0104 0000000000 121 | U50: 1.0200269e+09 | V50: - | W50: 1.0200269e+09 | X50: - | Y50: 42295456 | Z50: - | AA50: - | AB50: 3.4158343e+08 | AC50: - | AD50: - | AE50: 4.4279682e+08 | AF50: 15628095 | AG50: 1.7772307e+08 | AH50: -
A51: Иные выплаты персоналу государственных (муниципальных) органов, за исключением фонда оплаты труда | B51: 200 | C51: 000 0104 0000000000 122 | D51: 10835617 | E51: - | F51: 10835617 | G51: - | H51: 6377300 | I51: - | J51: - | K51: 2642100 | L51: - | M51: - | N51: 1694964.4 | O51: 26500 | P51: 94752.8 | Q51: - | R51: Иные выплаты персоналу государственных (муниципальных) органов, за исключением фонда оплаты труда | S51: 200 | T51: 000 0104 0000000000 122 | U51: 4129944.4 | V51: - | W51: 4129944.4 | X51: - | Y51: 3267093 | Z51: - | AA51: - | AB51: 328567.1 | AC51: - | AD51: - | AE51: 478459.48 | AF51: 25000 | AG51: 30824.8 | AH51: -
A52: Взносы по обязательному социальному страхованию на выплаты денежного содержания и иные выплаты работникам государственных (муниципальных) органов | B52: 200 | C52: 000 0104 0000000000 129 | D52: 5.8199612e+08 | E52: - | F52: 5.8199612e+08 | G52: - | H52: 25993000 | I52: - | J52: - | K52: 1.9863683e+08 | L52: - | M52: - | N52: 2.2899685e+08 | O52: 10176881 | P52: 1.1819256e+08 | Q52: - | R52: Взносы по обязательному социальному страхованию на выплаты денежного содержания и иные выплаты работникам государственных (муниципальных) органов | S52: 200 | T52: 000 0104 0000000000 129 | U52: 2.3293398e+08 | V52: - | W52: 2.3293398e+08 | X52: - | Y52: 10970808 | Z52: - | AA52: - | AB52: 88143454 | AC52: - | AD52: - | AE52: 88036383 | AF52: 4437800.1 | AG52: 41345538 | AH52: -
A53: Закупка товаров, работ и услуг для обеспечения государственных (муниципальных) нужд | B53: 200 | C53: 000 0104 0000000000 200 | D53: 304855939 | E53: - | F53: 304855939 | G53: - | H53: 5897100 | I53: - | J53: - | K53: 62247595 | L53: - | M53: - | N53: 80945043 | O53: 9162477.3 | P53: 1.4660372e+08 | Q53: - | R53: Закупка товаров, работ и услуг для обеспечения государственных (муниципальных) нужд | S53: 200 | T53: 000 0104 0000000000 200 | U53: 1.1255013e+08 | V53: - | W53: 1.1255013e+08 | X53: - | Y53: 1442538 | Z53: - | AA53: - | AB53: 17944778 | AC53: - | AD53: - | AE53: 31662371 | AF53: 4620895.9 | AG53: 56879543 | AH53: -
A54: Иные закупки товаров, работ и услуг для обеспечения государственных (муниципальных) нужд | B54: 200 | C54: 000 0104 0000000000 240 | D54: 304855939 | E54: - | F54: 304855939 | G54: - | H54: 5897100 | I54: - | J54: - | K54: 62247595 | L54: - | M54: - | N54: 80945043 | O54: 9162477.3 | P54: 1.4660372e+08 | Q54: - | R54: Иные закупки товаров, работ и услуг для обеспечения государственных (муниципальных) нужд | S54: 200 | T54: 000 0104 0000000000 240 | U54: 1.1255013e+08 | V54: - | W54: 1.1255013e+08 | X54: - | Y54: 1442538 | Z54: - | AA54: - | AB54: 17944778 | AC54: - | AD54: - | AE54: 31662371 | AF54: 4620895.9 | AG54: 56879543 | AH54: -
A55: Закупка товаров, работ, услуг в сфере информационно-коммуникационных технологий | B55: 200 | C55: 000 0104 0000000000 242 | D55: 18519274 | E55: - | F55: 18519274 | G55: - | H55: - | I55: - | J55: - | K55: 478100 | L55: - | M55: - | N55: 9302980.8 | O55: 426400 | P55: 8311793.2 | Q55: - | R55: Закупка товаров, работ, услуг в сфере информационно-коммуникационных технологий | S55: 200 | T55: 000 0104 0000000000 242 | U55: 7459916.8 | V55: - | W55: 7459916.8 | X55: - | Y55: - | Z55: - | AA55: - | AB55: 161340 | AC55: - | AD55: - | AE55: 3869750 | AF55: 193309.93 | AG55: 3235516.9 | AH55: -
A56: Прочая закупка товаров, работ и услуг | B56: 200 | C56: 000 0104 0000000000 244 | D56: 2.4145584e+08 | E56: - | F56: 2.4145584e+08 | G56: - | H56: 5897100 | I56: - | J56: - | K56: 61769495 | L56: - | M56: - | N56: 64291427 | O56: 5146399.2 | P56: 1.0435141e+08 | Q56: - | R56: Прочая закупка товаров, работ и услуг | S56: 200 | T56: 000 0104 0000000000 244 | U56: 83909591 | V56: - | W56: 83909591 | X56: - | Y56: 1442538 | Z56: - | AA56: - | AB56: 17783438 | AC56: - | AD56: - | AE56: 23786518 | AF56: 2517348.6 | AG56: 38379748 | AH56: -
A57: Закупка товаров, работ и услуг для обеспечения государственных (муниципальных) нужд в области геодезии и картографии вне рамок государственного оборонного заказа | B57: 200 | C57: 000 0104 0000000000 245 | D57: 100000 | E57: - | F57: 100000 | G57: - | H57: - | I57: - | J57: - | K57: - | L57: - | M57: - | N57: 100000 | O57: - | P57: - | Q57: - | R57: Закупка товаров, работ и услуг для обеспечения государственных (муниципальных) нужд в области геодезии и картографии вне рамок государственного оборонного заказа | S57: 200 | T57: 000 0104 0000000000 245 | U57: - | V57: - | W57: - | X57: - | Y57: - | Z57: - | AA57: - | AB57: - | AC57: - | AD57: - | AE57: - | AF57: - | AG57: - | AH57: -
A58: Закупка энергетических ресурсов | B58: 200 | C58: 000 0104 0000000000 247 | D58: 44780829 | E58: - | F58: 44780829 | G58: - | H58: - | I58: - | J58: - | K58: - | L58: - | M58: - | N58: 7250634.4 | O58: 3589678.1 | P58: 33940517 | Q58: - | R58: Закупка энергетических ресурсов | S58: 200 | T58: 000 0104 0000000000 247 | U58: 21180618 | V58: - | W58: 21180618 | X58: - | Y58: - | Z58: - | AA58: - | AB58: - | AC58: - | AD58: - | AE58: 4006102.9 | AF58: 1910237.3 | AG58: 15264277 | AH58: -
A59: Социальное обеспечение и иные выплаты населению | B59: 200 | C59: 000 0104 0000000000 300 | D59: 1166271.9 | E59: - | F59: 1166271.9 | G59: - | H59: - | I59: - | J59: - | K59: 940200 | L59: - | M59: - | N59: 186107.76 | O59: 4706.29 | P59: 35257.85 | Q59: - | R59: Социальное обеспечение и иные выплаты населению | S59: 200 | T59: 000 0104 0000000000 300 | U59: 1154065.5 | V59: - | W59: 1154065.5 | X59: - | Y59: - | Z59: - | AA59: - | AB59: 928171.56 | AC59: - | AD59: - | AE59: 186107.76 | AF59: 4528.29 | AG59: 35257.85 | AH59: -
A60: Социальные выплаты гражданам, кроме публичных нормативных социальных выплат | B60: 200 | C60: 000 0104 0000000000 320 | D60: 1166271.9 | E60: - | F60: 1166271.9 | G60: - | H60: - | I60: - | J60: - | K60: 940200 | L60: - | M60: - | N60: 186107.76 | O60: 4706.29 | P60: 35257.85 | Q60: - | R60: Социальные выплаты гражданам, кроме публичных нормативных социальных выплат | S60: 200 | T60: 000 0104 0000000000 320 | U60: 1154065.5 | V60: - | W60: 1154065.5 | X60: - | Y60: - | Z60: - | AA60: - | AB60: 928171.56 | AC60: - | AD60: - | AE60: 186107.76 | AF60: 4528.29 | AG60: 35257.85 | AH60: -
A61: Пособия, компенсации и иные социальные выплаты гражданам, кроме публичных нормативных обязательств | B61: 200 | C61: 000 0104 0000000000 321 | D61: 1166271.9 | E61: - | F61: 1166271.9 | G61: - | H61: - | I61: - | J61: - | K61: 940200 | L61: - | M61: - | N61: 186107.76 | O61: 4706.29 | P61: 35257.85 | Q61: - | R61: Пособия, компенсации и иные социальные выплаты гражданам, кроме публичных нормативных обязательств | S61: 200 | T61: 000 0104 0000000000 321 | U61: 1154065.5 | V61: - | W61: 1154065.5 | X61: - | Y61: - | Z61: - | AA61: - | AB61: 928171.56 | AC61: - | AD61: - | AE61: 186107.76 | AF61: 4528.29 | AG61: 35257.85 | AH61: -
A62: Капитальные вложения в объекты государственной (муниципальной) собственности | B62: 200 | C62: 000 0104 0000000000 400 | D62: 300000 | E62: - | F62: 300000 | G62: - | H62: - | I62: - | J62: - | K62: - | L62: - | M62: - | N62: - | O62: - | P62: 300000 | Q62: - | R62: Капитальные вложения в объекты государственной (муниципальной) собственности | S62: 200 | T62: 000 0104 0000000000 400 | U62: - | V62: - | W62: - | X62: - | Y62: - | Z62: - | AA62: - | AB62: - | AC62: - | AD62: - | AE62: - | AF62: - | AG62: - | AH62: -
A63: Бюджетные инвестиции | B63: 200 | C63: 000 0104 0000000000 410 | D63: 300000 | E63: - | F63: 300000 | G63: - | H63: - | I63: - | J63: - | K63: - | L63: - | M63: - | N63: - | O63: - | P63: 300000 | Q63: - | R63: Бюджетные инвестиции | S63: 200 | T63: 000 0104 0000000000 410 | U63: - | V63: - | W63: - | X63: - | Y63: - | Z63: - | AA63: - | AB63: - | AC63: - | AD63: - | AE63: - | AF63: - | AG63: - | AH63: -
A64: Бюджетные инвестиции в объекты капитального строительства государственной (муниципальной) собственности | B64: 200 | C64: 000 0104 0000000000 414 | D64: 300000 | E64: - | F64: 300000 | G64: - | H64: - | I64: - | J64: - | K64: - | L64: - | M64: - | N64: - | O64: - | P64: 300000 | Q64: - | R64: Бюджетные инвестиции в объекты капитального строительства государственной (муниципальной) собственности | S64: 200 | T64: 000 0104 0000000000 414 | U64: - | V64: - | W64: - | X64: - | Y64: - | Z64: - | AA64: - | AB64: - | AC64: - | AD64: - | AE64: - | AF64: - | AG64: - | AH64: -
A65: Межбюджетные трансферты | B65: 200 | C65: 000 0104 0000000000 500 | D65: - | E65: - | F65: - | G65: 19454186 | H65: - | I65: - | J65: - | K65: - | L65: - | M65: - | N65: 448500 | O65: 7214700 | P65: 11790986 | Q65: - | R65: Межбюджетные трансферты | S65: 200 | T65: 000 0104 0000000000 500 | U65: - | V65: - | W65: - | X65: 8877393 | Y65: - | Z65: - | AA65: - | AB65: - | AC65: - | AD65: - | AE65: - | AF65: 3423500 | AG65: 5453893 | AH65: -
A66: Иные межбюджетные трансферты | B66: 200 | C66: 000 0104 0000000000 540 | D66: - | E66: - | F66: - | G66: 19454186 | H66: - | I66: - | J66: - | K66: - | L66: - | M66: - | N66: 448500 | O66: 7214700 | P66: 11790986 | Q66: - | R66: Иные межбюджетные трансферты | S66: 200 | T66: 000 0104 0000000000 540 | U66: - | V66: - | W66: - | X66: 8877393 | Y66: - | Z66: - | AA66: - | AB66: - | AC66: - | AD66: - | AE66: - | AF66: 3423500 | AG66: 5453893 | AH66: -
A67: Иные бюджетные ассигнования | B67: 200 | C67: 000 0104 0000000000 800 | D67: 21211644 | E67: - | F67: 21211644 | G67: - | H67: - | I67: - | J67: - | K67: 810800 | L67: - | M67: - | N67: 7893421.6 | O67: 788571.11 | P67: 11718852 | Q67: - | R67: Иные бюджетные ассигнования | S67: 200 | T67: 000 0104 0000000000 800 | U67: 10027579 | V67: - | W67: 10027579 | X67: - | Y67: - | Z67: - | AA67: - | AB67: 337054.87 | AC67: - | AD67: - | AE67: 3014730.5 | AF67: 361735.83 | AG67: 6314057.8 | AH67: -
A68: Исполнение судебных актов | B68: 200 | C68: 000 0104 0000000000 830 | D68: 3054303.6 | E68: - | F68: 3054303.6 | G68: - | H68: - | I68: - | J68: - | K68: 500000 | L68: - | M68: - | N68: 492000 | O68: - | P68: 2062303.6 | Q68: - | R68: Исполнение судебных актов | S68: 200 | T68: 000 0104 0000000000 830 | U68: 2243803.6 | V68: - | W68: 2243803.6 | X68: - | Y68: - | Z68: - | AA68: - | AB68: 87000 | AC68: - | AD68: - | AE68: 100000 | AF68: - | AG68: 2056803.6 | AH68: -
A69: Исполнение судебных актов Российской Федерации и мировых соглашений по возмещению причиненного вреда | B69: 200 | C69: 000 0104 0000000000 831 | D69: 3054303.6 | E69: - | F69: 3054303.6 | G69: - | H69: - | I69: - | J69: - | K69: 500000 | L69: - | M69: - | N69: 492000 | O69: - | P69: 2062303.6 | Q69: - | R69: Исполнение судебных актов Российской Федерации и мировых соглашений по возмещению причиненного вреда | S69: 200 | T69: 000 0104 0000000000 831 | U69: 2243803.6 | V69: - | W69: 2243803.6 | X69: - | Y69: - | Z69: - | AA69: - | AB69: 87000 | AC69: - | AD69: - | AE69: 100000 | AF69: - | AG69: 2056803.6 | AH69: -
A70: Уплата налогов, сборов и иных платежей | B70: 200 | C70: 000 0104 0000000000 850 | D70: 18157341 | E70: - | F70: 18157341 | G70: - | H70: - | I70: - | J70: - | K70: 310800 | L70: - | M70: - | N70: 7401421.6 | O70: 788571.11 | P70: 9656548 | Q70: - | R70: Уплата налогов, сборов и иных платежей | S70: 200 | T70: 000 0104 0000000000 850 | U70: 7783775.4 | V70: - | W70: 7783775.4 | X70: - | Y70: - | Z70: - | AA70: - | AB70: 250054.87 | AC70: - | AD70: - | AE70: 2914730.5 | AF70: 361735.83 | AG70: 4257254.2 | AH70: -
A71: Уплата налога на имущество организаций и земельного налога | B71: 200 | C71: 000 0104 0000000000 851 | D71: 7062561.4 | E71: - | F71: 7062561.4 | G71: - | H71: - | I71: - | J71: - | K71: 185800 | L71: - | M71: - | N71: 1854830.7 | O71: 476476 | P71: 4545454.7 | Q71: - | R71: Уплата налога на имущество организаций и земельного налога | S71: 200 | T71: 000 0104 0000000000 851 | U71: 3214213 | V71: - | W71: 3214213 | X71: - | Y71: - | Z71: - | AA71: - | AB71: 160316 | AC71: - | AD71: - | AE71: 705945 | AF71: 228671 | AG71: 2119281 | AH71: -
A72: Уплата прочих налогов, сборов | B72: 200 | C72: 000 0104 0000000000 852 | D72: 4114338.7 | E72: - | F72: 4114338.7 | G72: - | H72: - | I72: - | J72: - | K72: 5000 | L72: - | M72: - | N72: 1663653.3 | O72: 293085 | P72: 2152600.4 | Q72: - | R72: Уплата прочих налогов, сборов | S72: 200 | T72: 000 0104 0000000000 852 | U72: 1784799.8 | V72: - | W72: 1784799.8 | X72: - | Y72: - | Z72: - | AA72: - | AB72: - | AC72: - | AD72: - | AE72: 814935.22 | AF72: 124134 | AG72: 845730.57 | AH72: -
A73: Уплата иных платежей | B73: 200 | C73: 000 0104 0000000000 853 | D73: 6980440.5 | E73: - | F73: 6980440.5 | G73: - | H73: - | I73: - | J73: - | K73: 120000 | L73: - | M73: - | N73: 3882937.6 | O73: 19010.11 | P73: 2958492.9 | Q73: - | R73: Уплата иных платежей | S73: 200 | T73: 000 0104 0000000000 853 | U73: 2784762.6 | V73: - | W73: 2784762.6 | X73: - | Y73: - | Z73: - | AA73: - | AB73: 89738.87 | AC73: - | AD73: - | AE73: 1393850.3 | AF73: 8930.83 | AG73: 1292242.7 | AH73: -
A74: Судебная система | B74: 200 | C74: 000 0105 0000000000 000 | D74: 6.3830011e+08 | E74: - | F74: 6.3830011e+08 | G74: 1883200 | H74: 6.3830011e+08 | I74: - | J74: - | K74: 648700 | L74: - | M74: - | N74: 1234500 | O74: - | P74: - | Q74: - | R74: Судебная система | S74: 200 | T74: 000 0105 0000000000 000 | U74: 2.3467935e+08 | V74: - | W74: 2.3467935e+08 | X74: 812316.04 | Y74: 2.3467935e+08 | Z74: - | AA74: - | AB74: 173305.6 | AC74: - | AD74: - | AE74: 639010.44 | AF74: - | AG74: - | AH74: -
A75: Расходы на выплаты персоналу в целях обеспечения выполнения функций государственными (муниципальными) органами, казенными учреждениями, органами управления государственными внебюджетными фондами | B75: 200 | C75: 000 0105 0000000000 100 | D75: 365129100 | E75: - | F75: 365129100 | G75: - | H75: 365129100 | I75: - | J75: - | K75: - | L75: - | M75: - | N75: - | O75: - | P75: - | Q75: - | R75: Расходы на выплаты персоналу в целях обеспечения выполнения функций государственными (муниципальными) органами, казенными учреждениями, органами управления государственными внебюджетными фондами | S75: 200 | T75: 000 0105 0000000000 100 | U75: 1.4953512e+08 | V75: - | W75: 1.4953512e+08 | X75: - | Y75: 1.4953512e+08 | Z75: - | AA75: - | AB75: - | AC75: - | AD75: - | AE75: - | AF75: - | AG75: - | AH75: -
A76: Расходы на выплаты персоналу казенных учреждений | B76: 200 | C76: 000 0105 0000000000 110 | D76: 55966200 | E76: - | F76: 55966200 | G76: - | H76: 55966200 | I76: - | J76: - | K76: - | L76: - | M76: - | N76: - | O76: - | P76: - | Q76: - | R76: Расходы на выплаты персоналу казенных учреждений | S76: 200 | T76: 000 0105 0000000000 110 | U76: 21355145 | V76: - | W76: 21355145 | X76: - | Y76: 21355145 | Z76: - | AA76: - | AB76: - | AC76: - | AD76: - | AE76: - | AF76: - | AG76: - | AH76: -
A77: Фонд оплаты труда учреждений | B77: 200 | C77: 000 0105 0000000000 111 | D77: 42984800 | E77: - | F77: 42984800 | G77: - | H77: 42984800 | I77: - | J77: - | K77: - | L77: - | M77: - | N77: - | O77: - | P77: - | Q77: - | R77: Фонд оплаты труда учреждений | S77: 200 | T77: 000 0105 0000000000 111 | U77: 16769476 | V77: - | W77: 16769476 | X77: - | Y77: 16769476 | Z77: - | AA77: - | AB77: - | AC77: - | AD77: - | AE77: - | AF77: - | AG77: - | AH77: -
A78: Взносы по обязательному социальному страхованию на выплаты по оплате труда работников и иные выплаты работникам учреждений | B78: 200 | C78: 000 0105 0000000000 119 | D78: 12981400 | E78: - | F78: 12981400 | G78: - | H78: 12981400 | I78: - | J78: - | K78: - | L78: - | M78: - | N78: - | O78: - | P78: - | Q78: - | R78: Взносы по обязательному социальному страхованию на выплаты по оплате труда работников и иные выплаты работникам учреждений | S78: 200 | T78: 000 0105 0000000000 119 | U78: 4585668.4 | V78: - | W78: 4585668.4 | X78: - | Y78: 4585668.4 | Z78: - | AA78: - | AB78: - | AC78: - | AD78: - | AE78: - | AF78: - | AG78: - | AH78: -
A79: Расходы на выплаты персоналу государственных (муниципальных) органов | B79: 200 | C79: 000 0105 0000000000 120 | D79: 309162900 | E79: - | F79: 309162900 | G79: - | H79: 309162900 | I79: - | J79: - | K79: - | L79: - | M79: - | N79: - | O79: - | P79: - | Q79: - | R79: Расходы на выплаты персоналу государственных (муниципальных) органов | S79: 200 | T79: 000 0105 0000000000 120 | U79: 1.2817998e+08 | V79: - | W79: 1.2817998e+08 | X79: - | Y79: 1.2817998e+08 | Z79: - | AA79: - | AB79: - | AC79: - | AD79: - | AE79: - | AF79: - | AG79: - | AH79: -
A80: Фонд оплаты труда государственных (муниципальных) органов | B80: 200 | C80: 000 0105 0000000000 121 | D80: 228842900 | E80: - | F80: 228842900 | G80: - | H80: 228842900 | I80: - | J80: - | K80: - | L80: - | M80: - | N80: - | O80: - | P80: - | Q80: - | R80: Фонд оплаты труда государственных (муниципальных) органов | S80: 200 | T80: 000 0105 0000000000 121 | U80: 95894324 | V80: - | W80: 95894324 | X80: - | Y80: 95894324 | Z80: - | AA80: - | AB80: - | AC80: - | AD80: - | AE80: - | AF80: - | AG80: - | AH80: -
A81: Иные выплаты персоналу государственных (муниципальных) органов, за исключением фонда оплаты труда | B81: 200 | C81: 000 0105 0000000000 122 | D81: 9010000 | E81: - | F81: 9010000 | G81: - | H81: 9010000 | I81: - | J81: - | K81: - | L81: - | M81: - | N81: - | O81: - | P81: - | Q81: - | R81: Иные выплаты персоналу государственных (муниципальных) органов, за исключением фонда оплаты труда | S81: 200 | T81: 000 0105 0000000000 122 | U81: 5390000 | V81: - | W81: 5390000 | X81: - | Y81: 5390000 | Z81: - | AA81: - | AB81: - | AC81: - | AD81: - | AE81: - | AF81: - | AG81: - | AH81: -
A82: Взносы по обязательному социальному страхованию на выплаты денежного содержания и иные выплаты работникам государственных (муниципальных) органов | B82: 200 | C82: 000 0105 0000000000 129 | D82: 71310000 | E82: - | F82: 71310000 | G82: - | H82: 71310000 | I82: - | J82: - | K82: - | L82: - | M82: - | N82: - | O82: - | P82: - | Q82: - | R82: Взносы по обязательному социальному страхованию на выплаты денежного содержания и иные выплаты работникам государственных (муниципальных) органов | S82: 200 | T82: 000 0105 0000000000 129 | U82: 26895655 | V82: - | W82: 26895655 | X82: - | Y82: 26895655 | Z82: - | AA82: - | AB82: - | AC82: - | AD82: - | AE82: - | AF82: - | AG82: - | AH82: -
A83: Закупка товаров, работ и услуг для обеспечения государственных (муниципальных) нужд | B83: 200 | C83: 000 0105 0000000000 200 | D83: 2.7165251e+08 | E83: - | F83: 2.7165251e+08 | G83: - | H83: 2.6976931e+08 | I83: - | J83: - | K83: 648700 | L83: - | M83: - | N83: 1234500 | O83: - | P83: - | Q83: - | R83: Закупка товаров, работ и услуг для обеспечения государственных (муниципальных) нужд | S83: 200 | T83: 000 0105 0000000000 200 | U83: 84016886 | V83: - | W83: 84016886 | X83: - | Y83: 83204570 | Z83: - | AA83: - | AB83: 173305.6 | AC83: - | AD83: - | AE83: 639010.44 | AF83: - | AG83: - | AH83: -
A84: Иные закупки товаров, работ и услуг для обеспечения государственных (муниципальных) нужд | B84: 200 | C84: 000 0105 0000000000 240 | D84: 2.7165251e+08 | E84: - | F84: 2.7165251e+08 | G84: - | H84: 2.6976931e+08 | I84: - | J84: - | K84: 648700 | L84: - | M84: - | N84: 1234500 | O84: - | P84: - | Q84: - | R84: Иные закупки товаров, работ и услуг для обеспечения государственных (муниципальных) нужд | S84: 200 | T84: 000 0105 0000000000 240 | U84: 84016886 | V84: - | W84: 84016886 | X84: - | Y84: 83204570 | Z84: - | AA84: - | AB84: 173305.6 | AC84: - | AD84: - | AE84: 639010.44 | AF84: - | AG84: - | AH84: -
A85: Закупка товаров, работ, услуг в целях капитального ремонта государственного (муниципального) имущества | B85: 200 | C85: 000 0105 0000000000 243 | D85: 20400000 | E85: - | F85: 20400000 | G85: - | H85: 20400000 | I85: - | J85: - | K85: - | L85: - | M85: - | N85: - | O85: - | P85: - | Q85: - | R85: Закупка товаров, работ, услуг в целях капитального ремонта государственного (муниципального) имущества | S85: 200 | T85: 000 0105 0000000000 243 | U85: - | V85: - | W85: - | X85: - | Y85: - | Z85: - | AA85: - | AB85: - | AC85: - | AD85: - | AE85: - | AF85: - | AG85: - | AH85: -
A86: Прочая закупка товаров, работ и услуг | B86: 200 | C86: 000 0105 0000000000 244 | D86: 2.4130931e+08 | E86: - | F86: 2.4130931e+08 | G86: - | H86: 2.3942611e+08 | I86: - | J86: - | K86: 648700 | L86: - | M86: - | N86: 1234500 | O86: - | P86: - | Q86: - | R86: Прочая закупка товаров, работ и услуг | S86: 200 | T86: 000 0105 0000000000 244 | U86: 79662332 | V86: - | W86: 79662332 | X86: - | Y86: 78850016 | Z86: - | AA86: - | AB86: 173305.6 | AC86: - | AD86: - | AE86: 639010.44 | AF86: - | AG86: - | AH86: -
A87: Закупка энергетических ресурсов | B87: 200 | C87: 000 0105 0000000000 247 | D87: 9943200 | E87: - | F87: 9943200 | G87: - | H87: 9943200 | I87: - | J87: - | K87: - | L87: - | M87: - | N87: - | O87: - | P87: - | Q87: - | R87: Закупка энергетических ресурсов | S87: 200 | T87: 000 0105 0000000000 247 | U87: 4354553.5 | V87: - | W87: 4354553.5 | X87: - | Y87: 4354553.5 | Z87: - | AA87: - | AB87: - | AC87: - | AD87: - | AE87: - | AF87: - | AG87: - | AH87: -
A88: Межбюджетные трансферты | B88: 200 | C88: 000 0105 0000000000 500 | D88: - | E88: - | F88: - | G88: 1883200 | H88: 1883200 | I88: - | J88: - | K88: - | L88: - | M88: - | N88: - | O88: - | P88: - | Q88: - | R88: Межбюджетные трансферты | S88: 200 | T88: 000 0105 0000000000 500 | U88: - | V88: - | W88: - | X88: 812316.04 | Y88: 812316.04 | Z88: - | AA88: - | AB88: - | AC88: - | AD88: - | AE88: - | AF88: - | AG88: - | AH88: -
A89: Субвенции | B89: 200 | C89: 000 0105 0000000000 530 | D89: - | E89: - | F89: - | G89: 1883200 | H89: 1883200 | I89: - | J89: - | K89: - | L89: - | M89: - | N89: - | O89: - | P89: - | Q89: - | R89: Субвенции | S89: 200 | T89: 000 0105 0000000000 530 | U89: - | V89: - | W89: - | X89: 812316.04 | Y89: 812316.04 | Z89: - | AA89: - | AB89: - | AC89: - | AD89: - | AE89: - | AF89: - | AG89: - | AH89: -
A90: Иные бюджетные ассигнования | B90: 200 | C90: 000 0105 0000000000 800 | D90: 1518500 | E90: - | F90: 1518500 | G90: - | H90: 1518500 | I90: - | J90: - | K90: - | L90: - | M90: - | N90: - | O90: - | P90: - | Q90: - | R90: Иные бюджетные ассигнования | S90: 200 | T90: 000 0105 0000000000 800 | U90: 1127336.1 | V90: - | W90: 1127336.1 | X90: - | Y90: 1127336.1 | Z90: - | AA90: - | AB90: - | AC90: - | AD90: - | AE90: - | AF90: - | AG90: - | AH90: -
A91: Исполнение судебных актов | B91: 200 | C91: 000 0105 0000000000 830 | D91: 995000 | E91: - | F91: 995000 | G91: - | H91: 995000 | I91: - | J91: - | K91: - | L91: - | M91: - | N91: - | O91: - | P91: - | Q91: - | R91: Исполнение судебных актов | S91: 200 | T91: 000 0105 0000000000 830 | U91: 994913.08 | V91: - | W91: 994913.08 | X91: - | Y91: 994913.08 | Z91: - | AA91: - | AB91: - | AC91: - | AD91: - | AE91: - | AF91: - | AG91: - | AH91: -
A92: Исполнение судебных актов Российской Федерации и мировых соглашений по возмещению причиненного вреда | B92: 200 | C92: 000 0105 0000000000 831 | D92: 995000 | E92: - | F92: 995000 | G92: - | H92: 995000 | I92: - | J92: - | K92: - | L92: - | M92: - | N92: - | O92: - | P92: - | Q92: - | R92: Исполнение судебных актов Российской Федерации и мировых соглашений по возмещению причиненного вреда | S92: 200 | T92: 000 0105 0000000000 831 | U92: 994913.08 | V92: - | W92: 994913.08 | X92: - | Y92: 994913.08 | Z92: - | AA92: - | AB92: - | AC92: - | AD92: - | AE92: - | AF92: - | AG92: - | AH92: -
A93: Уплата налогов, сборов и иных платежей | B93: 200 | C93: 000 0105 0000000000 850 | D93: 523500 | E93: - | F93: 523500 | G93: - | H93: 523500 | I93: - | J93: - | K93: - | L93: - | M93: - | N93: - | O93: - | P93: - | Q93: - | R93: Уплата налогов, сборов и иных платежей | S93: 200 | T93: 000 0105 0000000000 850 | U93: 132423 | V93: - | W93: 132423 | X93: - | Y93: 132423 | Z93: - | AA93: - | AB93: - | AC93: - | AD93: - | AE93: - | AF93: - | AG93: - | AH93: -
A94: Уплата налога на имущество организаций и земельного налога | B94: 200 | C94: 000 0105 0000000000 851 | D94: 511500 | E94: - | F94: 511500 | G94: - | H94: 511500 | I94: - | J94: - | K94: - | L94: - | M94: - | N94: - | O94: - | P94: - | Q94: - | R94: Уплата налога на имущество организаций и земельного налога | S94: 200 | T94: 000 0105 0000000000 851 | U94: 129491 | V94: - | W94: 129491 | X94: - | Y94: 129491 | Z94: - | AA94: - | AB94: - | AC94: - | AD94: - | AE94: - | AF94: - | AG94: - | AH94: -
A95: Уплата прочих налогов, сборов | B95: 200 | C95: 000 0105 0000000000 852 | D95: 12000 | E95: - | F95: 12000 | G95: - | H95: 12000 | I95: - | J95: - | K95: - | L95: - | M95: - | N95: - | O95: - | P95: - | Q95: - | R95: Уплата прочих налогов, сборов | S95: 200 | T95: 000 0105 0000000000 852 | U95: 2932 | V95: - | W95: 2932 | X95: - | Y95: 2932 | Z95: - | AA95: - | AB95: - | AC95: - | AD95: - | AE95: - | AF95: - | AG95: - | AH95: -
A96: Обеспечение деятельности финансовых, налоговых и таможенных органов и органов финансового (финансово-бюджетного) надзора | B96: 200 | C96: 000 0106 0000000000 000 | D96: 9.0853088e+08 | E96: - | F96: 9.0853088e+08 | G96: 37430422 | H96: 3.0302416e+08 | I96: - | J96: - | K96: 2.2141556e+08 | L96: - | M96: - | N96: 4.0410536e+08 | O96: 2128736 | P96: 15287486 | Q96: - | R96: Обеспечение деятельности финансовых, налоговых и таможенных органов и органов финансового (финансово-бюджетного) надзора | S96: 200 | T96: 000 0106 0000000000 000 | U96: 4.2408669e+08 | V96: - | W96: 4.2408669e+08 | X96: 16141114 | Y96: 1.255907e+08 | Z96: - | AA96: - | AB96: 98380787 | AC96: - | AD96: - | AE96: 2.0873343e+08 | AF96: 1078956.7 | AG96: 6443924.6 | AH96: -
A97: Расходы на выплаты персоналу в целях обеспечения выполнения функций государственными (муниципальными) органами, казенными учреждениями, органами управления государственными внебюджетными фондами | B97: 200 | C97: 000 0106 0000000000 100 | D97: 7.8555662e+08 | E97: - | F97: 7.8555662e+08 | G97: - | H97: 226430700 | I97: - | J97: - | K97: 1.9522866e+08 | L97: - | M97: - | N97: 3.6255926e+08 | O97: - | P97: 1338000 | Q97: - | R97: Расходы на выплаты персоналу в целях обеспечения выполнения функций государственными (муниципальными) органами, казенными учреждениями, органами управления государственными внебюджетными фондами | S97: 200 | T97: 000 0106 0000000000 100 | U97: 3.9225502e+08 | V97: - | W97: 3.9225502e+08 | X97: - | Y97: 1.0485428e+08 | Z97: - | AA97: - | AB97: 94126785 | AC97: - | AD97: - | AE97: 1.9264094e+08 | AF97: - | AG97: 633016.1 | AH97: -
A98: Расходы на выплаты персоналу государственных (муниципальных) органов | B98: 200 | C98: 000 0106 0000000000 120 | D98: 7.8555662e+08 | E98: - | F98: 7.8555662e+08 | G98: - | H98: 226430700 | I98: - | J98: - | K98: 1.9522866e+08 | L98: - | M98: - | N98: 3.6255926e+08 | O98: - | P98: 1338000 | Q98: - | R98: Расходы на выплаты персоналу государственных (муниципальных) органов | S98: 200 | T98: 000 0106 0000000000 120 | U98: 3.9225502e+08 | V98: - | W98: 3.9225502e+08 | X98: - | Y98: 1.0485428e+08 | Z98: - | AA98: - | AB98: 94126785 | AC98: - | AD98: - | AE98: 1.9264094e+08 | AF98: - | AG98: 633016.1 | AH98: -
A99: Фонд оплаты труда государственных (муниципальных) органов | B99: 200 | C99: 000 0106 0000000000 121 | D99: 5.9070127e+08 | E99: - | F99: 5.9070127e+08 | G99: - | H99: 164215500 | I99: - | J99: - | K99: 1.4942087e+08 | L99: - | M99: - | N99: 2.7603689e+08 | O99: - | P99: 1028000 | Q99: - | R99: Фонд оплаты труда государственных (муниципальных) органов | S99: 200 | T99: 000 0106 0000000000 121 | U99: 3.0157607e+08 | V99: - | W99: 3.0157607e+08 | X99: - | Y99: 76489297 | Z99: - | AA99: - | AB99: 74697974 | AC99: - | AD99: - | AE99: 1.4990261e+08 | AF99: - | AG99: 486187.48 | AH99: -
A100: Иные выплаты персоналу государственных (муниципальных) органов, за исключением фонда оплаты труда | B100: 200 | C100: 000 0106 0000000000 122 | D100: 11412826 | E100: - | F100: 11412826 | G100: - | H100: 10488100 | I100: - | J100: - | K100: 661100 | L100: - | M100: - | N100: 263625.8 | O100: - | P100: - | Q100: - | R100: Иные выплаты персоналу государственных (муниципальных) органов, за исключением фонда оплаты труда | S100: 200 | T100: 000 0106 0000000000 122 | U100: 5019985.8 | V100: - | W100: 5019985.8 | X100: - | Y100: 4867372.4 | Z100: - | AA100: - | AB100: 117290.6 | AC100: - | AD100: - | AE100: 35322.8 | AF100: - | AG100: - | AH100: -
A101: Взносы по обязательному социальному страхованию на выплаты денежного содержания и иные выплаты работникам государственных (муниципальных) органов | B101: 200 | C101: 000 0106 0000000000 129 | D101: 1.8344253e+08 | E101: - | F101: 1.8344253e+08 | G101: - | H101: 51727100 | I101: - | J101: - | K101: 45146687 | L101: - | M101: - | N101: 86258745 | O101: - | P101: 310000 | Q101: - | R101: Взносы по обязательному социальному страхованию на выплаты денежного содержания и иные выплаты работникам государственных (муниципальных) органов | S101: 200 | T101: 000 0106 0000000000 129 | U101: 85658969 | V101: - | W101: 85658969 | X101: - | Y101: 23497614 | Z101: - | AA101: - | AB101: 19311520 | AC101: - | AD101: - | AE101: 42703006 | AF101: - | AG101: 146828.62 | AH101: -
A102: Закупка товаров, работ и услуг для обеспечения государственных (муниципальных) нужд | B102: 200 | C102: 000 0106 0000000000 200 | D102: 1.2140644e+08 | E102: - | F102: 1.2140644e+08 | G102: - | H102: 55109763 | I102: - | J102: - | K102: 25921900 | L102: - | M102: - | N102: 40363774 | O102: - | P102: 11000 | Q102: - | R102: Закупка товаров, работ и услуг для обеспечения государственных (муниципальных) нужд | S102: 200 | T102: 000 0106 0000000000 200 | U102: 30711997 | V102: - | W102: 30711997 | X102: - | Y102: 11455524 | Z102: - | AA102: - | AB102: 4105597.1 | AC102: - | AD102: - | AE102: 15143145 | AF102: - | AG102: 7731 | AH102: -
...

Sheet Источники
A2: 3. Источники финансирования дефицита бюджета | P2: Форма 0503317 с.5 | AG2: Форма 0503317 с.6
A4: Наименование показателя | B4: Код строки | C4: Код источника по бюджетной классификации | D4: Утвержденные бюджетные назначения | R4: Наименование показателя | S4: Код строки | T4: Код источника по бюджетной классификации | U4: Исполнено
D5: консолидированный бюджет субъекта Российской Федерации и территориального государственного внебюджетного фонда | E5: суммы, подлежащие исключению в рамках консолидированного бюджета субъекта Российской Федерации и бюджета территориального государственного внебюджетного фонда | F5: консолидированный бюджет субъекта Российской Федерации | G5: суммы, подлежащие исключению в рамках консолидированного бюджета субъекта Российской Федерации | H5: бюджет субъекта Российской Федерации | I5: бюджеты внутригородских муниципальных образований городов федерального значения | J5: бюджеты муниципальных округов | K5: бюджеты городских округов | L5: бюджеты городских округов с внутригородским делением | M5: бюджеты внутригородских районов | N5: бюджеты муниципальных районов | O5: бюджеты городских поселений | P5: бюджеты сельских поселений | Q5: бюджет территориального государственного внебюджетного фонда | U5: консолидированный бюджет субъекта Российской Федерации и территориального государственного внебюджетного фонда | V5: суммы, подлежащие исключению в рамках консолидированного бюджета субъекта Российской Федерации и бюджета территориального государственного внебюджетного фонда | W5: консолидированный бюджет субъекта Российской Федерации | X5: суммы, подлежащие исключению в рамках консолидированного бюджета субъекта Российской Федерации | Y5: бюджет субъекта Российской Федерации | Z5: бюджеты внутригородских муниципальных образований городов федерального значения | AA5: бюджеты муниципальных округов | AB5: бюджеты городских округов | AC5: бюджеты городских округов с внутригородским делением | AD5: бюджеты внутригородских районов | AE5: бюджеты муниципальных районов | AF5: бюджеты городских поселений | AG5: бюджеты сельских поселений | AH5: бюджет территориального государственного внебюджетного фонда
A6: 1 | B6: 2 | C6: 3 | D6: 4 | E6: 5 | F6: 6 | G6: 7 | H6: 8 | I6: 9 | J6: 10 | K6: 11 | L6: 12 | M6: 13 | N6: 14 | O6: 15 | P6: 16 | Q6: 17 | R6: 1 | S6: 2 | T6: 3 | U6: 18 | V6: 19 | W6: 20 | X6: 21 | Y6: 22 | Z6: 23 | AA6: 24 | AB6: 25 | AC6: 26 | AD6: 27 | AE6: 28 | AF6: 29 | AG6: 30 | AH6: 31
A7: Источники финансирования дефицита бюджетов - всего | B7: 500 | C7: х | D7: 1.6141162e+10 | E7: - | F7: 1.4535585e+10 | G7: - | H7: 1.2120544e+10 | I7: - | J7: - | K7: 1.1295228e+09 | L7: - | M7: - | N7: 7.3259294e+08 | O7: 2.8458996e+08 | P7: 2.6833499e+08 | Q7: 1.6055775e+09 | R7: Источники финансирования дефицита бюджетов - всего | S7: 500 | T7: х | U7: -4.7754064e+09 | V7: - | W7: -3.3353546e+09 | X7: - | Y7: -4.8676059e+09 | Z7: - | AA7: - | AB7: 1.308191e+09 | AC7: - | AD7: - | AE7: 3.4411083e+08 | AF7: -12165064 | AG7: -1.0788549e+08 | AH7: -1.4400518e+09
A8: в том числе: | R8: в том числе:
A9: источники внутреннего финансирования | B9: 520 | C9: х | D9: 9.3408014e+09 | E9: - | F9: 9.3408014e+09 | G9: - | H9: 8041769200 | I9: - | J9: - | K9: 927252300 | L9: - | M9: - | N9: 2.4227706e+08 | O9: 119228783 | P9: 10274087 | Q9: - | R9: источники внутреннего финансирования | S9: 520 | T9: х | U9: 3.6795195e+09 | V9: - | W9: 3.6795195e+09 | X9: - | Y9: 2.2894104e+09 | Z9: - | AA9: - | AB9: 1180000000 | AC9: - | AD9: - | AE9: 162661000 | AF9: 46448100 | AG9: 1000000 | AH9: -
A10: из них: | R10: из них:
A11: Государственные (муниципальные) ценные бумаги, номинальная стоимость которых указана в валюте Российской Федерации | B11: 520 | C11: 000 0101000000 0000 000 | D11: -1500000000 | E11: - | F11: -1500000000 | G11: - | H11: -1500000000 | I11: - | J11: - | K11: - | L11: - | M11: - | N11: - | O11: - | P11: - | Q11: - | R11: Государственные (муниципальные) ценные бумаги, номинальная стоимость которых указана в валюте Российской Федерации | S11: 520 | T11: 000 0101000000 0000 000 | U11: - | V11: - | W11: - | X11: - | Y11: - | Z11: - | AA11: - | AB11: - | AC11: - | AD11: - | AE11: - | AF11: - | AG11: - | AH11: -
A12: Погашение государственных (муниципальных) ценных бумаг, номинальная стоимость которых указана в валюте Российской Федерации | B12: 520 | C12: 000 0101000000 0000 800 | D12: -1500000000 | E12: - | F12: -1500000000 | G12: - | H12: -1500000000 | I12: - | J12: - | K12: - | L12: - | M12: - | N12: - | O12: - | P12: - | Q12: - | R12: Погашение государственных (муниципальных) ценных бумаг, номинальная стоимость которых указана в валюте Российской Федерации | S12: 520 | T12: 000 0101000000 0000 800 | U12: - | V12: - | W12: - | X12: - | Y12: - | Z12: - | AA12: - | AB12: - | AC12: - | AD12: - | AE12: - | AF12: - | AG12: - | AH12: -
A13: Погашение государственных ценных бумаг субъектов Российской Федерации, номинальная стоимость которых указана в валюте Российской Федерации | B13: 520 | C13: 000 0101000002 0000 810 | D13: -1500000000 | E13: - | F13: -1500000000 | G13: - | H13: -1500000000 | I13: - | J13: - | K13: - | L13: - | M13: - | N13: - | O13: - | P13: - | Q13: - | R13: Погашение государственных ценных бумаг субъектов Российской Федерации, номинальная стоимость которых указана в валюте Российской Федерации | S13: 520 | T13: 000 0101000002 0000 810 | U13: - | V13: - | W13: - | X13: - | Y13: - | Z13: - | AA13: - | AB13: - | AC13: - | AD13: - | AE13: - | AF13: - | AG13: - | AH13: -
A14: Кредиты кредитных организаций в валюте Российской Федерации | B14: 520 | C14: 000 0102000000 0000 000 | D14: -4.1146912e+09 | E14: - | F14: -4.1146912e+09 | G14: - | H14: -5.6637219e+09 | I14: - | J14: - | K14: 709252300 | L14: - | M14: - | N14: 7.0362556e+08 | O14: 125728783 | P14: 10424087 | Q14: - | R14: Кредиты кредитных организаций в валюте Российской Федерации | S14: 520 | T14: 000 0102000000 0000 000 | U14: -1.0932546e+10 | V14: - | W14: -1.0932546e+10 | X14: - | Y14: -1.0922003e+10 | Z14: - | AA14: - | AB14: 192000000 | AC14: - | AD14: - | AE14: -176540800 | AF14: -26001900 | AG14: - | AH14: -
A15: Привлечение кредитов от кредитных организаций в валюте Российской Федерации | B15: 520 | C15: 000 0102000000 0000 700 | D15: 1.1380601e+10 | E15: - | F15: 1.1380601e+10 | G15: - | H15: 5.2582814e+09 | I15: - | J15: - | K15: 3061074400 | L15: - | M15: - | N15: 2.4269532e+09 | O15: 623867483 | P15: 10424087 | Q15: - | R15: Привлечение кредитов от кредитных организаций в валюте Российской Федерации | S15: 520 | T15: 000 0102000000 0000 700 | U15: 1722811800 | V15: - | W15: 1722811800 | X15: - | Y15: - | Z15: - | AA15: - | AB15: 950000000 | AC15: - | AD15: - | AE15: 723011800 | AF15: 49800000 | AG15: - | AH15: -
A16: Привлечение субъектами Российской Федерации кредитов от кредитных организаций в валюте Российской Федерации | B16: 520 | C16: 000 0102000002 0000 710 | D16: 5.2582814e+09 | E16: - | F16: 5.2582814e+09 | G16: - | H16: 5.2582814e+09 | I16: - | J16: - | K16: - | L16: - | M16: - | N16: - | O16: - | P16: - | Q16: - | R16: Привлечение субъектами Российской Федерации кредитов от кредитных организаций в валюте Российской Федерации | S16: 520 | T16: 000 0102000002 0000 710 | U16: - | V16: - | W16: - | X16: - | Y16: - | Z16: - | AA16: - | AB16: - | AC16: - | AD16: - | AE16: - | AF16: - | AG16: - | AH16: -
A17: Привлечение городскими округами кредитов от кредитных организаций в валюте Российской Федерации | B17: 520 | C17: 000 0102000004 0000 710 | D17: 3061074400 | E17: - | F17: 3061074400 | G17: - | H17: - | I17: - | J17: - | K17: 3061074400 | L17: - | M17: - | N17: - | O17: - | P17: - | Q17: - | R17: Привлечение городскими округами кредитов от кредитных организаций в валюте Российской Федерации | S17: 520 | T17: 000 0102000004 0000 710 | U17: 950000000 | V17: - | W17: 950000000 | X17: - | Y17: - | Z17: - | AA17: - | AB17: 950000000 | AC17: - | AD17: - | AE17: - | AF17: - | AG17: - | AH17: -
A18: Привлечение муниципальными районами кредитов от кредитных организаций в валюте Российской Федерации | B18: 520 | C18: 000 0102000005 0000 710 | D18: 2.4269532e+09 | E18: - | F18: 2.4269532e+09 | G18: - | H18: - | I18: - | J18: - | K18: - | L18: - | M18: - | N18: 2.4269532e+09 | O18: - | P18: - | Q18: - | R18: Привлечение муниципальными районами кредитов от кредитных организаций в валюте Российской Федерации | S18: 520 | T18: 000 0102000005 0000 710 | U18: 723011800 | V18: - | W18: 723011800 | X18: - | Y18: - | Z18: - | AA18: - | AB18: - | AC18: - | AD18: - | AE18: 723011800 | AF18: - | AG18: - | AH18: -
A19: Привлечение сельскими поселениями кредитов от кредитных организаций в валюте Российской Федерации | B19: 520 | C19: 000 0102000010 0000 710 | D19: 10424087 | E19: - | F19: 10424087 | G19: - | H19: - | I19: - | J19: - | K19: - | L19: - | M19: - | N19: - | O19: - | P19: 10424087 | Q19: - | R19: Привлечение сельскими поселениями кредитов от кредитных организаций в валюте Российской Федерации | S19: 520 | T19: 000 0102000010 0000 710 | U19: - | V19: - | W19: - | X19: - | Y19: - | Z19: - | AA19: - | AB19: - | AC19: - | AD19: - | AE19: - | AF19: - | AG19: - | AH19: -
A20: Привлечение городскими поселениями кредитов от кредитных организаций в валюте Российской Федерации | B20: 520 | C20: 000 0102000013 0000 710 | D20: 623867483 | E20: - | F20: 623867483 | G20: - | H20: - | I20: - | J20: - | K20: - | L20: - | M20: - | N20: - | O20: 623867483 | P20: - | Q20: - | R20: Привлечение городскими поселениями кредитов от кредитных организаций в валюте Российской Федерации | S20: 520 | T20: 000 0102000013 0000 710 | U20: 49800000 | V20: - | W20: 49800000 | X20: - | Y20: - | Z20: - | AA20: - | AB20: - | AC20: - | AD20: - | AE20: - | AF20: 49800000 | AG20: - | AH20: -
A21: Погашение кредитов, предоставленных кредитными организациями в валюте Российской Федерации | B21: 520 | C21: 000 0102000000 0000 800 | D21: -1.5495292e+10 | E21: - | F21: -1.5495292e+10 | G21: - | H21: -1.0922003e+10 | I21: - | J21: - | K21: -2351822100 | L21: - | M21: - | N21: -1723327600 | O21: -498138700 | P21: - | Q21: - | R21: Погашение кредитов, предоставленных кредитными организациями в валюте Российской Федерации | S21: 520 | T21: 000 0102000000 0000 800 | U21: -1.2655358e+10 | V21: - | W21: -1.2655358e+10 | X21: - | Y21: -1.0922003e+10 | Z21: - | AA21: - | AB21: -758000000 | AC21: - | AD21: - | AE21: -899552600 | AF21: -75801900 | AG21: - | AH21: -
A22: Погашение субъектами Российской Федерации кредитов от кредитных организаций в валюте Российской Федерации | B22: 520 | C22: 000 0102000002 0000 810 | D22: -1.0922003e+10 | E22: - | F22: -1.0922003e+10 | G22: - | H22: -1.0922003e+10 | I22: - | J22: - | K22: - | L22: - | M22: - | N22: - | O22: - | P22: - | Q22: - | R22: Погашение субъектами Российской Федерации кредитов от кредитных организаций в валюте Российской Федерации | S22: 520 | T22: 000 0102000002 0000 810 | U22: -1.0922003e+10 | V22: - | W22: -1.0922003e+10 | X22: - | Y22: -1.0922003e+10 | Z22: - | AA22: - | AB22: - | AC22: - | AD22: - | AE22: - | AF22: - | AG22: - | AH22: -
A23: Погашение городскими округами кредитов от кредитных организаций в валюте Российской Федерации | B23: 520 | C23: 000 0102000004 0000 810 | D23: -2351822100 | E23: - | F23: -2351822100 | G23: - | H23: - | I23: - | J23: - | K23: -2351822100 | L23: - | M23: - | N23: - | O23: - | P23: - | Q23: - | R23: Погашение городскими округами кредитов от кредитных организаций в валюте Российской Федерации | S23: 520 | T23: 000 0102000004 0000 810 | U23: -758000000 | V23: - | W23: -758000000 | X23: - | Y23: - | Z23: - | AA23: - | AB23: -758000000 | AC23: - | AD23: - | AE23: - | AF23: - | AG23: - | AH23: -
A24: Погашение муниципальными районами кредитов от кредитных организаций в валюте Российской Федерации | B24: 520 | C24: 000 0102000005 0000 810 | D24: -1723327600 | E24: - | F24: -1723327600 | G24: - | H24: - | I24: - | J24: - | K24: - | L24: - | M24: - | N24: -1723327600 | O24: - | P24: - | Q24: - | R24: Погашение муниципальными районами кредитов от кредитных организаций в валюте Российской Федерации | S24: 520 | T24: 000 0102000005 0000 810 | U24: -899552600 | V24: - | W24: -899552600 | X24: - | Y24: - | Z24: - | AA24: - | AB24: - | AC24: - | AD24: - | AE24: -899552600 | AF24: - | AG24: - | AH24: -
A25: Погашение городскими поселениями кредитов от кредитных организаций в валюте Российской Федерации | B25: 520 | C25: 000 0102000013 0000 810 | D25: -498138700 | E25: - | F25: -498138700 | G25: - | H25: - | I25: - | J25: - | K25: - | L25: - | M25: - | N25: - | O25: -498138700 | P25: - | Q25: - | R25: Погашение городскими поселениями кредитов от кредитных организаций в валюте Российской Федерации | S25: 520 | T25: 000 0102000013 0000 810 | U25: -75801900 | V25: - | W25: -75801900 | X25: - | Y25: - | Z25: - | AA25: - | AB25: - | AC25: - | AD25: - | AE25: - | AF25: -75801900 | AG25: - | AH25: -
A26: Бюджетные кредиты из других бюджетов бюджетной системы Российской Федерации | B26: 520 | C26: 000 0103000000 0000 000 | D26: 1.5205491e+10 | E26: - | F26: 1.5205491e+10 | G26: -169648500 | H26: 1.5205491e+10 | I26: - | J26: - | K26: 300000000 | L26: - | M26: - | N26: -462998500 | O26: -6500000 | P26: -150000 | Q26: - | R26: Бюджетные кредиты из других бюджетов бюджетной системы Российской Федерации | S26: 520 | T26: 000 0103000000 0000 000 | U26: 1.4651066e+10 | V26: - | W26: 1.4651066e+10 | X26: 528101800 | Y26: 1.3711066e+10 | Z26: - | AA26: - | AB26: 1070000000 | AC26: - | AD26: - | AE26: 324651800 | AF26: 72450000 | AG26: 1000000 | AH26: -
A27: Бюджетные кредиты из других бюджетов бюджетной системы Российской Федерации в валюте Российской Федерации | B27: 520 | C27: 000 0103010000 0000 000 | D27: 1.5205491e+10 | E27: - | F27: 1.5205491e+10 | G27: -169648500 | H27: 1.5205491e+10 | I27: - | J27: - | K27: 300000000 | L27: - | M27: - | N27: -462998500 | O27: -6500000 | P27: -150000 | Q27: - | R27: Бюджетные кредиты из других бюджетов бюджетной системы Российской Федерации в валюте Российской Федерации | S27: 520 | T27: 000 0103010000 0000 000 | U27: 1.4651066e+10 | V27: - | W27: 1.4651066e+10 | X27: 528101800 | Y27: 1.3711066e+10 | Z27: - | AA27: - | AB27: 1070000000 | AC27: - | AD27: - | AE27: 324651800 | AF27: 72450000 | AG27: 1000000 | AH27: -
A28: Привлечение бюджетных кредитов из других бюджетов бюджетной системы Российской Федерации в валюте Российской Федерации | B28: 520 | C28: 000 0103010000 0000 700 | D28: 2.7654066e+10 | E28: - | F28: 2.7654066e+10 | G28: 889702800 | H28: 2.6711066e+10 | I28: - | J28: - | K28: 1070000000 | L28: - | M28: - | N28: 666702800 | O28: 85000000 | P28: 11000000 | Q28: - | R28: Привлечение бюджетных кредитов из других бюджетов бюджетной системы Российской Федерации в валюте Российской Федерации | S28: 520 | T28: 000 0103010000 0000 700 | U28: 1.4651066e+10 | V28: - | W28: 1.4651066e+10 | X28: 870702800 | Y28: 1.3711066e+10 | Z28: - | AA28: - | AB28: 1070000000 | AC28: - | AD28: - | AE28: 666702800 | AF28: 73000000 | AG28: 1000000 | AH28: -
A29: Привлечение кредитов из других бюджетов бюджетной системы Российской Федерации бюджетами субъектов Российской Федерации в валюте Российской Федерации | B29: 520 | C29: 000 0103010002 0000 710 | D29: 2.6711066e+10 | E29: - | F29: 2.6711066e+10 | G29: - | H29: 2.6711066e+10 | I29: - | J29: - | K29: - | L29: - | M29: - | N29: - | O29: - | P29: - | Q29: - | R29: Привлечение кредитов из других бюджетов бюджетной системы Российской Федерации бюджетами субъектов Российской Федерации в валюте Российской Федерации | S29: 520 | T29: 000 0103010002 0000 710 | U29: 1.3711066e+10 | V29: - | W29: 1.3711066e+10 | X29: - | Y29: 1.3711066e+10 | Z29: - | AA29: - | AB29: - | AC29: - | AD29: - | AE29: - | AF29: - | AG29: - | AH29: -
A30: Привлечение кредитов из других бюджетов бюджетной системы Российской Федерации бюджетами городских округов в валюте Российской Федерации | B30: 520 | C30: 000 0103010004 0000 710 | D30: 770000000 | E30: - | F30: 770000000 | G30: 300000000 | H30: - | I30: - | J30: - | K30: 1070000000 | L30: - | M30: - | N30: - | O30: - | P30: - | Q30: - | R30: Привлечение кредитов из других бюджетов бюджетной системы Российской Федерации бюджетами городских округов в валюте Российской Федерации | S30: 520 | T30: 000 0103010004 0000 710 | U30: 770000000 | V30: - | W30: 770000000 | X30: 300000000 | Y30: - | Z30: - | AA30: - | AB30: 1070000000 | AC30: - | AD30: - | AE30: - | AF30: - | AG30: - | AH30: -
A31: Привлечение кредитов из других бюджетов бюджетной системы Российской Федерации бюджетами муниципальных районов в валюте Российской Федерации | B31: 520 | C31: 000 0103010005 0000 710 | D31: 125000000 | E31: - | F31: 125000000 | G31: 541702800 | H31: - | I31: - | J31: - | K31: - | L31: - | M31: - | N31: 666702800 | O31: - | P31: - | Q31: - | R31: Привлечение кредитов из других бюджетов бюджетной системы Российской Федерации бюджетами муниципальных районов в валюте Российской Федерации | S31: 520 | T31: 000 0103010005 0000 710 | U31: 125000000 | V31: - | W31: 125000000 | X31: 541702800 | Y31: - | Z31: - | AA31: - | AB31: - | AC31: - | AD31: - | AE31: 666702800 | AF31: - | AG31: - | AH31: -
A32: Привлечение кредитов из других бюджетов бюджетной системы Российской Федерации бюджетами сельских поселений в валюте Российской Федерации | B32: 520 | C32: 000 0103010010 0000 710 | D32: - | E32: - | F32: - | G32: 11000000 | H32: - | I32: - | J32: - | K32: - | L32: - | M32: - | N32: - | O32: - | P32: 11000000 | Q32: - | R32: Привлечение кредитов из других бюджетов бюджетной системы Российской Федерации бюджетами сельских поселений в валюте Российской Федерации | S32: 520 | T32: 000 0103010010 0000 710 | U32: - | V32: - | W32: - | X32: 1000000 | Y32: - | Z32: - | AA32: - | AB32: - | AC32: - | AD32: - | AE32: - | AF32: - | AG32: 1000000 | AH32: -
A33: Привлечение кредитов из других бюджетов бюджетной системы Российской Федерации бюджетами городских поселений в валюте Российской Федерации | B33: 520 | C33: 000 0103010013 0000 710 | D33: 48000000 | E33: - | F33: 48000000 | G33: 37000000 | H33: - | I33: - | J33: - | K33: - | L33: - | M33: - | N33: - | O33: 85000000 | P33: - | Q33: - | R33: Привлечение кредитов из других бюджетов бюджетной системы Российской Федерации бюджетами городских поселений в валюте Российской Федерации | S33: 520 | T33: 000 0103010013 0000 710 | U33: 45000000 | V33: - | W33: 45000000 | X33: 28000000 | Y33: - | Z33: - | AA33: - | AB33: - | AC33: - | AD33: - | AE33: - | AF33: 73000000 | AG33: - | AH33: -
A34: Погашение бюджетных кредитов, полученных из других бюджетов бюджетной системы Российской Федерации в валюте Российской Федерации | B34: 520 | C34: 000 0103010000 0000 800 | D34: -12448574440 | E34: - | F34: -12448574440 | G34: -1059351300 | H34: -11505574440 | I34: - | J34: - | K34: -770000000 | L34: - | M34: - | N34: -1129701300 | O34: -91500000 | P34: -11150000 | Q34: - | R34: Погашение бюджетных кредитов, полученных из других бюджетов бюджетной системы Российской Федерации в валюте Российской Федерации | S34: 520 | T34: 000 0103010000 0000 800 | U34: - | V34: - | W34: - | X34: -342601000 | Y34: - | Z34: - | AA34: - | AB34: - | AC34: - | AD34: - | AE34: -342051000 | AF34: -550000 | AG34: - | AH34: -
A35: Погашение бюджетами субъектов Российской Федерации кредитов из других бюджетов бюджетной системы Российской Федерации в валюте Российской Федерации | B35: 520 | C35: 000 0103010002 0000 810 | D35: -11505574440 | E35: - | F35: -11505574440 | G35: - | H35: -11505574440 | I35: - | J35: - | K35: - | L35: - | M35: - | N35: - | O35: - | P35: - | Q35: - | R35: Погашение бюджетами субъектов Российской Федерации кредитов из других бюджетов бюджетной системы Российской Федерации в валюте Российской Федерации | S35: 520 | T35: 000 0103010002 0000 810 | U35: - | V35: - | W35: - | X35: - | Y35: - | Z35: - | AA35: - | AB35: - | AC35: - | AD35: - | AE35: - | AF35: - | AG35: - | AH35: -
A36: Погашение бюджетами городских округов кредитов из других бюджетов бюджетной системы Российской Федерации в валюте Российской Федерации | B36: 520 | C36: 000 0103010004 0000 810 | D36: -770000000 | E36: - | F36: -770000000 | G36: - | H36: - | I36: - | J36: - | K36: -770000000 | L36: - | M36: - | N36: - | O36: - | P36: - | Q36: - | R36: Погашение бюджетами городских округов кредитов из других бюджетов бюджетной системы Российской Федерации в валюте Российской Федерации | S36: 520 | T36: 000 0103010004 0000 810 | U36: - | V36: - | W36: - | X36: - | Y36: - | Z36: - | AA36: - | AB36: - | AC36: - | AD36: - | AE36: - | AF36: - | AG36: - | AH36: -
A37: Погашение бюджетами муниципальных районов кредитов из других бюджетов бюджетной системы Российской Федерации в валюте Российской Федерации | B37: 520 | C37: 000 0103010005 0000 810 | D37: -125000000 | E37: - | F37: -125000000 | G37: -1004701300 | H37: - | I37: - | J37: - | K37: - | L37: - | M37: - | N37: -1129701300 | O37: - | P37: - | Q37: - | R37: Погашение бюджетами муниципальных районов кредитов из других бюджетов бюджетной системы Российской Федерации в валюте Российской Федерации | S37: 520 | T37: 000 0103010005 0000 810 | U37: - | V37: - | W37: - | X37: -342051000 | Y37: - | Z37: - | AA37: - | AB37: - | AC37: - | AD37: - | AE37: -342051000 | AF37: - | AG37: - | AH37: -
A38: Погашение бюджетами сельских поселений кредитов из других бюджетов бюджетной системы Российской Федерации в валюте Российской Федерации | B38: 520 | C38: 000 0103010010 0000 810 | D38: - | E38: - | F38: - | G38: -11150000 | H38: - | I38: - | J38: - | K38: - | L38: - | M38: - | N38: - | O38: - | P38: -11150000 | Q38: - | R38: Погашение бюджетами сельских поселений кредитов из других бюджетов бюджетной системы Российской Федерации в валюте Российской Федерации | S38: 520 | T38: 000 0103010010 0000 810 | U38: - | V38: - | W38: - | X38: - | Y38: - | Z38: - | AA38: - | AB38: - | AC38: - | AD38: - | AE38: - | AF38: - | AG38: - | AH38: -
A39: Погашение бюджетами городских поселений кредитов из других бюджетов бюджетной системы Российской Федерации в валюте Российской Федерации | B39: 520 | C39: 000 0103010013 0000 810 | D39: -48000000 | E39: - | F39: -48000000 | G39: -43500000 | H39: - | I39: - | J39: - | K39: - | L39: - | M39: - | N39: - | O39: -91500000 | P39: - | Q39: - | R39: Погашение бюджетами городских поселений кредитов из других бюджетов бюджетной системы Российской Федерации в валюте Российской Федерации | S39: 520 | T39: 000 0103010013 0000 810 | U39: - | V39: - | W39: - | X39: -550000 | Y39: - | Z39: - | AA39: - | AB39: - | AC39: - | AD39: - | AE39: - | AF39: -550000 | AG39: - | AH39: -
A40: Иные источники внутреннего финансирования дефицитов бюджетов | B40: 520 | C40: 000 0106000000 0000 000 | D40: -249998500 | E40: - | F40: -249998500 | G40: 169648500 | H40: - | I40: - | J40: - | K40: -82000000 | L40: - | M40: - | N40: 1650000 | O40: - | P40: - | Q40: - | R40: Иные источники внутреннего финансирования дефицитов бюджетов | S40: 520 | T40: 000 0106000000 0000 000 | U40: -39000000 | V40: - | W40: -39000000 | X40: -528101800 | Y40: -499651800 | Z40: - | AA40: - | AB40: -82000000 | AC40: - | AD40: - | AE40: 14550000 | AF40: - | AG40: - | AH40: -
A41: Бюджетные кредиты, предоставленные внутри страны в валюте Российской Федерации | B41: 520 | C41: 000 0106050000 0000 000 | D41: -167998500 | E41: - | F41: -167998500 | G41: 169648500 | H41: - | I41: - | J41: - | K41: - | L41: - | M41: - | N41: 1650000 | O41: - | P41: - | Q41: - | R41: Бюджетные кредиты, предоставленные внутри страны в валюте Российской Федерации | S41: 520 | T41: 000 0106050000 0000 000 | U41: - | V41: - | W41: - | X41: -528101800 | Y41: -499651800 | Z41: - | AA41: - | AB41: - | AC41: - | AD41: - | AE41: -28450000 | AF41: - | AG41: - | AH41: -
A42: Возврат бюджетных кредитов, предоставленных внутри страны в валюте Российской Федерации | B42: 520 | C42: 000 0106050000 0000 600 | D42: 225349200 | E42: - | F42: 225349200 | G42: 1059351300 | H42: 1190050500 | I42: - | J42: - | K42: - | L42: - | M42: - | N42: 94650000 | O42: - | P42: - | Q42: - | R42: Возврат бюджетных кредитов, предоставленных внутри страны в валюте Российской Федерации | S42: 520 | T42: 000 0106050000 0000 600 | U42: - | V42: - | W42: - | X42: 342601000 | Y42: 342051000 | Z42: - | AA42: - | AB42: - | AC42: - | AD42: - | AE42: 550000 | AF42: - | AG42: - | AH42: -
A43: Возврат бюджетных кредитов, предоставленных другим бюджетам бюджетной системы Российской Федерации в валюте Российской Федерации | B43: 520 | C43: 000 0106050200 0000 600 | D43: 225349200 | E43: - | F43: 225349200 | G43: 1059351300 | H43: 1190050500 | I43: - | J43: - | K43: - | L43: - | M43: - | N43: 94650000 | O43: - | P43: - | Q43: - | R43: Возврат бюджетных кредитов, предоставленных другим бюджетам бюджетной системы Российской Федерации в валюте Российской Федерации | S43: 520 | T43: 000 0106050200 0000 600 | U43: - | V43: - | W43: - | X43: 342601000 | Y43: 342051000 | Z43: - | AA43: - | AB43: - | AC43: - | AD43: - | AE43: 550000 | AF43: - | AG43: - | AH43: -
A44: Возврат бюджетных кредитов, предоставленных другим бюджетам бюджетной системы Российской Федерации из бюджетов субъектов Российской Федерации в валюте Российской Федерации | B44: 520 | C44: 000 0106050202 0000 640 | D44: 185349200 | E44: - | F44: 185349200 | G44: 1004701300 | H44: 1190050500 | I44: - | J44: - | K44: - | L44: - | M44: - | N44: - | O44: - | P44: - | Q44: - | R44: Возврат бюджетных кредитов, предоставленных другим бюджетам бюджетной системы Российской Федерации из бюджетов субъектов Российской Федерации в валюте Российской Федерации | S44: 520 | T44: 000 0106050202 0000 640 | U44: - | V44: - | W44: - | X44: 342051000 | Y44: 342051000 | Z44: - | AA44: - | AB44: - | AC44: - | AD44: - | AE44: - | AF44: - | AG44: - | AH44: -
A45: Возврат бюджетных кредитов, предоставленных другим бюджетам бюджетной системы Российской Федерации из бюджетов муниципальных районов в валюте Российской Федерации | B45: 520 | C45: 000 0106050205 0000 640 | D45: 40000000 | E45: - | F45: 40000000 | G45: 54650000 | H45: - | I45: - | J45: - | K45: - | L45: - | M45: - | N45: 94650000 | O45: - | P45: - | Q45: - | R45: Возврат бюджетных кредитов, предоставленных другим бюджетам бюджетной системы Российской Федерации из бюджетов муниципальных районов в валюте Российской Федерации | S45: 520 | T45: 000 0106050205 0000 640 | U45: - | V45: - | W45: - | X45: 550000 | Y45: - | Z45: - | AA45: - | AB45: - | AC45: - | AD45: - | AE45: 550000 | AF45: - | AG45: - | AH45: -
A46: Предоставление бюджетных кредитов внутри страны в валюте Российской Федерации | B46: 520 | C46: 000 0106050000 0000 500 | D46: -393347700 | E46: - | F46: -393347700 | G46: -889702800 | H46: -1190050500 | I46: - | J46: - | K46: - | L46: - | M46: - | N46: -93000000 | O46: - | P46: - | Q46: - | R46: Предоставление бюджетных кредитов внутри страны в валюте Российской Федерации | S46: 520 | T46: 000 0106050000 0000 500 | U46: - | V46: - | W46: - | X46: -870702800 | Y46: -841702800 | Z46: - | AA46: - | AB46: - | AC46: - | AD46: - | AE46: -29000000 | AF46: - | AG46: - | AH46: -
A47: Предоставление бюджетных кредитов другим бюджетам бюджетной системы Российской Федерации в валюте Российской Федерации | B47: 520 | C47: 000 0106050200 0000 500 | D47: -393347700 | E47: - | F47: -393347700 | G47: -889702800 | H47: -1190050500 | I47: - | J47: - | K47: - | L47: - | M47: - | N47: -93000000 | O47: - | P47: - | Q47: - | R47: Предоставление бюджетных кредитов другим бюджетам бюджетной системы Российской Федерации в валюте Российской Федерации | S47: 520 | T47: 000 0106050200 0000 500 | U47: - | V47: - | W47: - | X47: -870702800 | Y47: -841702800 | Z47: - | AA47: - | AB47: - | AC47: - | AD47: - | AE47: -29000000 | AF47: - | AG47: - | AH47: -
A48: Предоставление бюджетных кредитов другим бюджетам бюджетной системы Российской Федерации из бюджетов субъектов Российской Федерации в валюте Российской Федерации | B48: 520 | C48: 000 0106050202 0000 540 | D48: -348347700 | E48: - | F48: -348347700 | G48: -841702800 | H48: -1190050500 | I48: - | J48: - | K48: - | L48: - | M48: - | N48: - | O48: - | P48: - | Q48: - | R48: Предоставление бюджетных кредитов другим бюджетам бюджетной системы Российской Федерации из бюджетов субъектов Российской Федерации в валюте Российской Федерации | S48: 520 | T48: 000 0106050202 0000 540 | U48: - | V48: - | W48: - | X48: -841702800 | Y48: -841702800 | Z48: - | AA48: - | AB48: - | AC48: - | AD48: - | AE48: - | AF48: - | AG48: - | AH48: -
A49: Предоставление бюджетных кредитов другим бюджетам бюджетной системы Российской Федерации из бюджетов муниципальных районов в валюте Российской Федерации | B49: 520 | C49: 000 0106050205 0000 540 | D49: -45000000 | E49: - | F49: -45000000 | G49: -48000000 | H49: - | I49: - | J49: - | K49: - | L49: - | M49: - | N49: -93000000 | O49: - | P49: - | Q49: - | R49: Предоставление бюджетных кредитов другим бюджетам бюджетной системы Российской Федерации из бюджетов муниципальных районов в валюте Российской Федерации | S49: 520 | T49: 000 0106050205 0000 540 | U49: - | V49: - | W49: - | X49: -29000000 | Y49: - | Z49: - | AA49: - | AB49: - | AC49: - | AD49: - | AE49: -29000000 | AF49: - | AG49: - | AH49: -
A50: Операции по управлению остатками средств на единых счетах бюджетов | B50: 520 | C50: 000 0106100000 0000 000 | D50: -82000000 | E50: - | F50: -82000000 | G50: - | H50: - | I50: - | J50: - | K50: -82000000 | L50: - | M50: - | N50: - | O50: - | P50: - | Q50: - | R50: Операции по управлению остатками средств на единых счетах бюджетов | S50: 520 | T50: 000 0106100000 0000 000 | U50: -39000000 | V50: - | W50: -39000000 | X50: - | Y50: - | Z50: - | AA50: - | AB50: -82000000 | AC50: - | AD50: - | AE50: 43000000 | AF50: - | AG50: - | AH50: -
A51: Увеличение финансовых активов в государственной (муниципальной) собственности за счет средств организаций, лицевые счета которым открыты в территориальных органах Федерального казначейства или в финансовых органах в соответствии с законодательством Российской Федерации | B51: 520 | C51: 000 0106100200 0000 500 | D51: -82000000 | E51: - | F51: -82000000 | G51: - | H51: - | I51: - | J51: - | K51: -82000000 | L51: - | M51: - | N51: - | O51: - | P51: - | Q51: - | R51: Увеличение финансовых активов в государственной (муниципальной) собственности за счет средств организаций, лицевые счета которым открыты в территориальных органах Федерального казначейства или в финансовых органах в соответствии с законодательством Российской Федерации | S51: 520 | T51: 000 0106100200 0000 500 | U51: -39000000 | V51: - | W51: -39000000 | X51: - | Y51: - | Z51: - | AA51: - | AB51: -82000000 | AC51: - | AD51: - | AE51: 43000000 | AF51: - | AG51: - | AH51: -
A52: Увеличение финансовых активов в собственности городских округов за счет средств на казначейских счетах для осуществления и отражения операций с денежными средствами, поступающими во временное распоряжение получателей средств местного бюджета, казначейских счетах для осуществления и отражения операций с денежными средствами бюджетных и автономных учреждений, казначейских счетах для осуществления и отражения операций с денежными средствами юридических лиц, не являющихся участниками бюджетного процесса, бюджетными и автономными учреждениями | B52: 520 | C52: 000 0106100204 0000 550 | D52: -82000000 | E52: - | F52: -82000000 | G52: - | H52: - | I52: - | J52: - | K52: -82000000 | L52: - | M52: - | N52: - | O52: - | P52: - | Q52: - | R52: Увеличение финансовых активов в собственности городских округов за счет средств на казначейских счетах для осуществления и отражения операций с денежными средствами, поступающими во временное распоряжение получателей средств местного бюджета, казначейских счетах для осуществления и отражения операций с денежными средствами бюджетных и автономных учреждений, казначейских счетах для осуществления и отражения операций с денежными средствами юридических лиц, не являющихся участниками бюджетного процесса, бюджетными и автономными учреждениями | S52: 520 | T52: 000 0106100204 0000 550 | U52: -82000000 | V52: - | W52: -82000000 | X52: - | Y52: - | Z52: - | AA52: - | AB52: -82000000 | AC52: - | AD52: - | AE52: - | AF52: - | AG52: - | AH52: -
A53: Увеличение финансовых активов в собственности муниципальных районов за счет средств на казначейских счетах для осуществления и отражения операций с денежными средствами, поступающими во временное распоряжение получателей средств местного бюджета, казначейских счетах для осуществления и отражения операций с денежными средствами бюджетных и автономных учреждений, казначейских счетах для осуществления и отражения операций с денежными средствами юридических лиц, не являющихся участниками бюджетного процесса, бюджетными и автономными учреждениями | B53: 520 | C53: 000 0106100205 0000 550 | D53: - | E53: - | F53: - | G53: - | H53: - | I53: - | J53: - | K53: - | L53: - | M53: - | N53: - | O53: - | P53: - | Q53: - | R53: Увеличение финансовых активов в собственности муниципальных районов за счет средств на казначейских счетах для осуществления и отражения операций с денежными средствами, поступающими во временное распоряжение получателей средств местного бюджета, казначейских счетах для осуществления и отражения операций с денежными средствами бюджетных и автономных учреждений, казначейских счетах для осуществления и отражения операций с денежными средствами юридических лиц, не являющихся участниками бюджетного процесса, бюджетными и автономными учреждениями | S53: 520 | T53: 000 0106100205 0000 550 | U53: 43000000 | V53: - | W53: 43000000 | X53: - | Y53: - | Z53: - | AA53: - | AB53: - | AC53: - | AD53: - | AE53: 43000000 | AF53: - | AG53: - | AH53: -
A54: источники внешнего финансирования | B54: 620 | C54: х | D54: - | E54: - | F54: - | G54: - | H54: - | I54: - | J54: - | K54: - | L54: - | M54: - | N54: - | O54: - | P54: - | Q54: - | R54: источники внешнего финансирования | S54: 620 | T54: х | U54: - | V54: - | W54: - | X54: - | Y54: - | Z54: - | AA54: - | AB54: - | AC54: - | AD54: - | AE54: - | AF54: - | AG54: - | AH54: -
A55: из них: | R55: из них:
A56: изменение остатков средств | B56: 700 | C56: х | D56: 6.8003606e+09 | E56: - | F56: 5.1947831e+09 | G56: - | H56: 4.0787746e+09 | I56: - | J56: - | K56: 2.022705e+08 | L56: - | M56: - | N56: 4.9031588e+08 | O56: 1.6536117e+08 | P56: 2.5806091e+08 | Q56: 1.6055775e+09 | R56: изменение остатков средств | S56: 700 | T56: х | U56: -8.4549259e+09 | V56: - | W56: -7.0148741e+09 | X56: - | Y56: -7.1570163e+09 | Z56: - | AA56: - | AB56: 1.2819099e+08 | AC56: - | AD56: - | AE56: 1.8144983e+08 | AF56: -58613164 | AG56: -1.0888549e+08 | AH56: -1.4400518e+09
A57: Изменение остатков средств на счетах по учету средств бюджетов | B57: 700 | C57: 000 0105000000 0000 000 | D57: 6.8003606e+09 | E57: - | F57: 5.1947831e+09 | G57: - | H57: 4.0787746e+09 | I57: - | J57: - | K57: 2.022705e+08 | L57: - | M57: - | N57: 4.9031588e+08 | O57: 1.6536117e+08 | P57: 2.5806091e+08 | Q57: 1.6055775e+09 | R57: Изменение остатков средств на счетах по учету средств бюджетов | S57: 700 | T57: 000 0105000000 0000 000 | U57: -8.4549259e+09 | V57: - | W57: -7.0148741e+09 | X57: - | Y57: -7.1570163e+09 | Z57: - | AA57: - | AB57: 1.2819099e+08 | AC57: - | AD57: - | AE57: 1.8144983e+08 | AF57: -58613164 | AG57: -1.0888549e+08 | AH57: -1.4400518e+09
A58: увеличение остатков средств, всего | B58: 710 | C58: х | D58: -2.3973728e+11 | E58: - | F58: -2.0545338e+11 | G58: -4.7300784e+10 | H58: -1.7529073e+11 | I58: - | J58: - | K58: -2.8587287e+10 | L58: - | M58: - | N58: -3.7672187e+10 | O58: -7.2072607e+09 | P58: -3.9967026e+09 | Q58: -34283895600 | R58: увеличение остатков средств, всего | S58: 710 | T58: х | U58: -1.2150931e+11 | V58: -1.1678014e+08 | W58: -1.0046732e+11 | X58: -2.1842611e+10 | Y58: -8.7696153e+10 | Z58: - | AA58: - | AB58: -1.2807496e+10 | AC58: - | AD58: - | AE58: -1.7862281e+10 | AF58: -2.5583931e+09 | AG58: -1.3856055e+09 | AH58: -2.1158775e+10
A59: Увеличение остатков средств бюджетов | B59: 710 | C59: 000 0105000000 0000 500 | D59: -2.3973728e+11 | E59: - | F59: -2.0545338e+11 | G59: -4.7300784e+10 | H59: -1.7529073e+11 | I59: - | J59: - | K59: -2.8587287e+10 | L59: - | M59: - | N59: -3.7672187e+10 | O59: -7.2072607e+09 | P59: -3.9967026e+09 | Q59: -34283895600 | R59: Увеличение остатков средств бюджетов | S59: 710 | T59: 000 0105000000 0000 500 | U59: -1.2150931e+11 | V59: -1.1678014e+08 | W59: -1.0046732e+11 | X59: -2.1842611e+10 | Y59: -8.7696153e+10 | Z59: - | AA59: - | AB59: -1.2807496e+10 | AC59: - | AD59: - | AE59: -1.7862281e+10 | AF59: -2.5583931e+09 | AG59: -1.3856055e+09 | AH59: -2.1158775e+10
A60: Увеличение прочих остатков средств бюджетов | B60: 710 | C60: 000 0105020000 0000 500 | D60: -2.3973728e+11 | E60: - | F60: -2.0545338e+11 | G60: -4.7300784e+10 | H60: -1.7529073e+11 | I60: - | J60: - | K60: -2.8587287e+10 | L60: - | M60: - | N60: -3.7672187e+10 | O60: -7.2072607e+09 | P60: -3.9967026e+09 | Q60: -34283895600 | R60: Увеличение прочих остатков средств бюджетов | S60: 710 | T60: 000 0105020000 0000 500 | U60: -1.2150931e+11 | V60: -1.1678014e+08 | W60: -1.0046732e+11 | X60: -2.1842611e+10 | Y60: -8.7696153e+10 | Z60: - | AA60: - | AB60: -1.2807496e+10 | AC60: - | AD60: - | AE60: -1.7862281e+10 | AF60: -2.5583931e+09 | AG60: -1.3856055e+09 | AH60: -2.1158775e+10
A61: Увеличение прочих остатков денежных средств бюджетов | B61: 710 | C61: 000 0105020100 0000 510 | D61: -2.3973728e+11 | E61: - | F61: -2.0545338e+11 | G61: -4.7300784e+10 | H61: -1.7529073e+11 | I61: - | J61: - | K61: -2.8587287e+10 | L61: - | M61: - | N61: -3.7672187e+10 | O61: -7.2072607e+09 | P61: -3.9967026e+09 | Q61: -34283895600 | R61: Увеличение прочих остатков денежных средств бюджетов | S61: 710 | T61: 000 0105020100 0000 510 | U61: -1.2150931e+11 | V61: -1.1678014e+08 | W61: -1.0046732e+11 | X61: -2.1842611e+10 | Y61: -8.7696153e+10 | Z61: - | AA61: - | AB61: -1.2807496e+10 | AC61: - | AD61: - | AE61: -1.7862281e+10 | AF61: -2.5583931e+09 | AG61: -1.3856055e+09 | AH61: -2.1158775e+10
A62: Увеличение прочих остатков денежных средств бюджетов субъектов Российской Федерации | B62: 710 | C62: 000 0105020102 0000 510 | D62: -1.7428551e+11 | E62: - | F62: -1.7428551e+11 | G62: -1.0052212e+09 | H62: -1.7529073e+11 | I62: - | J62: - | K62: - | L62: - | M62: - | N62: - | O62: - | P62: - | Q62: - | R62: Увеличение прочих остатков денежных средств бюджетов субъектов Российской Федерации | S62: 710 | T62: 000 0105020102 0000 510 | U62: -8.7291237e+10 | V62: -16832500 | W62: -8.7308069e+10 | X62: -3.8808376e+08 | Y62: -8.7696153e+10 | Z62: - | AA62: - | AB62: - | AC62: - | AD62: - | AE62: - | AF62: - | AG62: - | AH62: -
A63: Увеличение прочих остатков денежных средств бюджетов городских округов | B63: 710 | C63: 000 0105020104 0000 510 | D63: -1.4129321e+10 | E63: - | F63: -1.4129321e+10 | G63: -1.4457965e+10 | H63: - | I63: - | J63: - | K63: -2.8587287e+10 | L63: - | M63: - | N63: - | O63: - | P63: - | Q63: - | R63: Увеличение прочих остатков денежных средств бюджетов городских округов | S63: 710 | T63: 000 0105020104 0000 510 | U63: -5.8706731e+09 | V63: - | W63: -5.8706731e+09 | X63: -6.9368225e+09 | Y63: - | Z63: - | AA63: - | AB63: -1.2807496e+10 | AC63: - | AD63: - | AE63: - | AF63: - | AG63: - | AH63: -
A64: Увеличение прочих остатков денежных средств бюджетов муниципальных районов | B64: 710 | C64: 000 0105020105 0000 510 | D64: -1.1532958e+10 | E64: - | F64: -1.1532958e+10 | G64: -2.6139229e+10 | H64: - | I64: - | J64: - | K64: - | L64: - | M64: - | N64: -3.7672187e+10 | O64: - | P64: - | Q64: - | R64: Увеличение прочих остатков денежных средств бюджетов муниципальных районов | S64: 710 | T64: 000 0105020105 0000 510 | U64: -5.0686832e+09 | V64: - | W64: -5.0686832e+09 | X64: -1.2793598e+10 | Y64: - | Z64: - | AA64: - | AB64: - | AC64: - | AD64: - | AE64: -1.7862281e+10 | AF64: - | AG64: - | AH64: -
A65: Увеличение прочих остатков денежных средств бюджетов территориальных фондов обязательного медицинского страхования | B65: 710 | C65: 000 0105020109 0000 510 | D65: -34283895600 | E65: - | F65: - | G65: - | H65: - | I65: - | J65: - | K65: - | L65: - | M65: - | N65: - | O65: - | P65: - | Q65: -34283895600 | R65: Увеличение прочих остатков денежных средств бюджетов территориальных фондов обязательного медицинского страхования | S65: 710 | T65: 000 0105020109 0000 510 | U65: -2.1058828e+10 | V65: -99947644 | W65: - | X65: - | Y65: - | Z65: - | AA65: - | AB65: - | AC65: - | AD65: - | AE65: - | AF65: - | AG65: - | AH65: -2.1158775e+10
A66: Увеличение прочих остатков денежных средств бюджетов сельских поселений | B66: 710 | C66: 000 0105020110 0000 510 | D66: -1.6444964e+09 | E66: - | F66: -1.6444964e+09 | G66: -2.3522062e+09 | H66: - | I66: - | J66: - | K66: - | L66: - | M66: - | N66: - | O66: - | P66: -3.9967026e+09 | Q66: - | R66: Увеличение прочих остатков денежных средств бюджетов сельских поселений | S66: 710 | T66: 000 0105020110 0000 510 | U66: -7.8128776e+08 | V66: - | W66: -7.8128776e+08 | X66: -6.0431771e+08 | Y66: - | Z66: - | AA66: - | AB66: - | AC66: - | AD66: - | AE66: - | AF66: - | AG66: -1.3856055e+09 | AH66: -
A67: Увеличение прочих остатков денежных средств бюджетов городских поселений | B67: 710 | C67: 000 0105020113 0000 510 | D67: -3.861099e+09 | E67: - | F67: -3.861099e+09 | G67: -3.3461617e+09 | H67: - | I67: - | J67: - | K67: - | L67: - | M67: - | N67: - | O67: -7.2072607e+09 | P67: - | Q67: - | R67: Увеличение прочих остатков денежных средств бюджетов городских поселений | S67: 710 | T67: 000 0105020113 0000 510 | U67: -1.4386038e+09 | V67: - | W67: -1.4386038e+09 | X67: -1.1197893e+09 | Y67: - | Z67: - | AA67: - | AB67: - | AC67: - | AD67: - | AE67: - | AF67: -2.5583931e+09 | AG67: - | AH67: -
A68: уменьшение остатков средств, всего | B68: 720 | C68: х | D68: 2.4653764e+11 | E68: - | F68: 2.1064816e+11 | G68: 4.7300784e+10 | H68: 1.793695e+11 | I68: - | J68: - | K68: 2.8789557e+10 | L68: - | M68: - | N68: 3.8162503e+10 | O68: 7.3726219e+09 | P68: 4.2547635e+09 | Q68: 3.5889473e+10 | R68: уменьшение остатков средств, всего | S68: 720 | T68: х | U68: 1.1305439e+11 | V68: 1.1678014e+08 | W68: 9.3452443e+10 | X68: 2.1842611e+10 | Y68: 8.0539137e+10 | Z68: - | AA68: - | AB68: 1.2935687e+10 | AC68: - | AD68: - | AE68: 1.8043731e+10 | AF68: 2.49978e+09 | AG68: 1.27672e+09 | AH68: 1.9718723e+10
A69: Уменьшение остатков средств бюджетов | B69: 720 | C69: 000 0105000000 0000 600 | D69: 2.4653764e+11 | E69: - | F69: 2.1064816e+11 | G69: 4.7300784e+10 | H69: 1.793695e+11 | I69: - | J69: - | K69: 2.8789557e+10 | L69: - | M69: - | N69: 3.8162503e+10 | O69: 7.3726219e+09 | P69: 4.2547635e+09 | Q69: 3.5889473e+10 | R69: Уменьшение остатков средств бюджетов | S69: 720 | T69: 000 0105000000 0000 600 | U69: 1.1305439e+11 | V69: 1.1678014e+08 | W69: 9.3452443e+10 | X69: 2.1842611e+10 | Y69: 8.0539137e+10 | Z69: - | AA69: - | AB69: 1.2935687e+10 | AC69: - | AD69: - | AE69: 1.8043731e+10 | AF69: 2.49978e+09 | AG69: 1.27672e+09 | AH69: 1.9718723e+10
A70: Уменьшение прочих остатков средств бюджетов | B70: 720 | C70: 000 0105020000 0000 600 | D70: 2.4653764e+11 | E70: - | F70: 2.1064816e+11 | G70: 4.7300784e+10 | H70: 1.793695e+11 | I70: - | J70: - | K70: 2.8789557e+10 | L70: - | M70: - | N70: 3.8162503e+10 | O70: 7.3726219e+09 | P70: 4.2547635e+09 | Q70: 3.5889473e+10 | R70: Уменьшение прочих остатков средств бюджетов | S70: 720 | T70: 000 0105020000 0000 600 | U70: 1.1305439e+11 | V70: 1.1678014e+08 | W70: 9.3452443e+10 | X70: 2.1842611e+10 | Y70: 8.0539137e+10 | Z70: - | AA70: - | AB70: 1.2935687e+10 | AC70: - | AD70: - | AE70: 1.8043731e+10 | AF70: 2.49978e+09 | AG70: 1.27672e+09 | AH70: 1.9718723e+10
A71: Уменьшение прочих остатков денежных средств бюджетов | B71: 720 | C71: 000 0105020100 0000 610 | D71: 2.4653764e+11 | E71: - | F71: 2.1064816e+11 | G71: 4.7300784e+10 | H71: 1.793695e+11 | I71: - | J71: - | K71: 2.8789557e+10 | L71: - | M71: - | N71: 3.8162503e+10 | O71: 7.3726219e+09 | P71: 4.2547635e+09 | Q71: 3.5889473e+10 | R71: Уменьшение прочих остатков денежных средств бюджетов | S71: 720 | T71: 000 0105020100 0000 610 | U71: 1.1305439e+11 | V71: 1.1678014e+08 | W71: 9.3452443e+10 | X71: 2.1842611e+10 | Y71: 8.0539137e+10 | Z71: - | AA71: - | AB71: 1.2935687e+10 | AC71: - | AD71: - | AE71: 1.8043731e+10 | AF71: 2.49978e+09 | AG71: 1.27672e+09 | AH71: 1.9718723e+10
A72: Уменьшение прочих остатков денежных средств бюджетов субъектов Российской Федерации | B72: 720 | C72: 000 0105020102 0000 610 | D72: 1.3525095e+11 | E72: - | F72: 1.3525095e+11 | G72: 4.4118551e+10 | H72: 1.793695e+11 | I72: - | J72: - | K72: - | L72: - | M72: - | N72: - | O72: - | P72: - | Q72: - | R72: Уменьшение прочих остатков денежных средств бюджетов субъектов Российской Федерации | S72: 720 | T72: 000 0105020102 0000 610 | U72: 5.950119e+10 | V72: 99947644 | W72: 5.9601138e+10 | X72: 2.0937999e+10 | Y72: 8.0539137e+10 | Z72: - | AA72: - | AB72: - | AC72: - | AD72: - | AE72: - | AF72: - | AG72: - | AH72: -
A73: Уменьшение прочих остатков денежных средств бюджетов городских округов | B73: 720 | C73: 000 0105020104 0000 610 | D73: 2.878955e+10 | E73: - | F73: 2.878955e+10 | G73: 7000 | H73: - | I73: - | J73: - | K73: 2.8789557e+10 | L73: - | M73: - | N73: - | O73: - | P73: - | Q73: - | R73: Уменьшение прочих остатков денежных средств бюджетов городских округов | S73: 720 | T73: 000 0105020104 0000 610 | U73: 1.2915425e+10 | V73: - | W73: 1.2915425e+10 | X73: 20261842 | Y73: - | Z73: - | AA73: - | AB73: 1.2935687e+10 | AC73: - | AD73: - | AE73: - | AF73: - | AG73: - | AH73: -
A74: Уменьшение прочих остатков денежных средств бюджетов муниципальных районов | B74: 720 | C74: 000 0105020105 0000 610 | D74: 3.5702762e+10 | E74: - | F74: 3.5702762e+10 | G74: 2.4597415e+09 | H74: - | I74: - | J74: - | K74: - | L74: - | M74: - | N74: 3.8162503e+10 | O74: - | P74: - | Q74: - | R74: Уменьшение прочих остатков денежных средств бюджетов муниципальных районов | S74: 720 | T74: 000 0105020105 0000 610 | U74: 1.7333912e+10 | V74: - | W74: 1.7333912e+10 | X74: 7.0981873e+08 | Y74: - | Z74: - | AA74: - | AB74: - | AC74: - | AD74: - | AE74: 1.8043731e+10 | AF74: - | AG74: - | AH74: -
A75: Уменьшение прочих остатков денежных средств бюджетов территориальных фондов обязательного медицинского страхования | B75: 720 | C75: 000 0105020109 0000 610 | D75: 3.5889473e+10 | E75: - | F75: - | G75: - | H75: - | I75: - | J75: - | K75: - | L75: - | M75: - | N75: - | O75: - | P75: - | Q75: 3.5889473e+10 | R75: Уменьшение прочих остатков денежных средств бюджетов территориальных фондов обязательного медицинского страхования | S75: 720 | T75: 000 0105020109 0000 610 | U75: 1.9701891e+10 | V75: 16832500 | W75: - | X75: - | Y75: - | Z75: - | AA75: - | AB75: - | AC75: - | AD75: - | AE75: - | AF75: - | AG75: - | AH75: 1.9718723e+10
A76: Уменьшение прочих остатков денежных средств бюджетов сельских поселений | B76: 720 | C76: 000 0105020110 0000 610 | D76: 3.9901289e+09 | E76: - | F76: 3.9901289e+09 | G76: 2.6463459e+08 | H76: - | I76: - | J76: - | K76: - | L76: - | M76: - | N76: - | O76: - | P76: 4.2547635e+09 | Q76: - | R76: Уменьшение прочих остатков денежных средств бюджетов сельских поселений | S76: 720 | T76: 000 0105020110 0000 610 | U76: 1.2101e+09 | V76: - | W76: 1.2101e+09 | X76: 66619969 | Y76: - | Z76: - | AA76: - | AB76: - | AC76: - | AD76: - | AE76: - | AF76: - | AG76: 1.27672e+09 | AH76: -
A77: Уменьшение прочих остатков денежных средств бюджетов городских поселений | B77: 720 | C77: 000 0105020113 0000 610 | D77: 6.9147726e+09 | E77: - | F77: 6.9147726e+09 | G77: 4.578493e+08 | H77: - | I77: - | J77: - | K77: - | L77: - | M77: - | N77: - | O77: 7.3726219e+09 | P77: - | Q77: - | R77: Уменьшение прочих остатков денежных средств бюджетов городских поселений | S77: 720 | T77: 000 0105020113 0000 610 | U77: 2.3918685e+09 | V77: - | W77: 2.3918685e+09 | X77: 1.0791151e+08 | Y77: - | Z77: - | AA77: - | AB77: - | AC77: - | AD77: - | AE77: - | AF77: 2.49978e+09 | AG77: - | AH77: -

Sheet КонсТабл
D1: 4. Таблица консолидируемых расчетов | N1: Форма 0503317 с.7
A3: Выбытия | B3: Наименование показателя | C3: Код строки | D3: Поступления | N3: ИТОГО
D4: бюджет субъекта Российской Федерации | E4: бюджеты внутригородских муниципальных образований городов федерального значения | F4: бюджеты муниципальных округов | G4: бюджеты городских округов | H4: бюджеты городских округов с внутригородским делением | I4: бюджеты внутригородских районов | J4: бюджеты муниципальных районов | K4: бюджеты городских поселений | L4: бюджеты сельских поселений | M4: бюджет территориального государственного внебюджетного фонда
B5: 1 | C5: 2 | D5: 3 | E5: 4 | F5: 5 | G5: 6 | H5: 7 | I5: 8 | J5: 9 | K5: 10 | L5: 11 | M5: 12 | N5: 13
B6: Всего выбытий | C6: 899 | D6: 4.0491626e+08 | E6: 0 | F6: 0 | G6: 6.9368225e+09 | H6: 0 | I6: 0 | J6: 1.2793598e+10 | K6: 1.1197893e+09 | L6: 6.0431771e+08 | M6: 99947644 | N6: 2.1959391e+10
B7: Бюджет субъекта Российской Федерации | C7: 900 | D7: 0 | E7: 0 | F7: 0 | G7: 6.9368225e+09 | H7: 0 | I7: 0 | J7: 1.2622006e+10 | K7: 8.6034174e+08 | L7: 5.188289e+08 | M7: 99947644 | N7: 2.1037947e+10
B8: в том числе по видам выбытий:
B9: субсидии | C9: 901 | D9: 0 | E9: 0 | F9: 0 | G9: 1.7294311e+09 | H9: 0 | I9: 0 | J9: 1.4777639e+09 | K9: 5.2360699e+08 | L9: 4.8437498e+08 | M9: 0 | N9: 4.2151769e+09
B10: субвенции | C10: 902 | D10: 0 | E10: 0 | F10: 0 | G10: 4.3735876e+09 | H10: 0 | I10: 0 | J10: 8.3165403e+09 | K10: 3726491 | L10: 16500288 | M10: 0 | N10: 1.2710355e+10
B11: дотации | C11: 903 | D11: 0 | E11: 0 | F11: 0 | G11: 130623200 | H11: 0 | I11: 0 | J11: 1907590400 | K11: 0 | L11: 0 | M11: 0 | N11: 2038213600
B12: иные межбюджетные трансферты | C12: 904 | D12: 0 | E12: 0 | F12: 0 | G12: 4.031806e+08 | H12: 0 | I12: 0 | J12: 3.7840883e+08 | K12: 3.3300826e+08 | L12: 17953633 | M12: 0 | N12: 1.1325513e+09
B13: трансферты бюджету территориального фонда | C13: 905 | D13: 0 | E13: 0 | F13: 0 | G13: 0 | H13: 0 | I13: 0 | J13: 0 | K13: 0 | L13: 0 | M13: 99868100 | N13: 99868100
B14: возврат неиспользованных остатков субсидий, субвенций и иных межбюджетных трансфертов прошлых лет | C14: 906 | D14: 0 | E14: 0 | F14: 0 | G14: 0 | H14: 0 | I14: 0 | J14: 0 | K14: 0 | L14: 0 | M14: 79544.31 | N14: 79544.31
B15: выдача бюджетных кредитов другим бюджетам бюджетной системы Российской Федерации | C15: 907 | D15: 0 | E15: 0 | F15: 0 | G15: 300000000 | H15: 0 | I15: 0 | J15: 541702800 | K15: 0 | L15: 0 | M15: 0 | N15: 841702800
B16: уменьшение внутренних заимствований | C16: 908 | D16: 0 | E16: 0 | F16: 0 | G16: 0 | H16: 0 | I16: 0 | J16: 0 | K16: 0 | L16: 0 | M16: 0 | N16: 0
B17: обслуживание внутренних долговых обязательств (в части процентов, пеней и штрафных санкций по полученным бюджетным кредитам) | C17: 909 | D17: 0 | E17: 0 | F17: 0 | G17: 0 | H17: 0 | I17: 0 | J17: 0 | K17: 0 | L17: 0 | M17: 0 | N17: 0
B18: Бюджеты внутригородских муниципальных образований городов федерального значения | C18: 910 | D18: 0 | E18: 0 | F18: 0 | G18: 0 | H18: 0 | I18: 0 | J18: 0 | K18: 0 | L18: 0 | M18: 0 | N18: 0
B19: в том числе по видам выбытий:
B20: субсидии | C20: 911 | D20: 0 | E20: 0 | F20: 0 | G20: 0 | H20: 0 | I20: 0 | J20: 0 | K20: 0 | L20: 0 | M20: 0 | N20: 0
B21: субвенции | C21: 912 | D21: 0 | E21: 0 | F21: 0 | G21: 0 | H21: 0 | I21: 0 | J21: 0 | K21: 0 | L21: 0 | M21: 0 | N21: 0
B22: дотации | C22: 913 | D22: 0 | E22: 0 | F22: 0 | G22: 0 | H22: 0 | I22: 0 | J22: 0 | K22: 0 | L22: 0 | M22: 0 | N22: 0
B23: иные межбюджетные трансферты | C23: 914 | D23: 0 | E23: 0 | F23: 0 | G23: 0 | H23: 0 | I23: 0 | J23: 0 | K23: 0 | L23: 0 | M23: 0 | N23: 0
B24: трансферты бюджету территориального фонда | C24: 915 | D24: 0 | E24: 0 | F24: 0 | G24: 0 | H24: 0 | I24: 0 | J24: 0 | K24: 0 | L24: 0 | M24: 0 | N24: 0
B25: возврат неиспользованных остатков субсидий, субвенций и иных межбюджетных трансфертов прошлых лет | C25: 916 | D25: 0 | E25: 0 | F25: 0 | G25: 0 | H25: 0 | I25: 0 | J25: 0 | K25: 0 | L25: 0 | M25: 0 | N25: 0
B26: выдача бюджетных кредитов другим бюджетам бюджетной системы Российской Федерации | C26: 917 | D26: 0 | E26: 0 | F26: 0 | G26: 0 | H26: 0 | I26: 0 | J26: 0 | K26: 0 | L26: 0 | M26: 0 | N26: 0
B27: уменьшение внутренних заимствований | C27: 918 | D27: 0 | E27: 0 | F27: 0 | G27: 0 | H27: 0 | I27: 0 | J27: 0 | K27: 0 | L27: 0 | M27: 0 | N27: 0
B28: обслуживание внутренних долговых обязательств (в части процентов, пеней и штрафных санкций по полученным бюджетным кредитам) | C28: 919 | D28: 0 | E28: 0 | F28: 0 | G28: 0 | H28: 0 | I28: 0 | J28: 0 | K28: 0 | L28: 0 | M28: 0 | N28: 0
A32: Выбытия | B32: Наименование показателя | C32: Код строки | D32: Поступления | N32: ИТОГО
D33: бюджет субъекта Российской Федерации | E33: бюджеты внутригородских муниципальных образований городов федерального значения | F33: бюджеты муниципальных округов | G33: бюджеты городских округов | H33: бюджеты городских округов с внутригородским делением | I33: бюджеты внутригородских районов | J33: бюджеты муниципальных районов | K33: бюджеты городских поселений | L33: бюджеты сельских поселений | M33: бюджет территориального государственного внебюджетного фонда
B34: 1 | C34: 2 | D34: 3 | E34: 4 | F34: 5 | G34: 6 | H34: 7 | I34: 8 | J34: 9 | K34: 10 | L34: 11 | M34: 12 | N34: 13
B35: Бюджеты муниципальных округов | C35: 920 | D35: 0 | E35: 0 | F35: 0 | G35: 0 | H35: 0 | I35: 0 | J35: 0 | K35: 0 | L35: 0 | M35: 0 | N35: 0
B36: в том числе по видам выбытий:
B37: субсидии | C37: 921 | D37: 0 | E37: 0 | F37: 0 | G37: 0 | H37: 0 | I37: 0 | J37: 0 | K37: 0 | L37: 0 | M37: 0 | N37: 0
B38: субвенции | C38: 922 | D38: 0 | E38: 0 | F38: 0 | G38: 0 | H38: 0 | I38: 0 | J38: 0 | K38: 0 | L38: 0 | M38: 0 | N38: 0
B39: дотации | C39: 923 | D39: 0 | E39: 0 | F39: 0 | G39: 0 | H39: 0 | I39: 0 | J39: 0 | K39: 0 | L39: 0 | M39: 0 | N39: 0
B40: иные межбюджетные трансферты | C40: 924 | D40: 0 | E40: 0 | F40: 0 | G40: 0 | H40: 0 | I40: 0 | J40: 0 | K40: 0 | L40: 0 | M40: 0 | N40: 0
B41: трансферты бюджету территориального фонда | C41: 925 | D41: 0 | E41: 0 | F41: 0 | G41: 0 | H41: 0 | I41: 0 | J41: 0 | K41: 0 | L41: 0 | M41: 0 | N41: 0
B42: возврат неиспользованных остатков субсидий, субвенций и иных межбюджетных трансфертов прошлых лет | C42: 926 | D42: 0 | E42: 0 | F42: 0 | G42: 0 | H42: 0 | I42: 0 | J42: 0 | K42: 0 | L42: 0 | M42: 0 | N42: 0
B43: выдача бюджетных кредитов другим бюджетам бюджетной системы Российской Федерации | C43: 927 | D43: 0 | E43: 0 | F43: 0 | G43: 0 | H43: 0 | I43: 0 | J43: 0 | K43: 0 | L43: 0 | M43: 0 | N43: 0
B44: уменьшение внутренних заимствований | C44: 928 | D44: 0 | E44: 0 | F44: 0 | G44: 0 | H44: 0 | I44: 0 | J44: 0 | K44: 0 | L44: 0 | M44: 0 | N44: 0
B45: обслуживание внутренних долговых обязательств (в части процентов, пеней и штрафных санкций по полученным бюджетным кредитам) | C45: 929 | D45: 0 | E45: 0 | F45: 0 | G45: 0 | H45: 0 | I45: 0 | J45: 0 | K45: 0 | L45: 0 | M45: 0 | N45: 0
B46: Бюджеты городских округов | C46: 930 | D46: 20261842 | E46: 0 | F46: 0 | G46: 0 | H46: 0 | I46: 0 | J46: 0 | K46: 0 | L46: 0 | M46: 0 | N46: 20261842
B47: в том числе по видам выбытий:
B48: субсидии | C48: 931 | D48: 0 | E48: 0 | F48: 0 | G48: 0 | H48: 0 | I48: 0 | J48: 0 | K48: 0 | L48: 0 | M48: 0 | N48: 0
B49: субвенции | C49: 932 | D49: 0 | E49: 0 | F49: 0 | G49: 0 | H49: 0 | I49: 0 | J49: 0 | K49: 0 | L49: 0 | M49: 0 | N49: 0
B50: дотации | C50: 933 | D50: 0 | E50: 0 | F50: 0 | G50: 0 | H50: 0 | I50: 0 | J50: 0 | K50: 0 | L50: 0 | M50: 0 | N50: 0
B51: иные межбюджетные трансферты | C51: 934 | D51: 0 | E51: 0 | F51: 0 | G51: 0 | H51: 0 | I51: 0 | J51: 0 | K51: 0 | L51: 0 | M51: 0 | N51: 0
B52: трансферты бюджету территориального фонда | C52: 935 | D52: 0 | E52: 0 | F52: 0 | G52: 0 | H52: 0 | I52: 0 | J52: 0 | K52: 0 | L52: 0 | M52: 0 | N52: 0
B53: возврат неиспользованных остатков субсидий, субвенций и иных межбюджетных трансфертов прошлых лет | C53: 936 | D53: 20261842 | E53: 0 | F53: 0 | G53: 0 | H53: 0 | I53: 0 | J53: 0 | K53: 0 | L53: 0 | M53: 0 | N53: 20261842
B54: выдача бюджетных кредитов другим бюджетам бюджетной системы Российской Федерации | C54: 937 | D54: 0 | E54: 0 | F54: 0 | G54: 0 | H54: 0 | I54: 0 | J54: 0 | K54: 0 | L54: 0 | M54: 0 | N54: 0
B55: уменьшение внутренних заимствований | C55: 938 | D55: 0 | E55: 0 | F55: 0 | G55: 0 | H55: 0 | I55: 0 | J55: 0 | K55: 0 | L55: 0 | M55: 0 | N55: 0
B56: обслуживание внутренних долговых обязательств (в части процентов, пеней и штрафных санкций по полученным бюджетным кредитам) | C56: 939 | D56: 0 | E56: 0 | F56: 0 | G56: 0 | H56: 0 | I56: 0 | J56: 0 | K56: 0 | L56: 0 | M56: 0 | N56: 0
A60: Выбытия | B60: Наименование показателя | C60: Код строки | D60: Поступления | N60: ИТОГО
D61: бюджет субъекта Российской Федерации | E61: бюджеты внутригородских муниципальных образований городов федерального значения | F61: бюджеты муниципальных округов | G61: бюджеты городских округов | H61: бюджеты городских округов с внутригородским делением | I61: бюджеты внутригородских районов | J61: бюджеты муниципальных районов | K61: бюджеты городских поселений | L61: бюджеты сельских поселений | M61: бюджет территориального государственного внебюджетного фонда
B62: 1 | C62: 2 | D62: 3 | E62: 4 | F62: 5 | G62: 6 | H62: 7 | I62: 8 | J62: 9 | K62: 10 | L62: 11 | M62: 12 | N62: 13
B63: Бюджеты городских округов с внутригородским делением | C63: 940 | D63: 0 | E63: 0 | F63: 0 | G63: 0 | H63: 0 | I63: 0 | J63: 0 | K63: 0 | L63: 0 | M63: 0 | N63: 0
B64: в том числе по видам выбытий:
B65: субсидии | C65: 941 | D65: 0 | E65: 0 | F65: 0 | G65: 0 | H65: 0 | I65: 0 | J65: 0 | K65: 0 | L65: 0 | M65: 0 | N65: 0
B66: субвенции | C66: 942 | D66: 0 | E66: 0 | F66: 0 | G66: 0 | H66: 0 | I66: 0 | J66: 0 | K66: 0 | L66: 0 | M66: 0 | N66: 0
B67: дотации | C67: 943 | D67: 0 | E67: 0 | F67: 0 | G67: 0 | H67: 0 | I67: 0 | J67: 0 | K67: 0 | L67: 0 | M67: 0 | N67: 0
B68: иные межбюджетные трансферты | C68: 944 | D68: 0 | E68: 0 | F68: 0 | G68: 0 | H68: 0 | I68: 0 | J68: 0 | K68: 0 | L68: 0 | M68: 0 | N68: 0
B69: трансферты бюджету территориального фонда | C69: 945 | D69: 0 | E69: 0 | F69: 0 | G69: 0 | H69: 0 | I69: 0 | J69: 0 | K69: 0 | L69: 0 | M69: 0 | N69: 0
B70: возврат неиспользованных остатков субсидий, субвенций и иных межбюджетных трансфертов прошлых лет | C70: 946 | D70: 0 | E70: 0 | F70: 0 | G70: 0 | H70: 0 | I70: 0 | J70: 0 | K70: 0 | L70: 0 | M70: 0 | N70: 0
B71: выдача бюджетных кредитов другим бюджетам бюджетной системы Российской Федерации | C71: 947 | D71: 0 | E71: 0 | F71: 0 | G71: 0 | H71: 0 | I71: 0 | J71: 0 | K71: 0 | L71: 0 | M71: 0 | N71: 0
B72: уменьшение внутренних заимствований | C72: 948 | D72: 0 | E72: 0 | F72: 0 | G72: 0 | H72: 0 | I72: 0 | J72: 0 | K72: 0 | L72: 0 | M72: 0 | N72: 0
B73: обслуживание внутренних долговых обязательств (в части процентов, пеней и штрафных санкций по полученным бюджетным кредитам) | C73: 949 | D73: 0 | E73: 0 | F73: 0 | G73: 0 | H73: 0 | I73: 0 | J73: 0 | K73: 0 | L73: 0 | M73: 0 | N73: 0
B74: Бюджеты внутригородских районов | C74: 950 | D74: 0 | E74: 0 | F74: 0 | G74: 0 | H74: 0 | I74: 0 | J74: 0 | K74: 0 | L74: 0 | M74: 0 | N74: 0
B75: в том числе по видам выбытий:
B76: субсидии | C76: 951 | D76: 0 | E76: 0 | F76: 0 | G76: 0 | H76: 0 | I76: 0 | J76: 0 | K76: 0 | L76: 0 | M76: 0 | N76: 0
B77: субвенции | C77: 952 | D77: 0 | E77: 0 | F77: 0 | G77: 0 | H77: 0 | I77: 0 | J77: 0 | K77: 0 | L77: 0 | M77: 0 | N77: 0
B78: дотации | C78: 953 | D78: 0 | E78: 0 | F78: 0 | G78: 0 | H78: 0 | I78: 0 | J78: 0 | K78: 0 | L78: 0 | M78: 0 | N78: 0
B79: иные межбюджетные трансферты | C79: 954 | D79: 0 | E79: 0 | F79: 0 | G79: 0 | H79: 0 | I79: 0 | J79: 0 | K79: 0 | L79: 0 | M79: 0 | N79: 0
B80: трансферты бюджету территориального фонда | C80: 955 | D80: 0 | E80: 0 | F80: 0 | G80: 0 | H80: 0 | I80: 0 | J80: 0 | K80: 0 | L80: 0 | M80: 0 | N80: 0
B81: возврат неиспользованных остатков субсидий, субвенций и иных межбюджетных трансфертов прошлых лет | C81: 956 | D81: 0 | E81: 0 | F81: 0 | G81: 0 | H81: 0 | I81: 0 | J81: 0 | K81: 0 | L81: 0 | M81: 0 | N81: 0
B82: выдача бюджетных кредитов другим бюджетам бюджетной системы Российской Федерации | C82: 957 | D82: 0 | E82: 0 | F82: 0 | G82: 0 | H82: 0 | I82: 0 | J82: 0 | K82: 0 | L82: 0 | M82: 0 | N82: 0
B83: уменьшение внутренних заимствований | C83: 958 | D83: 0 | E83: 0 | F83: 0 | G83: 0 | H83: 0 | I83: 0 | J83: 0 | K83: 0 | L83: 0 | M83: 0 | N83: 0
B84: обслуживание внутренних долговых обязательств (в части процентов, пеней и штрафных санкций по полученным бюджетным кредитам) | C84: 959 | D84: 0 | E84: 0 | F84: 0 | G84: 0 | H84: 0 | I84: 0 | J84: 0 | K84: 0 | L84: 0 | M84: 0 | N84: 0
A88: Выбытия | B88: Наименование показателя | C88: Код строки | D88: Поступления | N88: ИТОГО
D89: бюджет субъекта Российской Федерации | E89: бюджеты внутригородских муниципальных образований городов федерального значения | F89: бюджеты муниципальных округов | G89: бюджеты городских округов | H89: бюджеты городских округов с внутригородским делением | I89: бюджеты внутригородских районов | J89: бюджеты муниципальных районов | K89: бюджеты городских поселений | L89: бюджеты сельских поселений | M89: бюджет территориального государственного внебюджетного фонда
B90: 1 | C90: 2 | D90: 3 | E90: 4 | F90: 5 | G90: 6 | H90: 7 | I90: 8 | J90: 9 | K90: 10 | L90: 11 | M90: 12
B91: Бюджеты муниципальных районов | C91: 960 | D91: 3.6656066e+08 | E91: 0 | F91: 0 | G91: 0 | H91: 0 | I91: 0 | J91: 0 | K91: 2.5860842e+08 | L91: 84649643 | M91: 0 | N91: 7.0981873e+08
B92: в том числе по видам выбытий:
B93: субсидии | C93: 961 | D93: 0 | E93: 0 | F93: 0 | G93: 0 | H93: 0 | I93: 0 | J93: 0 | K93: 0 | L93: 0 | M93: 0 | N93: 0
B94: субвенции | C94: 962 | D94: 0 | E94: 0 | F94: 0 | G94: 0 | H94: 0 | I94: 0 | J94: 0 | K94: 0 | L94: 0 | M94: 0 | N94: 0
B95: дотации | C95: 963 | D95: 0 | E95: 0 | F95: 0 | G95: 0 | H95: 0 | I95: 0 | J95: 0 | K95: 36105132 | L95: 39504333 | M95: 0 | N95: 75609465
B96: иные межбюджетные трансферты | C96: 964 | D96: 0 | E96: 0 | F96: 0 | G96: 0 | H96: 0 | I96: 0 | J96: 0 | K96: 1.9425979e+08 | L96: 44133510 | M96: 0 | N96: 2.383933e+08
B97: трансферты бюджету территориального фонда | C97: 965 | D97: 0 | E97: 0 | F97: 0 | G97: 0 | H97: 0 | I97: 0 | J97: 0 | K97: 0 | L97: 0 | M97: 0 | N97: 0
B98: возврат неиспользованных остатков субсидий, субвенций и иных межбюджетных трансфертов прошлых лет | C98: 966 | D98: 24360465 | E98: 0 | F98: 0 | G98: 0 | H98: 0 | I98: 0 | J98: 0 | K98: 243503.12 | L98: 11800 | M98: 0 | N98: 24615768
B99: выдача бюджетных кредитов другим бюджетам бюджетной системы Российской Федерации | C99: 967 | D99: 0 | E99: 0 | F99: 0 | G99: 0 | H99: 0 | I99: 0 | J99: 0 | K99: 28000000 | L99: 1000000 | M99: 0 | N99: 29000000
B100: уменьшение внутренних заимствований | C100: 968 | D100: 342051000 | E100: 0 | F100: 0 | G100: 0 | H100: 0 | I100: 0 | J100: 0 | K100: 0 | L100: 0 | M100: 0 | N100: 342051000
B101: обслуживание внутренних долговых обязательств (в части процентов, пеней и штрафных санкций по полученным бюджетным кредитам) | C101: 969 | D101: 149198.36 | E101: 0 | F101: 0 | G101: 0 | H101: 0 | I101: 0 | J101: 0 | K101: 0 | L101: 0 | M101: 0 | N101: 149198.36
B102: Бюджеты городских поселений | C102: 970 | D102: 923259.78 | E102: 0 | F102: 0 | G102: 0 | H102: 0 | I102: 0 | J102: 1.0614909e+08 | K102: 0 | L102: 839160 | M102: 0 | N102: 1.0791151e+08
B103: в том числе по видам выбытий:
B104: субсидии | C104: 971 | D104: 0 | E104: 0 | F104: 0 | G104: 0 | H104: 0 | I104: 0 | J104: 17339045 | K104: 0 | L104: 839160 | M104: 0 | N104: 18178205
B105: субвенции | C105: 972 | D105: 0 | E105: 0 | F105: 0 | G105: 0 | H105: 0 | I105: 0 | J105: 0 | K105: 0 | L105: 0 | M105: 0 | N105: 0
B106: дотации | C106: 973 | D106: 0 | E106: 0 | F106: 0 | G106: 0 | H106: 0 | I106: 0 | J106: 0 | K106: 0 | L106: 0 | M106: 0 | N106: 0
B107: иные межбюджетные трансферты | C107: 974 | D107: 0 | E107: 0 | F107: 0 | G107: 0 | H107: 0 | I107: 0 | J107: 84046357 | K107: 0 | L107: 0 | M107: 0 | N107: 84046357
B108: трансферты бюджету территориального фонда | C108: 975 | D108: 0 | E108: 0 | F108: 0 | G108: 0 | H108: 0 | I108: 0 | J108: 0 | K108: 0 | L108: 0 | M108: 0 | N108: 0
B109: возврат неиспользованных остатков субсидий, субвенций и иных межбюджетных трансфертов прошлых лет | C109: 976 | D109: 923259.78 | E109: 0 | F109: 0 | G109: 0 | H109: 0 | I109: 0 | J109: 4213684.2 | K109: 0 | L109: 0 | M109: 0 | N109: 5136944
B110: выдача бюджетных кредитов другим бюджетам бюджетной системы Российской Федерации | C110: 977 | D110: 0 | E110: 0 | F110: 0 | G110: 0 | H110: 0 | I110: 0 | J110: 0 | K110: 0 | L110: 0 | M110: 0 | N110: 0
...

Sheet в руб.
A1: Справка об исполнении областного бюджета Саратовской области на 1 июля 2022 года
E6: (рублей)
A7: Наименование показателя | B7: Код по бюджетной классификации | C7: Бюджетные назначения на 2022 год | D7: Кассовое исполнение за январь-июнь 2022 года | E7: % исполнения
A9: 1 | B9: 3 | C9: 4 | D9: 5 | E9: 6
A10: ДОХОДЫ
A11: Доходы бюджета - всего | B11: х | C11: 1.4213133e+11 | D11: 7.1846633e+10 | E11: =D11/C11*100 -> 50.54947
A12: в том числе:
A13: НАЛОГОВЫЕ И НЕНАЛОГОВЫЕ ДОХОДЫ | B13: 000 1000000000 0000 000 | C13: 8.0796503e+10 | D13: 4.8767181e+10 | E13: =D13/C13*100 -> 60.358035
A14: НАЛОГИ НА ПРИБЫЛЬ, ДОХОДЫ | B14: 000 1010000000 0000 000 | C14: 5.2346967e+10 | D14: 3.2668373e+10 | E14: =D14/C14*100 -> 62.407384
A15: Налог на прибыль организаций | B15: 000 1010100000 0000 110 | C15: 23477597100 | D15: 1.9492014e+10 | E15: =D15/C15*100 -> 83.023888
A16: Налог на прибыль организаций, зачисляемый в бюджеты бюджетной системы Российской Федерации по соответствующим ставкам | B16: 000 1010101000 0000 110 | C16: 23477597100 | D16: 1.9492014e+10 | E16: =D16/C16*100 -> 83.023888
A17: Налог на прибыль организаций (за исключением консолидированных групп налогоплательщиков), зачисляемый в бюджеты субъектов Российской Федерации | B17: 000 1010101202 0000 110 | C17: 19139110800 | D17: 1.1078855e+10 | E17: =D17/C17*100 -> 57.885944
A18: Налог на прибыль организаций консолидированных групп налогоплательщиков, зачисляемый в бюджеты субъектов Российской Федерации | B18: 000 1010101402 0000 110 | C18: 4338486300 | D18: 8.4131589e+09 | E18: =D18/C18*100 -> 193.91922
A19: Налог на доходы физических лиц | B19: 000 1010200001 0000 110 | C19: 2.886937e+10 | D19: 1.3176359e+10 | E19: =D19/C19*100 -> 45.641311
A20: Налог на доходы физических лиц с доходов, источником которых является налоговый агент, за исключением доходов, в отношении которых исчисление и уплата налога осуществляются в соответствии со статьями 227, 227.1 и 228 Налогового кодекса Российской Федерации | B20: 000 1010201001 0000 110 | C20: 2.8443803e+10 | D20: 1.2180621e+10 | E20: =D20/C20*100 -> 42.823463
A21: Налог на доходы физических лиц с доходов, полученных от осуществления деятельности физическими лицами, зарегистрированными в качестве индивидуальных предпринимателей, нотариусов, занимающихся частной практикой, адвокатов, учредивших адвокатские кабинеты, и других лиц, занимающихся частной практикой в соответствии со статьей 227 Налогового кодекса Российской Федерации | B21: 000 1010202001 0000 110 | C21: 420188800 | D21: 77893776 | E21: =D21/C21*100 -> 18.537804
A22: Налог на доходы физических лиц с доходов, полученных физическими лицами в соответствии со статьей 228 Налогового кодекса Российской Федерации | B22: 000 1010203001 0000 110 | C22: 5378600 | D22: 2.0408072e+08 | E22: =D22/C22*100 -> 3794.3093
A23: Налог на доходы физических лиц в виде фиксированных авансовых платежей с доходов, полученных физическими лицами, являющимися иностранными гражданами, осуществляющими трудовую деятельность по найму на основании патента в соответствии со статьей 227.1 Налогового кодекса Российской Федерации | B23: 000 1010204001 0000 110 | D23: 1.0920153e+08
A24: Налог на доходы физических лиц в части суммы налога, превышающей 650 000 рублей, относящейся к части налоговой базы, превышающей 5 000 000 рублей (за исключением налога на доходы физических лиц с сумм прибыли контролируемой иностранной компании, в том числе фиксированной прибыли контролируемой иностранной компании) | B24: 000 1010208001 0000 110 | D24: 6.0455746e+08
A25: Налог на доходы физических лиц с сумм прибыли контролируемой иностранной компании, полученной физическими лицами, признаваемыми контролирующими лицами этой компании, за исключением уплачиваемого в связи с переходом на особый порядок уплаты на основании подачи в налоговый орган соответствующего уведомления (в части суммы налога, превышающей 650 000 рублей) | B25: 000 1010210001 0000 110 | D25: 4131.95
A26: НАЛОГИ НА ТОВАРЫ (РАБОТЫ, УСЛУГИ), РЕАЛИЗУЕМЫЕ НА ТЕРРИТОРИИ РОССИЙСКОЙ ФЕДЕРАЦИИ | B26: 000 1030000000 0000 000 | C26: 11621013000 | D26: 6.208928e+09 | E26: =D26/C26*100 -> 53.428458
A27: Акцизы по подакцизным товарам (продукции), производимым на территории Российской Федерации | B27: 000 1030200001 0000 110 | C27: 11621013000 | D27: 6.208928e+09 | E27: =D27/C27*100 -> 53.428458
A28: Акцизы на пиво, напитки, изготавливаемые на основе пива, производимые на территории Российской Федерации | B28: 000 1030210001 0000 110 | C28: 623520000 | D28: 2.0816212e+08 | E28: =D28/C28*100 -> 33.384994
A29: Акцизы на сидр, пуаре, медовуху, производимые на территории Российской Федерации | B29: 000 1030212001 0000 110 | D29: 268918.93
A30: Доходы от уплаты акцизов на алкогольную продукцию с объемной долей этилового спирта свыше 9 процентов (за исключением пива, вин (кроме крепленого (ликерного) вина), вин наливом, плодовой алкогольной продукции, игристых вин, включая российское шампанское, а также за исключением виноградосодержащих напитков, плодовых алкогольных напитков, изготавливаемых без добавления ректификованного этилового спирта, произведенного из пищевого сырья, и (или) без добавления спиртованных виноградного или иного плодового сусла, и (или) без добавления дистиллятов, и (или) без добавления крепленого (ликерного) вина), подлежащие распределению в бюджеты субъектов Российской Федерации | B30: 000 1030214001 0000 110 | C30: 1687568300 | D30: 8.4145706e+08 | E30: =D30/C30*100 -> 49.862104
A31: Доходы от уплаты акцизов на алкогольную продукцию с объемной долей этилового спирта свыше 9 процентов (за исключением пива, вин (кроме крепленого (ликерного) вина), вин наливом, плодовой алкогольной продукции, игристых вин, включая российское шампанское, а также за исключением виноградосодержащих напитков, плодовых алкогольных напитков, изготавливаемых без добавления ректификованного этилового спирта, произведенного из пищевого сырья, и (или) без добавления спиртованных виноградного или иного плодового сусла, и (или) без добавления дистиллятов, и (или) без добавления крепленого (ликерного) вина), подлежащие распределению в бюджеты субъектов Российской Федерации (в порядке, установленном Министерством финансов Российской Федерации) | B31: 000 1030214201 0000 110 | C31: 957540800 | D31: 4.8905552e+08 | E31: =D31/C31*100 -> 51.074119
